Workbook
Name bedrooms: Application!$CB$159:$CH$159
Name bedrooms: Application!$CB$159:$CH$159
Name HudFmrs: Application!$BX$656:$CB$713
Name HudFmrs: Application!$CJ$160:$CN$217
Name ListofSources: Application!$BN$511:$BN$536
Name ListofSources: Application!$BN$520:$BN$545
Name TC_Rent: Application!$CB$159:$CH$217
Name TC_Rent: Application!$CB$159:$CH$217
Name TcacRents: Application!$BQ$656:$BV$713
Name TcacRents: Application!$CC$160:$CH$217
Name UnitSizes: Application!$BA$595:$BA$600
Name UnitSizes: Application!$AZ$717:$AZ$722
Name Z_48A1B9AA_9520_4513_968D_1FB22989E0AF_.wvu.Cols: 'Basis & Credits'!$AO:$IV
Name Z_48A1B9AA_9520_4513_968D_1FB22989E0AF_.wvu.Cols: 'Points System'!$AN:$CC
Name Z_48A1B9AA_9520_4513_968D_1FB22989E0AF_.wvu.Cols: 'Sources and Basis Breakdown'!$K:$IV
Name Z_48A1B9AA_9520_4513_968D_1FB22989E0AF_.wvu.PrintArea: 'Basis & Credits'!$A$1:$AN$83
Name Z_48A1B9AA_9520_4513_968D_1FB22989E0AF_.wvu.PrintArea: 'Points System'!$A$1:$AM$895
Name Z_48A1B9AA_9520_4513_968D_1FB22989E0AF_.wvu.PrintArea: 'Sources and Basis Breakdown'!$A$1:$J$143
Name Z_48A1B9AA_9520_4513_968D_1FB22989E0AF_.wvu.PrintTitles: 'Sources and Basis Breakdown'!$1:$2
Name Z_ACB87C9A_02C3_4C83_BBE4_E2C44A4D81CD_.wvu.Cols: Application!$AZ:$JI
Name Z_ACB87C9A_02C3_4C83_BBE4_E2C44A4D81CD_.wvu.Cols: 'Application Checklist'!$H:$IR
Name Z_ACB87C9A_02C3_4C83_BBE4_E2C44A4D81CD_.wvu.Cols: 'Instructions-App Completion '!$AM:$IV
Name Z_ACB87C9A_02C3_4C83_BBE4_E2C44A4D81CD_.wvu.Cols: 'Instructions-Electronic Submit'!$K:$IV
Name Z_ACB87C9A_02C3_4C83_BBE4_E2C44A4D81CD_.wvu.Cols: 'Sources and Uses Budget'!$V:$IV
Name Z_ACB87C9A_02C3_4C83_BBE4_E2C44A4D81CD_.wvu.PrintArea: '15 Year Pro Forma'!$A$1:$AH$77
Name Z_ACB87C9A_02C3_4C83_BBE4_E2C44A4D81CD_.wvu.PrintArea: Application!$A$1:$AL$1135
Name Z_ACB87C9A_02C3_4C83_BBE4_E2C44A4D81CD_.wvu.PrintArea: 'Application Checklist'!$A$1:$G$855
Name Z_ACB87C9A_02C3_4C83_BBE4_E2C44A4D81CD_.wvu.PrintArea: 'Instructions-App Completion '!$A$1:$AL$392
Name Z_ACB87C9A_02C3_4C83_BBE4_E2C44A4D81CD_.wvu.PrintArea: 'Post-award Project Cost Changes'!$A$1:$F$107
Name Z_ACB87C9A_02C3_4C83_BBE4_E2C44A4D81CD_.wvu.PrintArea: 'Sources and Uses Budget'!$A$1:$T$140
Name Z_ACB87C9A_02C3_4C83_BBE4_E2C44A4D81CD_.wvu.PrintTitles: 'Sources and Uses Budget'!$1:$2
Name Z_ACB87C9A_02C3_4C83_BBE4_E2C44A4D81CD_.wvu.Rows: 'Post-award Project Cost Changes'!$109:$19913

Sheet Instructions-App Completion 
A1: I. INSTRUCTIONS - SECTION 1: INSTRUCTIONS
B4: I | C4: Instructions
C6: A | D6: Overview
D7: The Electronic California Tax Credit Allocation Committee (CTCAC) Application was designed to enhance consistency of information, increase efficiency in the application process, and reduce the amount of paperwork required for a CTCAC tax credit application.
D11: Joint CDLAC-CTCAC Applications: All joint CDLAC-CTCAC applicants are required to submit the application, current year CTCAC attachment forms, and all supporting documentation in electronic format through the CDLAC online application.
D15: The application fee is $1,500, except for scattered site and resyndication applications, in which case the application fee is $1,700. Payment can be made in the form of a check payable to CTCAC mailed to: 915 Capitol Mall, Suite 280, Sacramento, CA 95814
D18: or paid online at: | J18: https://www.treasurer.ca.gov/ctcac/payment.asp
D20: Only the signed applicant statement may be submitted in hardcopy format; for all other application materials, no paper documentation will be accepted. CTCAC will accept a signed applicant statement (pages 1-3 of the Application sheet) in either hardcopy format or PDF. All other application materials must be submitted in electronic format. Instructions for a complete electronic submission are found under Instructions-Electronic Submit. We encourage you to provide suggestions based on your experiences in preparing the application. In that way, CTCAC can build upon and improve the process of completing a tax credit application.
D30: Refer to the CTCAC website for more complete filing instructions:
E31: https://www.treasurer.ca.gov/ctcac/2026/4-instructions.asp
D33: Please contact Sarah.Gullikson@treasurer.ca.gov if you find any errors in the electronic application. For general application questions, please contact the regional analyst.
E35: http://www.treasurer.ca.gov/ctcac/assignments.asp
E36: http://www.treasurer.ca.gov/ctcac/contacts.asp
C38: B | D38: Application General Information
D39: 1) | E39: Instructions for preparing the electronic version
E40: a) | F40: Many of the required calculations in the application are automatically performed by the spreadsheet program.
F42: (i) | G42: Use this spreadsheet with Microsoft Excel 97 or above.
E43: b) | F43: Joint Applications: Applicants must submit the joint application including this Excel file using the CDLAC online application portal. Non-Joint Applications: Applicants must submit the application on a flash drive.
F46: (i) | G46: CTCAC cannot accept applications submitted via e-mail.
F47: (ii) | G47: It is recommended that a back-up copy of the application be created for future use.
E48: c) | F48: DO NOT UNPROTECT OR UNLOCK CELLS in the spreadsheet. CTCAC will verify formulas and data and will scan for viruses upon receipt. Any tampering may result in disqualification of the application.
D52: 2) | E52: Submission Requirements
E53: a) | F53: Applicants must submit:
F54: (i) | G54: ONE COMPLETE APPLICATION, SUBMITTED ONLINE THROUGH THE CDLAC WEBSITE
G55: FOR JOINT APPLICATIONS
G56: or
F57: (ii) | G57: An ELECTRONIC VERSION OF THE APPLICATION IN THE FORM OF A USB FLASH DRIVE TO CTCAC FOR NON-JOINT APPLICATIONS.
G59: THE APPLICATION MUST BE SIGNED.
D61: 3) | E61: General Instructions
E62: The electronic version is partitioned into the following categories:
E63: a) | F63: Instructions
F64: (i) | G64: This section provides overall guidance for the preparation of the electronic version. Each Attachment to the application contains detailed, specific instructions for that particular attachment.
F67: (ii) | G67: The electronic version is prepared using an Excel format. The application is divided into separate worksheets. To access a desired section of the application, simply click on the worksheet tab.
E69: b) | F69: Application
F70: (i) | G70: The application was designed to eliminate as many of the calculations as possible using the information provided by the applicant.
F72: (ii) | G72: All highlighted areas must be completed by the applicant. You may scroll through the highlighted cells by clicking the Tab button on your keyboard.
G74: Certain areas, when selected, will only allow the applicant to respond to the
G75: choices provided in the "pull-down" menu for that item.
F76: (iii) | G76: All applicable cells must be completed by the applicant.
G77: a. | H77: For those numbered amounts that are not applicable, insert a "0" (zero).
G78: b. | H78: For any question response areas, if not applicable, select "N/A".
E79: c) | F79: Sources and Uses Budget
G80: The applicant must complete the yellow cells. Permanent Lenders are automatically pulled from a previous section for up to 12 lenders. Be sure each funding source total at the bottom of the sheet corresponds to the loan totals under Permanent Lenders.
E83: d) | F83: Basis and Credits
G84: The applicant must only complete any Ineligible Basis items and the applicable tax credit factors that apply to the project as evidenced by the syndication letter (please refer to the checklist for Attachment 16).
E87: e) | F87: 15 Year Pro Forma
G88: This sheet is linked to the income and expense section of the Application sheet. Complete all applicable items, making any necessary changes. The worksheet may be adjusted to meet project specifications, but the overall formatting and formulas should not be changed.
E91: f) | F91: Checklist Items
G92: Following the checklist items in sequence with the completion of the electronic application is encouraged to help prevent omitting any required documentation.
E94: g) | F94: Post Award Project Cost Changes
G95: In this section, the applicant provides updated Sources and Uses Budget information over the course or the project development. Separate instructions exist for this section at the end of this Excel file.
E98: The remaining instructions pertain to each particular section of the application. Although many of the items may appear obvious, follow instructions provided in this section.
B101: II | C101: Application
C103: Section 1 | G103: Applicant Statement and Certification
D104: A | E104: Applicant Statement and Certification
E105: 1) | F105: Applicant Name
F106: Fill in the name of the general partner or the entity which is applying for; and receiving
F107: the requested tax credits.
E109: 2) | F109: Project Name
F110: Fill in the proposed name of the project.
E112: 3) | F112: Federal Credit Amount requested
F113: The annual federal credit amount will auto-populate after credits have been calculated in
F114: the Basis and Credits sheet.
E116: 4) | F116: Applicant Statement
F117: After carefully reading the applicant statement and certification, the applicant must provide
F118: a signed applicant certification.
E120: 5) | F120: Local Jurisdiction
F121: Provide the name and contact information of the local jurisdiction's City Manager or equivalent.
C123: Section 2 | G123: General and Summary Information
D124: A | E124: Application Type
E125: Provide the requested information.
D127: B | E127: Project Information
E128: Provide the requested information.
D130: C | E130: Credit Amounts Requested
E131: Select "Yes" or "No" to indicate whether requesting State Farmworker Tax Credits
E132: The annual federal credit amount and the total state credit amount will all be auto-populated
E133: after credits have been calculated in the Basis and Credits sheet.
D135: D | E135: Federal Minimum Set-Aside Election (IRC Section 42 (g)(1))
E136: Toggle the desired option: 40%/60% or 20%/50% or 40%/60% Average Income
D138: E | E138: Housing Type Selection (CTCAC Reg. Sections 10315(g) & 10325(g))
E139: 1) | F139: Toggle the selected housing type.
E140: 2) | F140: The applicant must select at least one housing type.
D142: F | E142: Geographic Area (CTCAC Reg. Section 10315(h))
E143: Select the appropriate CTCAC geographic area.
C145: Section 3 | G145: Applicant Information
D146: A | E146: Identify the applicant
E147: Answer the four questions using the toggle to select the correct response.
D149: B | E149: Applicant Contact Information
E150: Provide the current information for the applicant.
D152: C | E152: Legal status of the applicant
E153: Select the appropriate legal type for the applicant.
E154: If the legal status is "Other," provide a detailed statement as to the organization type.
D156: D | E156: General Partner(s) Information
E157: 1) | F157: List the name of the General Partner(s) or Principal Owner(s).
E158: 2) | F158: Enter the address and contact information of the General Partner(s) or Principal Owner(s).
E159: 3) | F159: Identify if each is either nonprofit or for profit entities.
D161: E | E161: General Partner(s) or Principal Owner(s) Type?
E162: This auto-populates from the previous section (D).
D164: F | E164: Status of Ownership Entity
E165: Toggle and select the appropriate ownership entity type.
...

Sheet Instructions-Electronic Submit
A1: NOT APPLICABLE TO JOINT APPLICATIONS WHEN THE ONLINE APPLICATION IS REQUIRED
A2: Attachments – Electronic Submission Guide
A4: Applicants submit all application materials electronically on a USB flash drive unless the CDLAC online application is active. CDLAC and CTCAC will not accept submissions of application documents by email or over the internet.
A8: Attachments may be completed and signed using electronic format utilizing electronic signatures.
A10: When compiling the flash drive, it is requested that applicants order folders according to the Application Checklist. The Electronic Application MUST be an Excel file, be labeled with the project name, and specify “E-Application.” For the attachments, if the same document appears under more than one tab, please include the document in the first of the tabs. Please also include a one-page pdf document in the later tabs in place of the document itself, cross-referencing the tab under which the actual document is located. If a TAB is not applicable to the project, either remove the folder entirely or mark “- NA” in the folder name:
A17: Please do not create multiple "N/A" PDF sheets or folders within folders unnecessarily for non-applicable items.
A19: Please refer to the following visual as a guide:
A76: Under each folder, name each file according to the tab and the name of the document as described on the Application Checklist. All copies of documents must be legible with reasonably-sized font and, when applicable, clear signatures and dates. PDF’s should be searchable whenever possible.
A80: Please refer to the following visual as a guide:
A89: If you have questions, please contact your regional analyst via email:
A90: http://www.treasurer.ca.gov/CTCAC/assignments.asp
A91: http://www.treasurer.ca.gov/CTCAC/contacts.asp
A92: http://www.treasurer.ca.gov/cdlac/contacts.asp

Sheet Application Checklist
A2: 2026 CDLAC-CTCAC JOINT APPLICATION CHECKLIST
A3: TAX-EXEMPT BOND FINANCED PROJECTS WITH LOW-INCOME HOUSING TAX CREDITS
A6: Please do not rely solely on this checklist when completing your application. Please verify that all requirements in the regulations have been met.
A9: TAB 1 Site Control and Land Cost
D11: Demonstrate Site Control (Part II - Application - Section 5 - C) and Land Cost (Sources and Uses Budget)
D13: Reg. §§ 10325(f)(2), 10322(h)(9), 10327(c)(6)
B15: (select one) | D15: Include a summary explanation of the site control and value(s); especially for applications with multiple or non-contiguous parcels, scattered sites, lot line adjustments, phased projects, or other complex land transactions. Provide:
E18: Attachments - Exhibit A: Site Control tabs
B20: (select one) | D20: A current title report (within 90 days of application) including a legal description. Include reports for all parcels listed on:
E22: Attachments - Exhibit A: Parcels tab
B24: (select one) | D24: For tribal trust land, a title status report (TSR) or an attorney's opinion regarding chain of title and current title status.
B27: (select one) | D27: All applications must include evidence of the cost or value of land and improvements. Provide sales agreement, purchase contract, or escrow closing statement as applicable and required by CTCAC Regulations. See Reg. §§10327(c)(6) and10325(f)(2). Provide an appraisal if required by CTCAC Regulation. See Reg. §§ 10325(c)(1)(C), 10325(c)(10), 10327(c)(6), and 10322(h)(9).
B33: (select one) | D33: If the site or improvement acquisition involves a related party, the applicant shall disclose the relationship in the CTCAC application.
B36: (select one) | D36: Appraisals are required for: ● all rehabilitation applications except as noted in Regulation § 10322(h)(9)(A), and ● all new construction applications involving a land sale from a related party. Note: Appraisals shall not include the value of favorable financing.
B41: (select one) | D41: Note: For purposes of the above paragraph only, a purchase contract or sale with a related party shall be deemed to be a purchase contract or sale with an unrelated party if the applicant demonstrates that the related party is acting solely as a pass-through entity and the tax credit partnership is only paying the acquisition price from the last arms-length transaction, plus any applicable and reasonable carrying costs.
B47: (select one) | D47: New construction appraisals. If an appraisal is required, provide an “as-is” appraisal with a date of value that is within 120 days before or after the execution of a purchase contract or the transfer of ownership by all the parties, or within 1 year of the application date if the latest purchase contract was executed within that year, by an independent third party appraiser.
B52: (select one) | D52: Rehabilitation appraisals. Except as noted in Reg. § 10322(h)(9)(A), an “as-is” appraisal prepared within 120 days before or after the execution of a purchase contract or the transfer of ownership by all the parties, by an independent third party appraiser.
B56: (select one) | D56: Applicants must provide evidence that the property is within control of the application. May be evidenced by one of the options listed in Reg. § 10325(f)(2).
D58: Provide details on:
E59: Attachments - Exhibit A: Site Control tabs
B61: (select one) | D61: Projects with a lease. Provide an executed lease agreement or lease option for the length of time the project will be regulated under this program connecting the applicant and the owner of the subject property.
B65: (select one) | D65: Projects with a disposition and development agreement (DDA). Provide an executed DDA connecting the applicant and the public agency.
B68: (select one) | D68: Projects with a purchase agreement or option. Provide a valid, current, enforceable contingent purchase and sale agreement or option agreement connecting the applicant and the owner of the subject property.
B72: (select one) | D72: Evidence that all extensions and other conditions necessary to keep the agreement current through the application filing deadline have been executed
A75: TAB 2 Financial Feasibility
D77: Financial Feasibility (Part III - Application - Sections 1-4; Part IV)
D78: Reg. §§ 10325(f)(5), 10326(g)(4), 10327(c), and 10322(h)(16)
B80: (select one) | D80: Financing plan Include sufficient detail outlining construction and permanent financing structures, bridge loan sources, and other fund sources, including rent subsidies, operating subsidies, and reserves. ● Projects with existing debt must document the remaining principal balances of existing loans, and indicate whether the debt will be repaid or transferred to the new partnership. Accrued interest must also be documented, and may be estimated as of the application date or as of the expected date of the permanent financing close. Reg. §10322(h)(16)
B89: (select one) | D89: Provide a brief description of the bond sale structure, followed by commitment(s) on letterhead for credit enhancement or private placement bond purchase.
B92: (select one) | D92: Submit proof of all firm commitment(s) from credit enhancement provider(s) and private placement bond purchaser(s). For FHA financed projects not seeking a CDLAC Forward Commitment, a HUD Acknowledgement Letter must be included.
B96: (select one) | D96: Provide information on the disposition of current outstanding liens: lender/loan, amount, disposition, corresponding exception number from title.
E98: Attachments - Exhibit A: Site Control tabs, Current Outstanding Liens section
B100: (select one) | D100: A waiver request of the Bond Sale Structure restrictions associated with a prior Bond Default or bankruptcy.
B103: (select one) | D103: If the purchase price exceeds appraised value (overage): ● Provide an explanation of the higher purchase price. If not an arm's length transaction, must demonstrate that the seller is not benefiting from the higher purchase price. ● Application/Section 5C Purchase Information: input the overage amount of purchase price in excess of the appraised value. If any SOFT permanent financing is paying for the overage, input the amount. The SOFT permanent financing amount paying for the overage will be reduced from the Permanent Financing within the shortfall calculation section of the Basis and Credit tab. Sources and Uses Budget: bifurcate the purchase price and separately list the overage amount in Row 15 Excess Purchase Price Over Appraisal. Note that the overage amount may not be carried in basis. ● Basis and Credits: the Total Project Cost will be automatically reduced by the overage amount. For all other purposes, the project cost will include the overage amount. Reg. §10327(c)(6)
B119: (select one) | D119: The Executive Director may approve a waiver to underwrite the project with a purchase price in excess of the appraised value where: (i) a local governmental entity is purchasing, or providing funds for the purchase of land for more than its appraised value in a designated revitalization area when the local governmental entity has determined that the higher cost is justified, or (ii) the purchase price does not exceed the sum of third party debt encumbering the property that will be assumed or paid off. Reg. §10327(c)(6)
B128: (select one) | D128: CTCAC developer fee limitations and deferral / equity contribution requirements: confirm project complies with the CTCAC limits per Reg. Section 10327(c)(2)(B).
B131: (select one) | D131: Developer fee limitations Provide a description of the limitations on developer fee required by any other funding source. Include any necessary explanation for how the Sources and Uses Budget's Total Developer Costs meet these requirements. Attach an excerpt of any funding source's written requirements (regulations, contracts, commitments, etc.) for developer fees.
B137: (select one) | D137: Utility Allowance Estimates accompanied by: (i) a letter from the public housing authority, or (ii) an energy consumption model estimate calculated using the most recent version of the California Utility Allowance Calculator (CUAC) developed by the California Energy Commission (CEC): (a) for new construction or adaptive reuse, solar values must be determined from the CEC's Photovoltaic Calculator; (b) for existing residential buildings, solar values may determined from the CEC’s Photovoltaic Calculator or the Expected Performance Based Buydown (EPBB) calculator with monthly scalars to be determined by CTCAC. Indicate which components of the utility allowance schedule apply to the project. Reg. § 10322(h)(21)
B151: (select one) | D151: Use of CUAC is limited to: (i) new construction projects, (ii) rehabilitation projects applying for tax credits for which the rehabilitation improves energy efficiency by at least 20%, as determined consistent with the requirements of Reg. §§ 10325(c)(5)(D) and (G), or installs solar generation that offsets 50% of tenant loads, as determined consistent with the requirements of Reg. § 10325(c)(5)(G), and (iii) existing tax credit projects with new photovoltaics installed through the Multifamily Affordable Solar Housing (MASH) program or a solar program administered by a municipal utility or joint powers authority, which offsets tenants’ electrical load. CUAC documentation must be signed by a qualified CABEC CEA. Must also include CUAC supporting documentation: (i) Weighted Averaging worksheet; or (ii) Adiabatic Surfaces worksheet Note: except for existing tax credit projects with active MASH program reservations dated prior to March 1, 2018, any decrease in tenant’s utility allowance that results from conversion to the CUAC shall not exceed $15 per month over any 12-month period. Reg. § 10322(h)(21)
D169: https://www.treasurer.ca.gov/CTCAC/cuac/index.asp
B171: (select one) | D171: Applicant Resources - If the applicant intends to finance part or all of the project from its own resources or a Related Party’s resources (other than deferred fees), provide audited certification from a third party certified public accountant that applicant has sufficient funds to successfully accomplish the financing. Public entities are exempt from this requirement. Reg. § 10327(c)(8)
B177: (select one) | D177: 15 Year Pro Forma For projects with private conventional lender and equity partners using 2% gross income and 3% operating expense underwriting assumptions, provide evidence of the assumptions, if applicable. Reg. § 10327(g)(1)
B182: (select one) | D182: For projects with commercial income Include a 15 year pro forma of all commercial revenue and expense projections using CTCAC underwriting standards in Reg. §§ 10322(h)(23), 10325(f)(5), and 10327(g)(7).
A186: TAB 3 CTCAC Set-Aside Designation
B188: LEAVE BLANK / NOT APPLICABLE
B189: SEE TAB 36 FOR CDLAC POOLS AND SET-ASIDES
A191: TAB 4 Housing Type
D193: Housing Type -Additional Threshold Requirements (Part II - Application - Section 2 - E)
D195: Reg. § 10322(h).and 10325(g)
D197: NOTES: • Rehabilitation Scattered Site Projects with more than one housing type as permitted by CTCAC Reg. § 10325(c)(3) are scored proportionally based on each site's score and the percentage of units at each site. These projects must provide an Attachment 4 for each housing type category. Reg. § 10315(g).
B203: (select one) | D203: Large Family Projects
D204: Provide evidence of eligibility and complete:
E205: Attachments - Exhibit A: Housing Type tab, Large Family section
B207: (select one) | D207: If project qualifies for waiver of building outdoor play/recreational facilities due to existing suitable facilities being readily accessible and located within ¼ mile of the project as measured by a walkable path, include documentation such as photographs and a web page of the existing facilities and a map of the walkable path with distance.
B212: (select one) | D212: Senior Projects
D213: Provide evidence of eligibility and complete:
E214: Attachments - Exhibit A: Housing Type tab, Senior section
B216: (select one) | D216: Special Needs Projects
D217: Provide evidence of eligibility and complete:
E218: Attachments - Exhibit A: Housing Type tab, Special Needs section
D219: If less than 75% special needs units, the non-special needs units shall meet the large family or senior housing type requirements (complete relevant Attachment 4), or consist of either (i) at least 20% 1-bedroom units and 10% larger than 1-bedroom units as a percentage of Low Income Units or (ii) at least 90% SRO units as a percentage of Low Income Units.
B225: (select one) | D225: At-Risk Projects
D226: Provide evidence of eligibility and complete:
E227: Attachments - Exhibit A: Housing Type tab, At-Risk section
B229: (select one) | D229: SRO Projects
D230: Provide evidence of eligibility and complete:
E231: Attachments - Exhibit A: Housing Type tab, SRO section
B233: (select one) | D233: Mixed Housing Type An applicant proposing a project to include senior housing in combination with non-senior housing shall provide a third party legal opinion stating that the project complies with fair housing law. Reg. § 10322(h)(34).
B238: (select one) | D238: Copy of approval letter from Executive Director granting any waivers or exemptions
A240: TAB 5 Applicant / Development Team
D242: APPLICANT/DEVELOPMENT TEAM (Part II - Application - Section 3)
D243: Reg. § 10326(g)(5)
D245: Sponsor Characteristics
B246: (select one) | D246: Provide an organizational chart explaining the relationships within the ownership entity, including principal names, as Attachment 5-B1. Also include a table reflecting the post-close percent ownership of the individual partners of the sponsorship as Attachment 5-B2.
B251: (select one) | D251: Provide the California Secretary of State certificate for the project owner (if available). An executed limited partnership agreement may be submitted as documentation that the project ownership entity is formed. If the project owner is not yet formed, provide the certificate for the managing general partner or the parent company of the proposed project owner.
D257: If a partnership includes a general partner which will pursue a property tax exemption, this general partner's organizational documents must be included. "TBD" or "to be formed" general partner nonprofit entities are not sufficient if the project's 15 year pro forma does not include property tax expenses. Reg. §§ 10322(h)(3) & 10327(g)(2)
B263: (select one) | D263: For CTCAC, if not receiving CDLAC points for experience, provide evidence that a general partner meets the minimum scoring standards of Section 10325(c)(1)(A) and include a signed:
E266: Attachments - Exhibit B: GP Exp tab
B268: (select one) | D268: General partners lacking documented experience with IRC Section 42 requirements (using the minimum scoring standards of CTCAC Regulation Section 10325(c)(1)) must indicate they plan to complete training as prescribed by CTCAC prior to a project's placing in service. This application must include documentation confirming the applicant has discussed the required training with CTCAC compliance management.
B274: (select one) | D274: Legal Status of CTCAC Applicant
E275: Attachments - Exhibit B: LSQ tab
B277: (select one) | D277: Identities of Interest/Related Parties Disclosure for applicant entity and all general partners. Reg. § 10322(h)(6)
A280: TAB 6 Development Team Information
D282: Development Team Information (Part II - Application - Section 4 - A)
D284: Project Participants
B285: (select one) | D285: Provide evidence that the property management company meets the minimum scoring standards of Section 10325(c)(1)(B) and include a signed:
E287: Attachments - Exhibit B: MC Exp tab
B289: (select one) | D289: For CTCAC, if not receiving CDLAC points for experience, property management companies lacking documented experience with IRC Section 42 requirements (using the minimum scoring standards of CTCAC Regulation Section 10325(c)(1)) must indicate they plan to complete training as prescribed by CTCAC prior to a project's placing in service. This application must include documentation confirming the applicant has discussed the required training with CTCAC compliance management.
B296: (select one) | D296: If additional contact information for project participants not identified in "Part II - Application - Section 4 - A" of this application is available, please provide here. Reg. § 10322(h)(5)
A300: TAB 7 Acquisition and Rehabilitation Credit Applicants
D302: Acquisition and Rehabilitation Credit Applicants (Including Rehabilitation-Only Applicants)
D305: Acquisition (Part II - Application - Section 5 - B)
D306: Acquisition Credit Application. Reg. § 10322(h)(25)
B308: (select one) | D308: Chain of title report (for tribal trust land, an attorney's opinion regarding chain of title can be substituted). Reg. § 10322(h)(25)(A)
B311: (select one) | D311: An applicant statement that the acquisition is exempt from, or a third party tax attorney's opinion stating that the acquisition meets the requirements of IRC § 42(d)(2)(B)(ii) as to the 10-year placed-in-service rule. Reg. § 10322(h)(25)(B)
B315: (select one) | D315: If 10-year rule waiver is necessary, letter from federal official stating that project qualifies under IRC § 42(d)(6). Reg. § 10322(h)(25)(C)
A318: TAB 8 Rehabilitation
D320: Rehabilitation (Part II - Application - Section 5 - B)
D321: Reg. § 10322(h)(26)
B323: (select one) | D323: Appraisal. Reg. §§ 10322(h)(9) and (26)(A)
...

Sheet Application
AS1: 4 | BD1: CDLAC_Data
BD2: Key | BE2: Value | BF2: Notes
BD3: CDLAC Region | BE3: =AC220 -> Coastal (Monterey, Napa, Orange, San Benito, San Diego, San Luis Obispo, Santa Barbara, Sonoma, and Ventura Counties)
BD4: Pool
BD5: 20% AMI Units | BE5: =SUMIF($AC$726:$AC$758,"<=20%",$G$726:G$758) -> 0 | BF5: includes all units below 20% AMI, if any
BD6: 25% AMI Units | BE6: =SUMIF($AC$726:$AC$758,"<=25%",$G$726:G$758)-SUM($BE$5:BE5) -> 0
BD7: 30% AMI Units | BE7: =SUMIF($AC$726:$AC$758,"<=30%",$G$726:G$758)-SUM($BE$5:BE6) -> 26
A8: CALIFORNIA TAX CREDIT ALLOCATION COMMITTEE | BD8: 35% AMI Units | BE8: =SUMIF($AC$726:$AC$758,"<=35%",$G$726:G$758)-SUM($BE$5:BE7) -> 0
A9: ATTACHMENT 40 FOR CDLAC-CTCAC JOINT APPLICATION | BD9: 40% AMI Units | BE9: =SUMIF($AC$726:$AC$758,"<=40%",$G$726:G$758)-SUM($BE$5:BE8) -> 0
A10: 2026 4% FEDERAL LOW-INCOME HOUSING TAX CREDITS WITH TAX-EXEMPT BONDS | BD10: 45% AMI Unis | BE10: =SUMIF($AC$726:$AC$758,"<=45%",$G$726:G$758)-SUM($BE$5:BE9) -> 0
A11: INCLUDING STATE CREDITS | BD11: 50% AMI Units | BE11: =SUMIF($AC$726:$AC$758,"<=50%",$G$726:G$758)-SUM($BE$5:BE10) -> 26
A12: June 19, 2026 Version | BD12: 55% AMI Units | BE12: =SUMIF($AC$726:$AC$758,"<=55%",$G$726:G$758)-SUM($BE$5:BE11) -> 0
A13: II. APPLICATION - SECTION 1: CTCAC APPLICANT STATEMENT AND CERTIFICATION | BD13: 60% AMI Units | BE13: =SUMIF($AC$726:$AC$758,"<=60%",$G$726:G$758)-SUM($BE$5:BE12) -> 180
BD14: 70% AMI Units | BE14: =SUMIF($AC$726:$AC$758,"<=70%",$G$726:G$758)-SUM($BE$5:BE13) -> 0
BD15: 80% AMI Units | BE15: =SUMIF($AC$726:$AC$758,"<=80%",$G$726:G$758)-SUM($BE$5:BE14) -> 0
A16: CTCAC APPLICANT: | H16: 427 SD Housing, LP | BD16: Project Name | BE16: =Application!H18 -> SD 427 - Normal Heights/North Park/Linda Vista
BD17: MIP Amount | BE17: =Application!AA941 -> 0
A18: PROJECT NAME: | H18: SD 427 - Normal Heights/North Park/Linda Vista | BD18: CalHFA MIP Loan | BE18: =AA941 -> 0
BD19: Annual Federal Request | BE19: =Application!M26 -> 3541671
A20: PLEASE INCLUDE APPLICATION FEE WITH APPLICATION SUBMISSION | BD20: State Credit Request | BE20: =Application!M27 -> 0
A21: Check Only | BD21: Construction Bond Tax-Exempt | BE21: =Application!AM562 -> 28416244
BD22: Total Project Cost | BE22: ='Sources and Uses Budget'!B105 -> 99176513 | BF22: Residential & Commercial
A23: The undersigned CTCAC Applicant hereby makes application to the California Tax Credit Allocation Committee (“CTCAC”) for a reservation of Federal and State Low-Income Housing Tax Credits (“Credits”) in the amount(s) of: | BD23: Total Land Cost | BE23: ='Sources and Uses Budget'!B4 -> 6195898
BD24: Square Footage Of Structures | BE24: =Application!AG459 -> 184500
BD25: Federal Set Aside | BE25: =Application!D208 -> 40%/60%
M26: ='Basis & Credits'!AB56 -> 3541671 | R26: annual Federal Credits | BD26: Adaptive Reuse | BE26: =Application!M365="Yes" -> FALSE
M27: ='Basis & Credits'!AB78 -> 0 | R27: total State Credits | BD27: New Construction | BE27: =Application!M364="Yes" -> FALSE
BD28: Rehabilitation | BE28: =Application!M366="Yes" -> FALSE
A29: for the purpose of providing low-income rental housing as herein described. I understand that Credit amount preliminarily reserved for this project, if any, may be adjusted over time based upon changing project costs and financial feasibility analyses which CTCAC is required to perform on at least three occasions. | BD29: Acq and Rehabilitation | BE29: =Application!M367="Yes" -> TRUE
BD30: Demolition | BE30: =Application!AJ364="Yes" -> FALSE
BD31: Housing Type | BE31: =Application!D211 -> At-Risk
BD32: Units For Homeless Individuals | BE32: =IF(ISNUMBER(Application!W473),W473,0) -> 0
A33: Election to sell ("certificate') state credits: | O33: No | Q33: By selecting "Yes" or "No" in the box immediately before, I hereby make an election to | BD33: CTCAC Region | BE33: =Application!D220 -> San Diego County
A34: sell ("certificate") or not sell all or any portion of the state credit, as allowed pursuant to Revenue and Taxation Code Sections 12206(o), 17058(q), and 23610.5(r). I further certify that the applicant is a non-profit entity, and that the state credit price will not be less than eighty (80) cents per dollar of credit. I acknowledge that if I elect to sell ("certificate") all or any portion of the state credit, I may, only once, revoke an election to sell at any time before CTCAC issues the Form(s) 3521A for the project. | BD34: Project Address | BE34: =Application!I185 -> 6625 Tait, 6627 Tait, 6629 Tait, 6631 Tait, 4095 Texas, 4075 Texas, 4085 Texas, 4091 Texas, 4061 Texas, 4045 Texas, 4036 Illinois, 4066 Arizona, 4760 32nd, 4614 33rd, 3869 Swift, 4783 Wilson, 4620 Wilson, 4621 Wilson, 3358 Madison, 3834 Edna, 4533 37th, 4437 39th, 4444 49th, 4035 38th, 3878 37th, 3862 39th, 3844 Wilson
BD35: Project Address Description | BE35: =IF(Application!E187="","",Application!E187) -> 6625 Tait, 6627 Tait, 6629 Tait, 6631 Tait, 4095 Texas, 4075 Texas, 4085 Texas, 4091 Texas, 4061 Texas, 4045 Texas, 4036 Illinois, 4066 Arizona, 4760 32nd, 4614 33rd, 3869 Swift, 4783 Wilson, 4620 Wilson, 4621 Wilson, 3358 Madison, 3834 Edna, 4533 37th, 4437 39th, 4444 49th, 4035 38th, 3878 37th, 3862 39th, 3844 Wilson
BD36: Project City | BE36: =Application!I189 -> San Diego
BD37: Project County | BE37: =Application!T189 -> San Diego
BD38: Project Zip | BE38: =Application!I190 -> 92111, 92111, 92111, 92111, 92104, 92104, 92104, 92104, 92104, 92104, 92104, 92104, 92116, 92116, 92105, 92116, 92116, 92116, 92116, 92104, 92116, 92116, 92115, 92105, 92105, 92105, 92105
A39: I agree it is my responsibility to provide CTCAC with the original complete application as well as such other information as CTCAC requests as necessary to evaluate my application. I represent that if a reservation or allocation of Credit is made as a result of this application, I will also furnish promptly such other supporting information and documents as may be requested. I understand that CTCAC may verify information provided and analyze materials submitted as well as conduct its own investigation to evaluate the application. I recognize that I have an affirmative duty to inform CTCAC when any information in the application or supplemental materials is no longer true and to supply CTCAC with the latest and accurate information. | BD39: Total Units | BE39: =Application!AG446 -> 235
BD40: Low Income Units | BE40: =Application!AG449 -> 232
BD41: Market Rate Units | BE41: =Application!AG447 -> 232
BD42: Average Target Affordability | BE42: =Application!AC759 -> 0.55517241
BD43: Average Actual Affordability | BE43: =Application!AH759 -> 0.55497975
BD44: Cost Per Unit | BE44: =Application!AC463 -> 422027.71
BD45: Residential Buildings | BE45: =Application!AE433 -> 27
A46: I certify that the numbers describing project cost, development budget, financing amounts, operating subsidies, unit mix and targeting, and all related application documents are the same as those provided in applications submitted to CDLAC, CalHFA, and HCD, as applicable. I certify that any applications, revisions, or updates provided to CTCAC, CDLAC, CalHFA, or HCD will be provided to all other of these state agencies providing financing, tax credits, or subsidies to the project. | BD46: DDA | BE46: =Application!T195="Yes" -> FALSE
BD47: QCT | BE47: =Application!T196="Yes" -> FALSE
BD48: GP 1 Company Name | BE48: =Application!M252 -> 427 SD Apartments, LLC
BD49: GP 1 Contact Name | BE49: =Application!M255 -> Anand Kannan
BD50: GP 1 Parent Company | BE50: =Application!AA258 -> Foster Hamilton/Polaris Affordable.
A51: I acknowledge that if I receive a reservation of Tax Credits, I will be required to submit requisite documentation at the following stages: updated development timetable under regulation section 10326(j)(4), and the time the project is placed-in-service. | BD51: GP 2 Company Name | BE51: =Application!M260 -> Community Resident Services, Inc
BD52: GP 2 Contact Name | BE52: =Application!M263 -> Erin Myers
BD53: GP 2 Parent Company | BE53: =Application!AA266 -> 0
A54: I represent I have read Section 42 of the Internal Revenue Code (IRC) pertaining to Federal Tax Credits, and if applying for State Tax Credits, I represent I have also read California Health and Safety Code Sections 50199.4 et seq. and California Revenue and Taxation Code Sections 12206, 17058, and 23610.5 pertaining to the State Tax Credit program. I understand that the Federal and State Tax Credit programs are complex and involve long-term maintenance of housing for qualified low-income households. I acknowledge that CTCAC has recommended that I seek advice from my own tax attorney or tax advisor. | BD54: GP 3 Company Name | BE54: =Application!M268 -> 0
BD55: GP 3 Contact Name | BE55: =Application!M271 -> 0
BD56: GP 3 Parent Company | BE56: =Application!AA274 -> 0
BD57: Developer Name | BE57: =Application!H296 -> Polaris Affordable, LLC
BD58: Developer Address | BE58: =Application!H297 -> 2160 Barranca Pkwy, #1241
BD59: Developer City, State, Zip | BE59: =Application!H298 -> Irvine, CA 92606
A60: I certify that I have read and understand the provisions of Sections 10322(a) through (h) related to application filing deadlines, forms, incomplete applications, and application changes. | BD60: Developer Contact | BE60: =Application!H299 -> Anand Kannan
BD61: Developer Email | BE61: =Application!H302 -> anand@polarisaffordable.com
BD62: Federal Tax Credit Factor | BE62: ='Basis & Credits'!AB50 -> 0.81
A63: I agree to hold CTCAC, its members, officers, agents, and employees harmless from any matters arising out of or related to the Credit program. | BD63: State Tax Credit Factor | BE63: ='Basis & Credits'!AB72 -> 0
BD64: Resyndication | BE64: =Application!X180="Yes" -> TRUE
A65: I agree that CTCAC will determine the Credit amount to comply with requirements of IRC Section 42 but that CTCAC in no way warrants the feasibility or viability of the project to anyone for any purpose. I acknowledge that CTCAC makes no representation regarding the effect of any tax Credit which may be allocated and makes no representation regarding the ability to claim any Credit which may be allocated. | BD65: State Credit Type | BE65: =Z205 -> (select)
BD66: 10310(b)(2)(D) Farmworker State Credits | BE66: =Application!Z205="State Farmworker Credit" -> FALSE
BD67: Certificating State Credits | BE67: =Application!O33="Yes" -> FALSE
BD68: Commercial Costs | BE68: ='Sources and Uses Budget'!D105 -> 0
A69: I acknowledge that all materials and requirements are subject to change by enactment of federal or state legislation or promulgation of regulations. | BD69: Bond Issuer | BE69: =Application!W708 -> California Municipal Finance Authority
BD70: CDLAC Total Points | BE70: ='Points System'!AF893 -> 102
BD71: Points, Acq/Rehab Priorities | BE71: ='Points System'!AF876 -> 20
A72: In carrying out the development and operation of the project, I agree to comply with all applicable federal and state laws regarding unlawful discrimination and will abide by all Credit program requirements, rules, and regulations. | BD72: Points, New Con Density | BE72: ='Points System'!AF877 -> 0
BD73: Points, Exceeding Min Income | BE73: ='Points System'!AF878 -> 20
BD74: Points, Exceeding Min Rent | BE74: ='Points System'!AF879 -> 10
A75: I acknowledge that the Low-Income Housing Tax Credit program is not an entitlement program and that my application will be evaluated based on the Credit statutes, regulations, and the Qualified Allocation Plan adopted by CTCAC which identify the priorities and other standards which will be employed to evaluate applications. | BD75: Points, Experience | BE75: ='Points System'!AF880 -> 10
BD76: Points, Housing Need | BE76: ='Points System'!AF883 -> 0
BD77: Points, Leveraged Soft Resources | BE77: ='Points System'!AF884 -> 0
BD78: Points, Readiness | BE78: ='Points System'!AF886 -> 10
A79: I acknowledge that an award of federal or state Tax Credits does not guarantee that the project will qualify for Tax Credits. Both federal law and the state law require that various requirements be met on an ongoing basis. I agree that compliance with these requirements is the responsibility of the applicant. | BD79: Points, Access to Opportunity | BE79: ='Points System'!AF887 -> 0
BD80: Points, Service Amenities | BE80: ='Points System'!AF889 -> 10
BD81: Points, Cost Containment | BE81: ='Points System'!AF890 -> 12
BD82: Points, Site Amenities | BE82: ='Points System'!AF891 -> 10
A83: I acknowledge that the information submitted to CTCAC in this application or supplemental thereto may be subject to the Public Records Act or other disclosure. I understand that CTCAC may make such information public. | BD83: CDLAC Tie-Breaker Self-Score | BE83: ='Tie Breaker'!H5 -> 2.04489
BD84: Jurisdiction | BE84: =Application!O153 -> San Diego Housing Commission
BD85: CEO Name | BE85: =Application!O154 -> Colin Miller
A86: I acknowledge that if I obtain an allocation of Federal or State Tax Credits, I will be required to enter into a regulatory contract that will contain, among other things, all the conditions under which the Credits were provided including the selection criteria delineated in this application. | BD86: CEO Title | BE86: =Application!O155 -> Vice President
BD87: CEO Address | BE87: =Application!O156 -> 1122 Broadway, Suite 300
BD88: CEO City | BE88: =Application!O157 -> San Diego
A89: I declare under penalty of perjury that the information contained in the application, exhibits, attachments, and any further or supplemental documentation is true and correct to the best of my knowledge and belief. | BD89: CEO Zip | BE89: =Application!O158 -> 92101
BD90: App Contact, Name | BE90: =Application!H16 -> 427 SD Housing, LP
BD91: App Contact, Address | BE91: =Application!M242 -> 4380 Bonita Road
A92: I certify and guarantee that each item identified in CTCAC’s minimum construction standards will be incorporated intothe design of the project, unless a waiver has been approved by CTCAC. The project will at least maintain the installed energy efficiency and sustainability features' quality when replacing systems and materials. When requesting athreshold basis increase for a prevailing wage requirement, if the project is subject to state prevailing wages, I certifythat contractors and subcontractors will comply with California Labor Code Section 1725.5. When requesting a threshold basis increase for development impact fees, the impact fee amounts are accurate as of the application date. In an application proposing rehabilitation work, I certify that all necessary work identified in the Capital Needs Assessment, including the immediate needs listed in the report, will be performed (unless a waiver is granted) prior to the project's rehabilitation completion. | BD92: App Contact, City | BE92: =Application!M243 -> Bonita
BD93: App Contact, State | BE93: =Application!W243 -> CA
BD94: App Contact, Zip | BE94: =Application!AC243 -> 91902
BD95: App Contact, Person | BE95: =Application!M244 -> Justice Lepe
BD96: App Contact, Email | BE96: =Application!M246 -> justicelepe@gmail.com
BD97: GP 1 Email | BE97: =Application!M257 -> anand@polaris@affordable.com
BD98: GP 2 Email | BE98: =Application!M265 -> erin@communityresidentservices.com
BD99: GP 3 Email | BE99: =Application!M273 -> 0
A100: I understand that any misrepresentation may result in cancellation of Tax Credit reservation, notification of the Internal Revenue Service and the Franchise Tax Board, and any other actions that CTCAC is authorized to take pursuant to California Health and Safety Code Section 50199.22, issuance of fines pursuant to California Health and Safety Code Section 50199.10, and negative points per Regulation Section 10325(c)(3) or under general authority of state law. | BD100: Contact Email | BE100: =Application!L288 -> anand@polarisaffordable.com
...

Sheet Sources and Uses Budget
A1: IV. SOURCES AND USES BUDGET - SECTION 1: SOURCES AND USES BUDGET | F1: Permanent Sources
B2: TOTAL PROJECT COST | C2: RES. COST | D2: COM'L. COST | E2: TAX CREDIT EQUITY | F2: =Application!B635&Application!C635 -> 1)Citibank N.A. | G2: =Application!B636&Application!C636 -> 2)Citibank N.A. | H2: =Application!B637&Application!C637 -> 3)Deferred Developer Fee | I2: =Application!B638&Application!C638 -> 4)NOI | J2: =Application!B639&Application!C639 -> 5) | K2: =Application!B640&Application!C640 -> 6) | L2: =Application!B641&Application!C641 -> 7) | M2: =Application!B642&Application!C642 -> 8) | N2: =Application!B643&Application!C643 -> 9) | O2: =Application!B644&Application!C644 -> 10) | P2: =Application!B645&Application!C645 -> 11) | Q2: =Application!B646&Application!C646 -> 12) | R2: SUBTOTAL | S2: 30% PVC for New Const/Rehab | T2: 30% PVC for Acquisition
A3: LAND COST/ACQUISITION
A4: Land Cost or Value | B4: =SUM(C4+D4) -> 6195898 | C4: 6195898 | F4: =C4 -> 6195898 | R4: =SUM(E4:Q4) -> 6195898
A5: Demolition | B5: =SUM(C5+D5) -> 0 | R5: =SUM(E5:Q5) -> 0
A6: Legal | B6: =SUM(C6+D6) -> 0 | R6: =SUM(E6:Q6) -> 0
A7: Land Lease Rent Prepayment | B7: =SUM(C7+D7) -> 0 | R7: =SUM(E7:Q7) -> 0
A8: Total Land Cost or Value | B8: =SUM(C8:D8) -> 6195898 | C8: =SUM(C4:C7) -> 6195898 | D8: =SUM(D4:D7) -> 0 | E8: =SUM(E4:E7) -> 0 | F8: =SUM(F4:F7) -> 6195898 | G8: =SUM(G4:G7) -> 0 | H8: =SUM(H4:H7) -> 0 | I8: =SUM(I4:I7) -> 0 | J8: =SUM(J4:J7) -> 0 | ... O8: =SUM(O4:O7) -> 0 | Q8: =SUM(Q4:Q7) -> 0 | R8: =SUM(R4:R7) -> 6195898
A9: Existing Improvements Value | B9: =SUM(C9+D9) -> 54804102 | C9: 54804102 | E9: =C9-F9-G9 -> 3448000 | F9: =28416244-F4 -> 22220346 | G9: =Application!AO636 -> 29135756 | R9: =SUM(E9:Q9) -> 54804102 | T9: =R9-225000 -> 54579102
A10: Off-Site Improvements | B10: =SUM(C10+D10) -> 0 | R10: =SUM(E10:Q10) -> 0
A11: Total Acquisition Cost | B11: =SUM(C11:D11) -> 54804102 | C11: =SUM(C9:C10) -> 54804102 | D11: =SUM(D9:D10) -> 0 | E11: =SUM(E9:E10) -> 3448000 | F11: =SUM(F9:F10) -> 22220346 | G11: =SUM(G9:G10) -> 29135756 | H11: =SUM(H9:H10) -> 0 | I11: =SUM(I9:I10) -> 0 | J11: =SUM(J9:J10) -> 0 | ... O11: =SUM(O9:O10) -> 0 | Q11: =SUM(Q9:Q10) -> 0 | R11: =SUM(R9:R10) -> 54804102 | T11: =SUM(T9:T10) -> 54579102
A12: Total Land Cost / Acquisition Cost | B12: =SUM(B8+B11) -> 61000000 | C12: =SUM(C8+C11) -> 61000000 | D12: =SUM(D8+D11) -> 0 | E12: =SUM(E8+E11) -> 3448000 | F12: =SUM(F8+F11) -> 28416244 | G12: =SUM(G8+G11) -> 29135756 | H12: =SUM(H8+H11) -> 0 | I12: =SUM(I8+I11) -> 0 | ... O12: =SUM(O8+O11) -> 0 | Q12: =SUM(Q8+Q11) -> 0 | R12: =SUM(R8+R11) -> 61000000
A13: Predevelopment Interest/Holding Cost | B13: =SUM(C13+D13) -> 0 | R13: =SUM(E13:Q13) -> 0
A14: Assumed, Accrued Interest on Existing Debt (Rehabilitation/Acquisition) | B14: =SUM(C14+D14) -> 0 | R14: =SUM(E14:Q14) -> 0
A15: Excess Purchase Price Over Appraisal | B15: =SUM(C15+D15) -> 0 | R15: =SUM(E15:Q15) -> 0
A16: REHABILITATION
A17: Site Work | B17: =SUM(C17+D17) -> 0 | R17: =SUM(E17:Q17) -> 0
A18: Structures | B18: =SUM(C18+D18) -> 14100000 | C18: 14100000 | E18: =C18 -> 14100000 | R18: =SUM(E18:Q18) -> 14100000 | S18: =R18 -> 14100000
A19: General Requirements | B19: =SUM(C19+D19) -> 846000 | C19: 846000 | E19: =C19 -> 846000 | R19: =SUM(E19:Q19) -> 846000 | S19: =R19 -> 846000
A20: Contractor Overhead | B20: =SUM(C20+D20) -> 282000 | C20: 282000 | E20: =C20 -> 282000 | R20: =SUM(E20:Q20) -> 282000 | S20: =R20 -> 282000
A21: Contractor Profit | B21: =SUM(C21+D21) -> 846000 | C21: 846000 | E21: =C21 -> 846000 | R21: =SUM(E21:Q21) -> 846000 | S21: =R21 -> 846000
A22: Prevailing Wages | B22: =SUM(C22+D22) -> 0 | R22: =SUM(E22:Q22) -> 0
A23: General Liability Insurance | B23: =SUM(C23+D23) -> 162150 | C23: 162150 | E23: =C23 -> 162150 | R23: =SUM(E23:Q23) -> 162150 | S23: =R23 -> 162150
A24: Third-party Construction Management | B24: =SUM(C24+D24) -> 0 | R24: =SUM(E24:Q24) -> 0
A25: Other: Payment and Performance Bond | B25: =SUM(C25+D25) -> 162150 | C25: 162150 | E25: =C25 -> 162150 | R25: =SUM(E25:Q25) -> 162150 | S25: =R25 -> 162150
A26: Total Rehabilitation Costs | B26: =SUM(C26+D26) -> 16398300 | C26: =SUM(C17:C25) -> 16398300 | D26: =SUM(D17:D25) -> 0 | E26: =SUM(E17:E25) -> 16398300 | F26: =SUM(F17:F25) -> 0 | G26: =SUM(G17:G25) -> 0 | H26: =SUM(H17:H25) -> 0 | I26: =SUM(I17:I25) -> 0 | J26: =SUM(J17:J25) -> 0 | ... T26: =SUM(T17:T25) -> 0
A27: Total Relocation Expenses | B27: =SUM(C27:D27) -> 470000 | C27: 470000 | E27: =C27 -> 470000 | R27: =SUM(E27:Q27) -> 470000 | S27: =R27 -> 470000
A28: NEW CONSTRUCTION
A29: Site Work | B29: =SUM(C29+D29) -> 0 | R29: =SUM(E29:Q29) -> 0
A30: Structures | B30: =SUM(C30+D30) -> 0 | R30: =SUM(E30:Q30) -> 0
A31: General Requirements | B31: =SUM(C31+D31) -> 0 | R31: =SUM(E31:Q31) -> 0
A32: Contractor Overhead | B32: =SUM(C32+D32) -> 0 | R32: =SUM(E32:Q32) -> 0
A33: Contractor Profit | B33: =SUM(C33+D33) -> 0 | R33: =SUM(E33:Q33) -> 0
A34: Prevailing Wages | B34: =SUM(C34+D34) -> 0 | R34: =SUM(E34:Q34) -> 0
A35: General Liability Insurance | B35: =SUM(C35+D35) -> 0 | R35: =SUM(E35:Q35) -> 0
A36: Third-party Construction Management | B36: =SUM(C36+D36) -> 0 | R36: =SUM(E36:Q36) -> 0
A37: Other: (Specify) | B37: =SUM(C37+D37) -> 0 | R37: =SUM(E37:Q37) -> 0
A38: Total New Construction Costs | B38: =SUM(C38+D38) -> 0 | C38: =SUM(C29:C37) -> 0 | D38: =SUM(D29:D37) -> 0 | E38: =SUM(E29:E37) -> 0 | F38: =SUM(F29:F37) -> 0 | G38: =SUM(G29:G37) -> 0 | H38: =SUM(H29:H37) -> 0 | I38: =SUM(I29:I37) -> 0 | J38: =SUM(J29:J37) -> 0 | ... T38: =SUM(T29:T37) -> 0
A39: ARCHITECTURAL FEES
A40: Design | B40: =SUM(C40+D40) -> 150000 | C40: 150000 | E40: =C40 -> 150000 | R40: =SUM(E40:Q40) -> 150000 | S40: =R40 -> 150000
A41: Supervision | B41: =SUM(C41+D41) -> 0 | R41: =SUM(E41:Q41) -> 0
A42: Total Architectural Costs | B42: =SUM(C42:D42) -> 150000 | C42: =SUM(C39:C41) -> 150000 | D42: =SUM(D39:D41) -> 0 | E42: =SUM(E40:E41) -> 150000 | F42: =SUM(F40:F41) -> 0 | G42: =SUM(G40:G41) -> 0 | H42: =SUM(H40:H41) -> 0 | I42: =SUM(I40:I41) -> 0 | J42: =SUM(J40:J41) -> 0 | K42: =SUM(K40:K41) -> 0 | L42: =SUM(L40:L41) -> 0 | ... T42: =SUM(T40:T41) -> 0
A43: Total Survey & Engineering | B43: =SUM(C43:D43) -> 80000 | C43: 80000 | E43: =C43 -> 80000 | R43: =SUM(E43:Q43) -> 80000 | S43: =R43 -> 80000
A44: CONSTRUCTION INTEREST & FEES
A45: Construction Loan Interest | B45: =SUM(C45+D45) -> 8010412 | C45: 8010412 | E45: 0 | I45: =C45 -> 8010412 | R45: =SUM(E45:Q45) -> 8010412 | S45: =6407613-15000+30000 -> 6422613
A46: Origination Fee | B46: =SUM(C46+D46) -> 635520 | C46: 635520 | E46: =C46 -> 635520 | R46: =SUM(E46:Q46) -> 635520 | S46: =R46 -> 635520
A47: Credit Enhancement/Application Fee | B47: =SUM(C47+D47) -> 0 | R47: =SUM(E47:Q47) -> 0
A48: Bond Premium | B48: =SUM(C48+D48) -> 0 | R48: =SUM(E48:Q48) -> 0
A49: Cost of Issuance | B49: =SUM(C49+D49) -> 275776 | C49: 275776 | E49: =C49 -> 275776 | R49: =SUM(E49:Q49) -> 275776
A50: Title & Recording | B50: =SUM(C50+D50) -> 150000 | C50: 150000 | E50: =C50 -> 150000 | R50: =SUM(E50:Q50) -> 150000 | S50: =R50 -> 150000
A51: Taxes | B51: =SUM(C51+D51) -> 0 | R51: =SUM(E51:Q51) -> 0
A52: Insurance | B52: =SUM(C52+D52) -> 141000 | C52: 141000 | E52: =C52 -> 141000 | R52: =SUM(E52:Q52) -> 141000 | S52: =R52 -> 141000
A53: Other: Loan Closing Costs /Underwriting | B53: =SUM(C53+D53) -> 450000 | C53: 450000 | E53: =C53 -> 450000 | R53: =SUM(E53:Q53) -> 450000 | S53: =R53 -> 450000
A54: Total Construction Interest & Fees | B54: =SUM(C54:D54) -> 9662708 | C54: =SUM(C45:C53) -> 9662708 | D54: =SUM(D45:D53) -> 0 | E54: =SUM(E45:E53) -> 1652296 | F54: =SUM(F45:F53) -> 0 | G54: =SUM(G45:G53) -> 0 | H54: =SUM(H45:H53) -> 0 | I54: =SUM(I45:I53) -> 8010412 | J54: =SUM(J45:J53) -> 0 | ... T54: =SUM(T45:T53) -> 0
A55: PERMANENT FINANCING
A56: Loan Origination Fee | B56: =SUM(C56+D56) -> 0 | R56: =SUM(E56:Q56) -> 0
A57: Credit Enhancement/Application Fee | B57: =SUM(C57+D57) -> 0 | R57: =SUM(E57:Q57) -> 0
A58: Title & Recording | B58: =SUM(C58+D58) -> 0 | R58: =SUM(E58:Q58) -> 0
A59: Taxes | B59: =SUM(C59+D59) -> 0 | R59: =SUM(E59:Q59) -> 0
A60: Insurance | B60: =SUM(C60+D60) -> 0 | R60: =SUM(E60:Q60) -> 0
A61: Other: (Specify) | B61: =SUM(C61+D61) -> 0 | R61: =SUM(E61:Q61) -> 0
A62: Total Permanent Financing Costs | B62: =SUM(C62:D62) -> 0 | C62: =SUM(C56:C61) -> 0 | D62: =SUM(D56:D61) -> 0 | E62: =SUM(E56:E61) -> 0 | F62: =SUM(F56:F61) -> 0 | G62: =SUM(G56:G61) -> 0 | H62: =SUM(H56:H61) -> 0 | I62: =SUM(I56:I61) -> 0 | J62: =SUM(J56:J61) -> 0 | ... R62: =SUM(R56:R61) -> 0
A63: Subtotals Forward | B63: =SUM(B8+B11+B13+B14+B15+B26+B27+B38+B42+B43+B54+B62) -> 87761008 | C63: =SUM(C8+C11+C13+C14+C15+C26+C27+C38+C42+C43+C54+C62) -> 87761008 | D63: =SUM(D8+D11+D13+D14+D15+D26+D27+D38+D42+D43+D54+D62) -> 0 | E63: =SUM(E8+E11+E13+E14+E15+E26+E27+E38+E42+E43+E54+E62) -> 22198596 | F63: =SUM(F8+F11+F13+F14+F15+F26+F27+F38+F42+F43+F54+F62) -> 28416244 | G63: =SUM(G8+G11+G13+G14+G15+G26+G27+G38+G42+G43+G54+G62) -> 29135756 | H63: =SUM(H8+H11+H13+H14+H15+H26+H27+H38+H42+H43+H54+H62) -> 0 | I63: =SUM(I8+I11+I13+I14+I15+I26+I27+I38+I42+I43+I54+I62) -> 8010412 | ... R63: =SUM(R8+R11+R13+R14+R15+R26+R27+R38+R42+R43+R54+R62) -> 87761008 | S63: =SUM(S10+S13+S14+S15+S26+S27+S38+S42+S43+S54) -> 24897433 | T63: =SUM(T11+T13+T14+T15+T26+T27+T38+T42+T43+T54) -> 54579102
A64: LEGAL FEES AND THIRD-PARTY CONSULTING FEES
A65: Lender Legal Paid by Applicant | B65: =SUM(C65+D65) -> 100000 | C65: 100000 | E65: =C65 -> 100000 | R65: =SUM(E65:Q65) -> 100000 | S65: =R65 -> 100000
A66: Financial Consulting, Application Preparation/Review | B66: =SUM(C66+D66) -> 0 | R66: =SUM(E66:Q66) -> 0
A67: Entitlement Services, Building Permit Expediting | B67: =SUM(C67+D67) -> 0 | R67: =SUM(E67:Q67) -> 0
A68: Tenant File Review Services | B68: =SUM(C68+D68) -> 0 | R68: =SUM(E68:Q68) -> 0
A69: Borrower Legal | B69: =SUM(C69+D69) -> 150000 | C69: 150000 | E69: =C69 -> 150000 | R69: =SUM(E69:Q69) -> 150000 | S69: 112500
A70: Total Legal and Consulting Costs | B70: =SUM(C70:D70) -> 250000 | C70: =SUM(C65:C69) -> 250000 | D70: =SUM(D65:D69) -> 0 | E70: =SUM(E65:E69) -> 250000 | F70: =SUM(F65:F69) -> 0 | G70: =SUM(G65:G69) -> 0 | H70: =SUM(H65:H69) -> 0 | I70: =SUM(I65:I69) -> 0 | J70: =SUM(J65:J69) -> 0 | ... T70: =SUM(T65:T69) -> 0
A71: RESERVES
A72: Rent Reserves | B72: =SUM(C72+D72) -> 0 | R72: =SUM(E72:Q72) -> 0
A73: Capitalized Rent Reserves | B73: =SUM(C73+D73) -> 0 | R73: =SUM(E73:Q73) -> 0
A74: Required Capitalized Replacement Reserve | B74: =SUM(C74+D74) -> 0 | R74: =SUM(E74:Q74) -> 0
A75: 3-Month Operating Reserve | B75: =SUM(C75+D75) -> 1306000 | C75: 1306000 | E75: =C75 -> 1306000 | R75: =SUM(E75:Q75) -> 1306000
A76: Other: Social Service Reserve | B76: =SUM(C76+D76) -> 840000 | C76: 840000 | E76: =C76 -> 840000 | R76: =SUM(E76:Q76) -> 840000
A77: Total Reserve Costs | B77: =SUM(C77:D77) -> 2146000 | C77: =SUM(C72:C76) -> 2146000 | D77: =SUM(D72:D76) -> 0 | E77: =SUM(E72:E76) -> 2146000 | F77: =SUM(F72:F76) -> 0 | G77: =SUM(G72:G76) -> 0 | H77: =SUM(H72:H76) -> 0 | I77: =SUM(I72:I76) -> 0 | J77: =SUM(J72:J76) -> 0 | ... R77: =SUM(R72:R76) -> 2146000
A78: CONTINGENCY COSTS
A79: Construction Hard Cost Contingency | B79: =SUM(C79:D79) -> 1639830 | C79: 1639830 | E79: =C79 -> 1639830 | R79: =SUM(E79:Q79) -> 1639830 | S79: =R79 -> 1639830
A80: Soft Cost Contingency | B80: =SUM(C80:D80) -> 125000 | C80: 125000 | E80: =C80 -> 125000 | R80: =SUM(E80:Q80) -> 125000 | S80: =R80 -> 125000
A81: Total Contingency Costs | B81: =SUM(C81:D81) -> 1764830 | C81: =SUM(C79:C80) -> 1764830 | D81: =SUM(D79:D80) -> 0 | E81: =SUM(E79:E80) -> 1764830 | F81: =SUM(F79:F80) -> 0 | G81: =SUM(G79:G80) -> 0 | H81: =SUM(H79:H80) -> 0 | I81: =SUM(I79:I80) -> 0 | J81: =SUM(J79:J80) -> 0 | ... T81: =SUM(T79:T80) -> 0
A82: OTHER PROJECT COSTS
A83: CTCAC App/Allocation/Monitoring Fees | B83: =SUM(C83+D83) -> 141756 | C83: 141756 | E83: =C83 -> 141756 | R83: =SUM(E83:Q83) -> 141756
A84: Environmental Audit | B84: =SUM(C84+D84) -> 55000 | C84: 55000 | E84: =C84 -> 55000 | R84: =SUM(E84:Q84) -> 55000 | S84: =R84 -> 55000
A85: Local Development Impact Fees | B85: =SUM(C85+D85) -> 0 | R85: =SUM(E85:Q85) -> 0
A86: Permit Processing Fees | B86: =SUM(C86+D86) -> 200000 | C86: 200000 | E86: =C86 -> 200000 | R86: =SUM(E86:Q86) -> 200000 | S86: =R86 -> 200000
A87: Capital Fees | B87: =SUM(C87+D87) -> 0 | R87: =SUM(E87:Q87) -> 0
A88: Marketing | B88: =SUM(C88+D88) -> 0 | R88: =SUM(E88:Q88) -> 0
A89: Furnishings | B89: =SUM(C89+D89) -> 0 | R89: =SUM(E89:Q89) -> 0
A90: Market Study | B90: =SUM(C90+D90) -> 30000 | C90: 30000 | E90: =C90 -> 30000 | R90: =SUM(E90:Q90) -> 30000 | S90: =R90 -> 30000
A91: Accounting/Reimbursables | B91: =SUM(C91+D91) -> 25000 | C91: 25000 | E91: =C91 -> 25000 | R91: =SUM(E91:Q91) -> 25000 | S91: 0
A92: Appraisal Costs | B92: =SUM(C92+D92) -> 0 | R92: =SUM(E92:Q92) -> 0
A93: Other: (Specify) | B93: =SUM(C93+D93) -> 0 | R93: =SUM(E93:Q93) -> 0
A94: Other: (Specify) | B94: =SUM(C94+D94) -> 0 | R94: =SUM(E94:Q94) -> 0
A95: Other: (Specify) | B95: =SUM(C95+D95) -> 0 | R95: =SUM(E95:Q95) -> 0
A96: Total Other Costs | B96: =SUM(C96:D96) -> 451756 | C96: =SUM(C83:C95) -> 451756 | D96: =SUM(D83:D95) -> 0 | E96: =SUM(E83:E95) -> 451756 | F96: =SUM(F83:F95) -> 0 | G96: =SUM(G83:G95) -> 0 | H96: =SUM(H83:H95) -> 0 | I96: =SUM(I83:I95) -> 0 | J96: =SUM(J83:J95) -> 0 | ... R96: =SUM(R83:R95) -> 451756 | S96: =SUM(S84:S87,S89:S95) -> 285000 | T96: =SUM(T84:T87,T89:T95) -> 0
A97: SUBTOTAL PROJECT COST | B97: =SUM(C97:D97) -> 92373594 | C97: =SUM(C63+C70+C77+C81+C96) -> 92373594 | D97: =SUM(D63+D70+D77+D81+D96) -> 0 | E97: =SUM(E63+E70+E77+E81+E96) -> 26811182 | F97: =SUM(F63+F70+F77+F81+F96) -> 28416244 | G97: =SUM(G63+G70+G77+G81+G96) -> 29135756 | H97: =SUM(H63+H70+H77+H81+H96) -> 0 | I97: =SUM(I63+I70+I77+I81+I96) -> 8010412 | J97: =SUM(J63+J70+J77+J81+J96) -> 0 | ... R97: =SUM(R63+R70+R77+R81+R96) -> 92373594 | S97: =SUM(S63+S70+S81+S96) -> 27159763 | T97: =SUM(T63+T70+T81+T96) -> 54579102
A98: DEVELOPER COSTS
A99: Developer Overhead/Profit | B99: =SUM(C99+D99) -> 6802919 | C99: 6802919 | E99: =C99-H99-I99 -> 1876353 | H99: =Application!AO637 -> 4544918 | I99: =Application!AO638-'Sources and Uses Budget'!I45 -> 381648 | R99: =SUM(E99:Q99) -> 6802919 | S99: 4073964 | T99: =2728955 -> 2728955
A100: Processing Agent Fees | B100: =SUM(C100+D100) -> 0 | R100: =SUM(E100:Q100) -> 0
...

Sheet Sources and Basis Breakdown
A1: IV. SOURCES AND USES BUDGET - SECTION 2: SOURCES AND BASIS BREAKDOWN BY DDA/QCT AND NON-DDA/NON-QCT
B2: TOTAL RESIDENTIAL COST | C2: DDA/QCT Building(s) COST | D2: NON-DDA/ NON-QCT Building(s) COST | E2: TOTAL 30% PVC for New Const/ Rehabilitation | F2: 30% PVC for New Const/ Rehabilitation DDA/QCT Building(s) | G2: 30% PVC for New Const/ Rehabilitation NON-DDA/ NON-QCT Building(s) | H2: TOTAL 30% PVC for Acquisition | I2: 30% PVC for Acquisition DDA/QCT Building(s) | J2: 30% PVC for Acquisition NON-DDA/ NON-QCT Building(s)
A3: LAND COST/ACQUISITION
A4: Land Cost or Value | B4: ='Sources and Uses Budget'!C4 -> 6195898 | D4: =B4 -> 6195898
A5: Demolition | B5: ='Sources and Uses Budget'!C5 -> 0
A6: Legal | B6: ='Sources and Uses Budget'!C6 -> 0
A7: Land Lease Rent Prepayment | B7: ='Sources and Uses Budget'!C7 -> 0
A8: Total Land Cost or Value | B8: ='Sources and Uses Budget'!C8 -> 6195898 | C8: =SUM(C4:C7) -> 0 | D8: =SUM(D4:D7) -> 6195898
A9: Existing Improvements Value | B9: ='Sources and Uses Budget'!C9 -> 54804102 | D9: =B9 -> 54804102 | H9: ='Sources and Uses Budget'!T9 -> 54579102 | J9: =H9 -> 54579102
A10: Off-Site Improvements | B10: ='Sources and Uses Budget'!C10 -> 0 | E10: ='Sources and Uses Budget'!S10 -> 0 | H10: ='Sources and Uses Budget'!T10 -> 0
A11: Total Acquisition Cost | B11: ='Sources and Uses Budget'!C11 -> 54804102 | C11: =SUM(C9:C10) -> 0 | D11: =SUM(D9:D10) -> 54804102 | H11: ='Sources and Uses Budget'!T11 -> 54579102 | I11: =SUM(I9:I10) -> 0 | J11: =SUM(J9:J10) -> 54579102
A12: Total Land Cost / Acquisition Cost | B12: ='Sources and Uses Budget'!C12 -> 61000000 | C12: =SUM(C8+C11) -> 0 | D12: =SUM(D8+D11) -> 61000000
A13: Predevelopment Interest/Holding Cost | B13: ='Sources and Uses Budget'!C13 -> 0 | E13: ='Sources and Uses Budget'!S13 -> 0 | H13: ='Sources and Uses Budget'!T13 -> 0
A14: Assumed, Accrued Interest on Existing Debt (Rehab/Acq) | B14: ='Sources and Uses Budget'!C14 -> 0 | E14: ='Sources and Uses Budget'!S14 -> 0 | H14: ='Sources and Uses Budget'!T14 -> 0
A15: Excess Purchase Price Over Appraisal | B15: ='Sources and Uses Budget'!C15 -> 0 | E15: ='Sources and Uses Budget'!S15 -> 0 | H15: ='Sources and Uses Budget'!T15 -> 0
A16: REHABILITATION
A17: Site Work | B17: ='Sources and Uses Budget'!C17 -> 0 | E17: ='Sources and Uses Budget'!S17 -> 0 | H17: ='Sources and Uses Budget'!T17 -> 0
A18: Structures | B18: ='Sources and Uses Budget'!C18 -> 14100000 | C18: =B18 -> 14100000 | E18: ='Sources and Uses Budget'!S18 -> 14100000 | F18: =E18 -> 14100000 | H18: ='Sources and Uses Budget'!T18 -> 0
A19: General Requirements | B19: ='Sources and Uses Budget'!C19 -> 846000 | C19: =B19 -> 846000 | E19: ='Sources and Uses Budget'!S19 -> 846000 | F19: =E19 -> 846000 | H19: ='Sources and Uses Budget'!T19 -> 0
A20: Contractor Overhead | B20: ='Sources and Uses Budget'!C20 -> 282000 | C20: =B20 -> 282000 | E20: ='Sources and Uses Budget'!S20 -> 282000 | F20: =E20 -> 282000 | H20: ='Sources and Uses Budget'!T20 -> 0
A21: Contractor Profit | B21: ='Sources and Uses Budget'!C21 -> 846000 | C21: =B21 -> 846000 | E21: ='Sources and Uses Budget'!S21 -> 846000 | F21: =E21 -> 846000 | H21: ='Sources and Uses Budget'!T21 -> 0
A22: Prevailing Wages | B22: ='Sources and Uses Budget'!C22 -> 0 | E22: ='Sources and Uses Budget'!S22 -> 0 | H22: ='Sources and Uses Budget'!T22 -> 0
A23: General Liability Insurance | B23: ='Sources and Uses Budget'!C23 -> 162150 | C23: =B23 -> 162150 | E23: ='Sources and Uses Budget'!S23 -> 162150 | F23: =E23 -> 162150 | H23: ='Sources and Uses Budget'!T23 -> 0
A24: Third-party Construction Management | B24: ='Sources and Uses Budget'!C24 -> 0 | E24: ='Sources and Uses Budget'!S24 -> 0 | H24: ='Sources and Uses Budget'!T24 -> 0
A25: ='Sources and Uses Budget'!$A25 -> Other: Payment and Performance Bond | B25: ='Sources and Uses Budget'!C25 -> 162150 | C25: =B25 -> 162150 | E25: ='Sources and Uses Budget'!S25 -> 162150 | F25: =E25 -> 162150 | H25: ='Sources and Uses Budget'!T25 -> 0
A26: Total Rehabilitation Costs | B26: ='Sources and Uses Budget'!C26 -> 16398300 | C26: =SUM(C17:C25) -> 16398300 | D26: =SUM(D17:D25) -> 0 | E26: ='Sources and Uses Budget'!S26 -> 16398300 | F26: =SUM(F17:F25) -> 16398300 | G26: =SUM(G17:G25) -> 0 | H26: ='Sources and Uses Budget'!T26 -> 0 | I26: =SUM(I17:I25) -> 0 | J26: =SUM(J17:J25) -> 0
A27: Total Relocation Expenses | B27: ='Sources and Uses Budget'!C27 -> 470000 | C27: =B27 -> 470000 | E27: ='Sources and Uses Budget'!S27 -> 470000 | F27: =E27 -> 470000 | H27: ='Sources and Uses Budget'!T27 -> 0
A28: NEW CONSTRUCTION
A29: Site Work | B29: ='Sources and Uses Budget'!C29 -> 0 | E29: ='Sources and Uses Budget'!S29 -> 0 | H29: ='Sources and Uses Budget'!T29 -> 0
A30: Structures | B30: ='Sources and Uses Budget'!C30 -> 0 | E30: ='Sources and Uses Budget'!S30 -> 0 | H30: ='Sources and Uses Budget'!T30 -> 0
A31: General Requirements | B31: ='Sources and Uses Budget'!C31 -> 0 | E31: ='Sources and Uses Budget'!S31 -> 0 | H31: ='Sources and Uses Budget'!T31 -> 0
A32: Contractor Overhead | B32: ='Sources and Uses Budget'!C32 -> 0 | E32: ='Sources and Uses Budget'!S32 -> 0 | H32: ='Sources and Uses Budget'!T32 -> 0
A33: Contractor Profit | B33: ='Sources and Uses Budget'!C33 -> 0 | E33: ='Sources and Uses Budget'!S33 -> 0 | H33: ='Sources and Uses Budget'!T33 -> 0
A34: Prevailing Wages | B34: ='Sources and Uses Budget'!C34 -> 0 | E34: ='Sources and Uses Budget'!S34 -> 0 | H34: ='Sources and Uses Budget'!T34 -> 0
A35: General Liability Insurance | B35: ='Sources and Uses Budget'!C35 -> 0 | E35: ='Sources and Uses Budget'!S35 -> 0 | H35: ='Sources and Uses Budget'!T35 -> 0
A36: Third-party Construction Management | B36: ='Sources and Uses Budget'!C36 -> 0 | E36: ='Sources and Uses Budget'!S36 -> 0 | H36: ='Sources and Uses Budget'!T36 -> 0
A37: ='Sources and Uses Budget'!$A37 -> Other: (Specify) | B37: ='Sources and Uses Budget'!C37 -> 0 | E37: ='Sources and Uses Budget'!S37 -> 0 | H37: ='Sources and Uses Budget'!T37 -> 0
A38: Total New Construction Costs | B38: ='Sources and Uses Budget'!C38 -> 0 | C38: =SUM(C29:C37) -> 0 | D38: =SUM(D29:D37) -> 0 | E38: ='Sources and Uses Budget'!S38 -> 0 | F38: =SUM(F29:F37) -> 0 | G38: =SUM(G29:G37) -> 0 | H38: ='Sources and Uses Budget'!T38 -> 0 | I38: =SUM(I29:I37) -> 0 | J38: =SUM(J29:J37) -> 0
A39: ARCHITECTURAL FEES
A40: Design | B40: ='Sources and Uses Budget'!C40 -> 150000 | C40: =B40 -> 150000 | E40: ='Sources and Uses Budget'!S40 -> 150000 | F40: =E40 -> 150000 | H40: ='Sources and Uses Budget'!T40 -> 0
A41: Supervision | B41: ='Sources and Uses Budget'!C41 -> 0 | E41: ='Sources and Uses Budget'!S41 -> 0 | H41: ='Sources and Uses Budget'!T41 -> 0
A42: Total Architectural Costs | B42: ='Sources and Uses Budget'!C42 -> 150000 | C42: =SUM(C39:C41) -> 150000 | D42: =SUM(D39:D41) -> 0 | E42: ='Sources and Uses Budget'!S42 -> 150000 | F42: =SUM(F40:F41) -> 150000 | G42: =SUM(G40:G41) -> 0 | H42: ='Sources and Uses Budget'!T42 -> 0 | I42: =SUM(I40:I41) -> 0 | J42: =SUM(J40:J41) -> 0
A43: Total Survey & Engineering | B43: ='Sources and Uses Budget'!C43 -> 80000 | C43: =B43 -> 80000 | E43: ='Sources and Uses Budget'!S43 -> 80000 | F43: =E43 -> 80000 | H43: ='Sources and Uses Budget'!T43 -> 0
A44: CONSTRUCTION INTEREST & FEES
A45: Construction Loan Interest | B45: ='Sources and Uses Budget'!C45 -> 8010412 | C45: =B45 -> 8010412 | E45: ='Sources and Uses Budget'!S45 -> 6422613 | F45: =E45 -> 6422613 | H45: ='Sources and Uses Budget'!T45 -> 0
A46: Origination Fee | B46: ='Sources and Uses Budget'!C46 -> 635520 | C46: =B46 -> 635520 | E46: ='Sources and Uses Budget'!S46 -> 635520 | F46: =E46 -> 635520 | H46: ='Sources and Uses Budget'!T46 -> 0
A47: Credit Enhancement/Application Fee | B47: ='Sources and Uses Budget'!C47 -> 0 | E47: ='Sources and Uses Budget'!S47 -> 0 | H47: ='Sources and Uses Budget'!T47 -> 0
A48: Bond Premium | B48: ='Sources and Uses Budget'!C48 -> 0 | E48: ='Sources and Uses Budget'!S48 -> 0 | H48: ='Sources and Uses Budget'!T48 -> 0
A49: Cost of Issuance | B49: ='Sources and Uses Budget'!C49 -> 275776 | C49: =B49 -> 275776 | E49: ='Sources and Uses Budget'!S49 -> 0 | H49: ='Sources and Uses Budget'!T49 -> 0
A50: Title & Recording | B50: ='Sources and Uses Budget'!C50 -> 150000 | C50: =B50 -> 150000 | E50: ='Sources and Uses Budget'!S50 -> 150000 | F50: =E50 -> 150000 | H50: ='Sources and Uses Budget'!T50 -> 0
A51: Taxes | B51: ='Sources and Uses Budget'!C51 -> 0 | E51: ='Sources and Uses Budget'!S51 -> 0 | H51: ='Sources and Uses Budget'!T51 -> 0
A52: Insurance | B52: ='Sources and Uses Budget'!C52 -> 141000 | C52: =B52 -> 141000 | E52: ='Sources and Uses Budget'!S52 -> 141000 | F52: =E52 -> 141000 | H52: ='Sources and Uses Budget'!T52 -> 0
A53: ='Sources and Uses Budget'!$A53 -> Other: Loan Closing Costs /Underwriting | B53: ='Sources and Uses Budget'!C53 -> 450000 | C53: =B53 -> 450000 | E53: ='Sources and Uses Budget'!S53 -> 450000 | F53: =E53 -> 450000 | H53: ='Sources and Uses Budget'!T53 -> 0
A54: Total Construction Interest & Fees | B54: ='Sources and Uses Budget'!C54 -> 9662708 | C54: =SUM(C45:C53) -> 9662708 | D54: =SUM(D45:D53) -> 0 | E54: ='Sources and Uses Budget'!S54 -> 7799133 | F54: =SUM(F45:F53) -> 7799133 | G54: =SUM(G45:G53) -> 0 | H54: ='Sources and Uses Budget'!T54 -> 0 | I54: =SUM(I45:I53) -> 0 | J54: =SUM(J45:J53) -> 0
A55: PERMANENT FINANCING
A56: Loan Origination Fee | B56: ='Sources and Uses Budget'!C56 -> 0
A57: Credit Enhancement/Application Fee | B57: ='Sources and Uses Budget'!C57 -> 0
A58: Title & Recording | B58: ='Sources and Uses Budget'!C58 -> 0
A59: Taxes | B59: ='Sources and Uses Budget'!C59 -> 0
A60: Insurance | B60: ='Sources and Uses Budget'!C60 -> 0
A61: ='Sources and Uses Budget'!$A61 -> Other: (Specify) | B61: ='Sources and Uses Budget'!C61 -> 0
A62: Total Permanent Financing Costs | B62: ='Sources and Uses Budget'!C62 -> 0 | C62: =SUM(C56:C61) -> 0 | D62: =SUM(D56:D61) -> 0
A63: Subtotals Forward | B63: ='Sources and Uses Budget'!C63 -> 87761008 | C63: =SUM(C8+C11+C13+C14+C15+C26+C27+C38+C42+C43+C54+C62) -> 26761008 | D63: =SUM(D8+D11+D13+D14+D15+D26+D27+D38+D42+D43+D54+D62) -> 61000000 | E63: ='Sources and Uses Budget'!S63 -> 24897433 | F63: =SUM(F10+F13+F14+F15+F26+F27+F38+F42+F43+F54) -> 24897433 | G63: =SUM(G10+G13+G14+G15+G26+G27+G38+G42+G43+G54) -> 0 | H63: ='Sources and Uses Budget'!T63 -> 54579102 | I63: =SUM(I11+I13+I14+I15+I26+I27+I38+I42+I43+I54) -> 0 | J63: =SUM(J11+J13+J14+J15+J26+J27+J38+J42+J43+J54) -> 54579102
A64: LEGAL FEES AND THIRD-PARTY CONSULTING FEES
A65: Lender Legal Paid by Applicant | B65: ='Sources and Uses Budget'!C65 -> 100000 | C65: =B65 -> 100000 | E65: ='Sources and Uses Budget'!S65 -> 100000 | F65: =E65 -> 100000 | H65: ='Sources and Uses Budget'!T65 -> 0
A66: Financial Consulting, Application Preparation/Review | B66: ='Sources and Uses Budget'!C66 -> 0 | E66: ='Sources and Uses Budget'!S66 -> 0 | H66: ='Sources and Uses Budget'!T66 -> 0
A67: Entitlement Services, Building Permit Expediting | B67: ='Sources and Uses Budget'!C67 -> 0 | E67: ='Sources and Uses Budget'!S67 -> 0 | H67: ='Sources and Uses Budget'!T67 -> 0
A68: Tenant File Review Services | B68: ='Sources and Uses Budget'!C68 -> 0 | E68: ='Sources and Uses Budget'!S68 -> 0 | H68: ='Sources and Uses Budget'!T68 -> 0
A69: ='Sources and Uses Budget'!$A69 -> Borrower Legal | B69: ='Sources and Uses Budget'!C69 -> 150000 | C69: =B69 -> 150000 | E69: ='Sources and Uses Budget'!S69 -> 112500 | F69: =E69 -> 112500 | H69: ='Sources and Uses Budget'!T69 -> 0
A70: Total Attorney Costs | B70: ='Sources and Uses Budget'!C70 -> 250000 | C70: =SUM(C64:C69) -> 250000 | D70: =SUM(D64:D69) -> 0 | E70: ='Sources and Uses Budget'!S70 -> 212500 | F70: =SUM(F65:F69) -> 212500 | G70: =SUM(G65:G69) -> 0 | H70: ='Sources and Uses Budget'!T70 -> 0 | I70: =SUM(I65:I69) -> 0 | J70: =SUM(J65:J69) -> 0
A71: RESERVES
A72: Rent Reserves | B72: ='Sources and Uses Budget'!C72 -> 0
A73: Capitalized Rent Reserves | B73: ='Sources and Uses Budget'!C73 -> 0
A74: Required Capitalized Replacement Reserve | B74: ='Sources and Uses Budget'!C74 -> 0
A75: 3-Month Operating Reserve | B75: ='Sources and Uses Budget'!C75 -> 1306000 | C75: =B75 -> 1306000
A76: ='Sources and Uses Budget'!$A76 -> Other: Social Service Reserve | B76: ='Sources and Uses Budget'!C76 -> 840000 | C76: =B76 -> 840000
A77: Total Reserve Costs | B77: ='Sources and Uses Budget'!C77 -> 2146000 | C77: =SUM(C72:C76) -> 2146000 | D77: =SUM(D72:D76) -> 0
A78: CONTINGENCY COSTS
A79: Construction Hard Cost Contingency | B79: ='Sources and Uses Budget'!C79 -> 1639830 | C79: =B79 -> 1639830 | E79: ='Sources and Uses Budget'!S79 -> 1639830 | F79: =E79 -> 1639830 | H79: ='Sources and Uses Budget'!T79 -> 0
A80: Soft Cost Contingency | B80: ='Sources and Uses Budget'!C80 -> 125000 | C80: =B80 -> 125000 | E80: ='Sources and Uses Budget'!S80 -> 125000 | F80: =E80 -> 125000 | H80: ='Sources and Uses Budget'!T80 -> 0
A81: Total Contingency Costs | B81: ='Sources and Uses Budget'!C81 -> 1764830 | C81: =SUM(C79:C80) -> 1764830 | D81: =SUM(D79:D80) -> 0 | E81: ='Sources and Uses Budget'!S81 -> 1764830 | F81: =SUM(F79:F80) -> 1764830 | G81: =SUM(G79:G80) -> 0 | H81: ='Sources and Uses Budget'!T81 -> 0 | I81: =SUM(I79:I80) -> 0 | J81: =SUM(J79:J80) -> 0
A82: OTHER PROJECT COSTS
A83: CTCAC App/Allocation/Monitoring Fees | B83: ='Sources and Uses Budget'!C83 -> 141756 | C83: =B83 -> 141756
A84: Environmental Audit | B84: ='Sources and Uses Budget'!C84 -> 55000 | C84: =B84 -> 55000 | E84: ='Sources and Uses Budget'!S84 -> 55000 | F84: =E84 -> 55000 | H84: ='Sources and Uses Budget'!T84 -> 0
A85: Local Development Impact Fees | B85: ='Sources and Uses Budget'!C85 -> 0 | E85: ='Sources and Uses Budget'!S85 -> 0 | H85: ='Sources and Uses Budget'!T85 -> 0
A86: Permit Processing Fees | B86: ='Sources and Uses Budget'!C86 -> 200000 | C86: =B86 -> 200000 | E86: ='Sources and Uses Budget'!S86 -> 200000 | F86: =E86 -> 200000 | H86: ='Sources and Uses Budget'!T86 -> 0
A87: Capital Fees | B87: ='Sources and Uses Budget'!C87 -> 0 | E87: ='Sources and Uses Budget'!S87 -> 0 | H87: ='Sources and Uses Budget'!T87 -> 0
A88: Marketing | B88: ='Sources and Uses Budget'!C88 -> 0
A89: Furnishings | B89: ='Sources and Uses Budget'!C89 -> 0 | E89: ='Sources and Uses Budget'!S89 -> 0 | H89: ='Sources and Uses Budget'!T89 -> 0
A90: Market Study | B90: ='Sources and Uses Budget'!C90 -> 30000 | C90: =B90 -> 30000 | E90: ='Sources and Uses Budget'!S90 -> 30000 | F90: =E90 -> 30000 | H90: ='Sources and Uses Budget'!T90 -> 0
A91: Accounting/Reimbursables | B91: ='Sources and Uses Budget'!C91 -> 25000 | C91: =B91 -> 25000 | E91: ='Sources and Uses Budget'!S91 -> 0 | H91: ='Sources and Uses Budget'!T91 -> 0
A92: Appraisal Costs | B92: ='Sources and Uses Budget'!C92 -> 0 | E92: ='Sources and Uses Budget'!S92 -> 0 | H92: ='Sources and Uses Budget'!T92 -> 0
A93: ='Sources and Uses Budget'!$A93 -> Other: (Specify) | B93: ='Sources and Uses Budget'!C93 -> 0 | E93: ='Sources and Uses Budget'!S93 -> 0 | H93: ='Sources and Uses Budget'!T93 -> 0
A94: ='Sources and Uses Budget'!$A94 -> Other: (Specify) | B94: ='Sources and Uses Budget'!C94 -> 0 | E94: ='Sources and Uses Budget'!S94 -> 0 | H94: ='Sources and Uses Budget'!T94 -> 0
A95: ='Sources and Uses Budget'!$A95 -> Other: (Specify) | B95: ='Sources and Uses Budget'!C95 -> 0 | E95: ='Sources and Uses Budget'!S95 -> 0 | H95: ='Sources and Uses Budget'!T95 -> 0
A96: Total Other Costs | B96: ='Sources and Uses Budget'!C96 -> 451756 | C96: =SUM(C83:C95) -> 451756 | D96: =SUM(D83:D95) -> 0 | E96: ='Sources and Uses Budget'!S96 -> 285000 | F96: =SUM(F84:F87,F89:F95) -> 285000 | G96: =SUM(G84:G87,G89:G95) -> 0 | H96: ='Sources and Uses Budget'!T96 -> 0 | I96: =SUM(I84:I87,I89:I95) -> 0 | J96: =SUM(J84:J87,J89:J95) -> 0
A97: SUBTOTAL RESIDENTIAL COST | B97: ='Sources and Uses Budget'!C97 -> 92373594 | C97: =SUM(C63+C70+C77+C81+C96) -> 31373594 | D97: =SUM(D63+D70+D77+D81+D96) -> 61000000 | E97: ='Sources and Uses Budget'!S97 -> 27159763 | F97: =SUM(+F63+F70+F81+F96) -> 27159763 | G97: =SUM(+G63+G70+G81+G96) -> 0 | H97: ='Sources and Uses Budget'!T97 -> 54579102 | I97: =SUM(I63+I70+I81+I96) -> 0 | J97: =SUM(J63+J70+J81+J96) -> 54579102
A98: DEVELOPER COSTS
A99: Developer Overhead/Profit | B99: ='Sources and Uses Budget'!C99 -> 6802919 | C99: =B99 -> 6802919 | E99: ='Sources and Uses Budget'!S99 -> 4073964 | F99: =E99 -> 4073964 | H99: ='Sources and Uses Budget'!T99 -> 2728955 | J99: =H99 -> 2728955
A100: Processing Agent Fees | B100: ='Sources and Uses Budget'!C100 -> 0 | E100: ='Sources and Uses Budget'!S100 -> 0 | H100: ='Sources and Uses Budget'!T100 -> 0
...

Sheet CalHFA Addendum
A1: CalHFA Application Addendum to CTCAC Application Workbook
A2: All yellow cells in this addendum must be completed, if applicable.
AX3: AMI Band | BB3: Percent
B4: Project Name | L4: =IF(Application!H18="","",Application!H18) -> SD 427 - Normal Heights/North Park/Linda Vista | AF4: Projected Date for Final Plans: | AX4: 30 AMI | BB4: {=ROUNDDOWN(SUM(IF((B19:I27>0)*(B19:I27<=30%),J19:O27,0))/J29,2)} -> #NAME?
AF5: Projected Date for Design: | AX5: 50 AMI | BB5: {=ROUNDDOWN(SUM(IF((B19:I27>0%)*(B19:I27<=50%),J19:O27,0))/J29,2)} -> #NAME?
B6: Sponsor/Developer Name | L6: =IF(Application!H16="","",Application!H16) -> 427 SD Housing, LP | AF6: Number of Building Stories: | AX6: 70 to 80 AMI | BB6: {=ROUNDDOWN(SUM(IF((B19:I27>60%)*(B19:I27<=80%),J19:O27,0))/J29,2)} -> #NAME?
AF7: Number of Elevators:
B8: Will this project be scattered site? (Defined by CDLAC, Article 1, Section 5100) | AB8: =Application!T197 -> Yes | AF8: Construction Type: | AP8: New Construction | BM8: Construction Type
AF9: Estimated Completion Date | BM9: Acquisition only
B10: CalHFA Permanent Loan Amount | N10: =Application!AO635 -> 28416244 | AF10: Estimated Lease Up Start Date | BM10: Acquisition/Rehab
B11: CalHFA MIP Loan Amount* | N11: =Application!AA941 -> 0 | AF11: Estimated 90% Occupancy Date | BM11: New Construction
BM12: New Construction/Rehab
B13: Did the project obtain entitlement via SB35? | Q13: No | AA13: # ADA Units: | AO13: =Application!W481 -> 19 | BM13: Existing/Rehab
AA14: CalHFA Application Initial/Update Submission Date:
B15: Senior Housing Age Restriction: | S15: =IF(Application!AB215="","",Application!AB215) | AA15: CTCAC Application Submission Date:
B17: Rent Limit Summary Table
B18: Restriction @ AMI | J18: Total | P18: SRO/Studio | V18: 1 Bedroom | AB18: 2 Bedrooms | AH18: 3 Bedrooms | AN18: 4 Bedrooms | AT18: % of Total
B19: 0.3 | J19: =SUM(P19:AS19) -> 26 | P19: {=SUMPRODUCT((Application!$B$726:$B$758 = 'CalHFA Addendum'!P$18)*(Application!$AC$726:$AC$758 = 'CalHFA Addendum'!$B19),Application!$G$726:$G$758)} -> 0 | V19: {=SUMPRODUCT((Application!$B$726:$B$758 = 'CalHFA Addendum'!V$18)*(Application!$AC$726:$AC$758 = 'CalHFA Addendum'!$B19),Application!$G$726:$G$758)} -> 12 | AB19: {=SUMPRODUCT((Application!$B$726:$B$758 = 'CalHFA Addendum'!AB$18)*(Application!$AC$726:$AC$758 = 'CalHFA Addendum'!$B19),Application!$G$726:$G$758)} -> 8 | AH19: {=SUMPRODUCT((Application!$B$726:$B$758 = 'CalHFA Addendum'!AH$18)*(Application!$AC$726:$AC$758 = 'CalHFA Addendum'!$B19),Application!$G$726:$G$758)} -> 6 | AN19: {=SUMPRODUCT((Application!$B$726:$B$758 = 'CalHFA Addendum'!AN$18)*(Application!$AC$726:$AC$758 = 'CalHFA Addendum'!$B19),Application!$G$726:$G$758)} -> 0 | AT19: =J19/$J$29 -> #NAME?
B20: 0.4 | J20: =SUM(P20:AS20) -> 0 | P20: {=SUMPRODUCT((Application!$B$726:$B$758 = 'CalHFA Addendum'!P$18)*(Application!$AC$726:$AC$758 = 'CalHFA Addendum'!$B20),Application!$G$726:$G$758)} -> 0 | V20: {=SUMPRODUCT((Application!$B$726:$B$758 = 'CalHFA Addendum'!V$18)*(Application!$AC$726:$AC$758 = 'CalHFA Addendum'!$B20),Application!$G$726:$G$758)} -> 0 | AB20: {=SUMPRODUCT((Application!$B$726:$B$758 = 'CalHFA Addendum'!AB$18)*(Application!$AC$726:$AC$758 = 'CalHFA Addendum'!$B20),Application!$G$726:$G$758)} -> 0 | AH20: {=SUMPRODUCT((Application!$B$726:$B$758 = 'CalHFA Addendum'!AH$18)*(Application!$AC$726:$AC$758 = 'CalHFA Addendum'!$B20),Application!$G$726:$G$758)} -> 0 | AN20: {=SUMPRODUCT((Application!$B$726:$B$758 = 'CalHFA Addendum'!AN$18)*(Application!$AC$726:$AC$758 = 'CalHFA Addendum'!$B20),Application!$G$726:$G$758)} -> 0 | AT20: =J20/$J$29 -> #NAME?
B21: 0.5 | J21: =SUM(P21:AS21) -> 26 | P21: {=SUMPRODUCT((Application!$B$726:$B$758 = 'CalHFA Addendum'!P$18)*(Application!$AC$726:$AC$758 = 'CalHFA Addendum'!$B21),Application!$G$726:$G$758)} -> 0 | V21: {=SUMPRODUCT((Application!$B$726:$B$758 = 'CalHFA Addendum'!V$18)*(Application!$AC$726:$AC$758 = 'CalHFA Addendum'!$B21),Application!$G$726:$G$758)} -> 12 | AB21: {=SUMPRODUCT((Application!$B$726:$B$758 = 'CalHFA Addendum'!AB$18)*(Application!$AC$726:$AC$758 = 'CalHFA Addendum'!$B21),Application!$G$726:$G$758)} -> 8 | AH21: {=SUMPRODUCT((Application!$B$726:$B$758 = 'CalHFA Addendum'!AH$18)*(Application!$AC$726:$AC$758 = 'CalHFA Addendum'!$B21),Application!$G$726:$G$758)} -> 6 | AN21: {=SUMPRODUCT((Application!$B$726:$B$758 = 'CalHFA Addendum'!AN$18)*(Application!$AC$726:$AC$758 = 'CalHFA Addendum'!$B21),Application!$G$726:$G$758)} -> 0 | AT21: =J21/$J$29 -> #NAME?
B22: 0.6 | J22: =SUM(P22:AS22) -> 180 | P22: {=SUMPRODUCT((Application!$B$726:$B$758 = 'CalHFA Addendum'!P$18)*(Application!$AC$726:$AC$758 = 'CalHFA Addendum'!$B22),Application!$G$726:$G$758)} -> 0 | V22: {=SUMPRODUCT((Application!$B$726:$B$758 = 'CalHFA Addendum'!V$18)*(Application!$AC$726:$AC$758 = 'CalHFA Addendum'!$B22),Application!$G$726:$G$758)} -> 95 | AB22: {=SUMPRODUCT((Application!$B$726:$B$758 = 'CalHFA Addendum'!AB$18)*(Application!$AC$726:$AC$758 = 'CalHFA Addendum'!$B22),Application!$G$726:$G$758)} -> 52 | AH22: {=SUMPRODUCT((Application!$B$726:$B$758 = 'CalHFA Addendum'!AH$18)*(Application!$AC$726:$AC$758 = 'CalHFA Addendum'!$B22),Application!$G$726:$G$758)} -> 33 | AN22: {=SUMPRODUCT((Application!$B$726:$B$758 = 'CalHFA Addendum'!AN$18)*(Application!$AC$726:$AC$758 = 'CalHFA Addendum'!$B22),Application!$G$726:$G$758)} -> 0 | AT22: =J22/$J$29 -> #NAME?
B23: 0.7 | J23: =SUM(P23:AS23) -> 0 | P23: {=SUMPRODUCT((Application!$B$726:$B$758 = 'CalHFA Addendum'!P$18)*(Application!$AC$726:$AC$758 = 'CalHFA Addendum'!$B23),Application!$G$726:$G$758)} -> 0 | V23: {=SUMPRODUCT((Application!$B$726:$B$758 = 'CalHFA Addendum'!V$18)*(Application!$AC$726:$AC$758 = 'CalHFA Addendum'!$B23),Application!$G$726:$G$758)} -> 0 | AB23: {=SUMPRODUCT((Application!$B$726:$B$758 = 'CalHFA Addendum'!AB$18)*(Application!$AC$726:$AC$758 = 'CalHFA Addendum'!$B23),Application!$G$726:$G$758)} -> 0 | AH23: {=SUMPRODUCT((Application!$B$726:$B$758 = 'CalHFA Addendum'!AH$18)*(Application!$AC$726:$AC$758 = 'CalHFA Addendum'!$B23),Application!$G$726:$G$758)} -> 0 | AN23: {=SUMPRODUCT((Application!$B$726:$B$758 = 'CalHFA Addendum'!AN$18)*(Application!$AC$726:$AC$758 = 'CalHFA Addendum'!$B23),Application!$G$726:$G$758)} -> 0 | AT23: =J23/$J$29 -> #NAME?
B24: 0.8 | J24: =SUM(P24:AS24) -> 0 | P24: {=SUMPRODUCT((Application!$B$726:$B$758 = 'CalHFA Addendum'!P$18)*(Application!$AC$726:$AC$758 = 'CalHFA Addendum'!$B24),Application!$G$726:$G$758)} -> 0 | V24: {=SUMPRODUCT((Application!$B$726:$B$758 = 'CalHFA Addendum'!V$18)*(Application!$AC$726:$AC$758 = 'CalHFA Addendum'!$B24),Application!$G$726:$G$758)} -> 0 | AB24: {=SUMPRODUCT((Application!$B$726:$B$758 = 'CalHFA Addendum'!AB$18)*(Application!$AC$726:$AC$758 = 'CalHFA Addendum'!$B24),Application!$G$726:$G$758)} -> 0 | AH24: {=SUMPRODUCT((Application!$B$726:$B$758 = 'CalHFA Addendum'!AH$18)*(Application!$AC$726:$AC$758 = 'CalHFA Addendum'!$B24),Application!$G$726:$G$758)} -> 0 | AN24: {=SUMPRODUCT((Application!$B$726:$B$758 = 'CalHFA Addendum'!AN$18)*(Application!$AC$726:$AC$758 = 'CalHFA Addendum'!$B24),Application!$G$726:$G$758)} -> 0 | AT24: =J24/$J$29 -> #NAME?
B25: 0.9 | AT25: =J25/$J$29 -> #NAME?
B26: 1 | AT26: =J26/$J$29 -> #NAME?
B27: 1.2 | AT27: =J27/$J$29 -> #NAME?
B28: Manager's Unit | J28: =SUM(P28:AS28) -> #NAME? | P28: =_xludf.IFNA(VLOOKUP(P$18,Application!$J$779:$S$782,6,FALSE), 0) -> #NAME? | V28: =_xludf.IFNA(VLOOKUP(V$18,Application!$J$779:$S$782,6,FALSE), 0) -> #NAME? | AB28: =_xludf.IFNA(VLOOKUP(AB$18,Application!$J$779:$S$782,6,FALSE), 0) -> #NAME? | AH28: =_xludf.IFNA(VLOOKUP(AH$18,Application!$J$779:$S$782,6,FALSE), 0) -> #NAME? | AN28: =_xludf.IFNA(VLOOKUP(AN$18,Application!$J$779:$S$782,6,FALSE), 0) -> #NAME? | AT28: =J28/$J$29 -> #NAME?
B29: Total | J29: =SUM(J19:O28) -> #NAME? | P29: =SUM(P19:U28) -> #NAME? | V29: =SUM(V19:AA28) -> #NAME? | AB29: =SUM(AB19:AG28) -> #NAME? | AH29: =SUM(AH19:AM28) -> #NAME? | AN29: =SUM(AN19:AS28) -> #NAME? | AT29: =J29/$J$29 -> #NAME?
B31: NUMBER OF UNITS AND AMI RENTS RESTRICTED BY EACH AGENCY
B32: *Regulatory Source (Type in Lender Names) | J32: Recordation (lien) Priority if Recorded Document | N32: Term of Agreement (years) | R32: Number of Units Restricted For Each AMI Category
R33: (enter various AMI%'s in each columns yellow field, then show the number of regulated units for each AMI, by Source)
R35: 0.3 | V35: 0.4 | Z35: 0.5 | AD35: 0.6 | AH35: 0.7 | AL35: 0.8 | AP35: 1.2 | AS35: Total Regulated | AY35: % Regulated
B36: CalHFA Bond | J36: 1st | N36: 55 | AS36: =SUM(R36:AR36) -> 0 | AY36: =AS36/$J$29 -> #NAME?
B37: CalHFA MIP | J37: 2nd | N37: 55 | AS37: =SUM(R37:AR37) -> 0 | AY37: =AS37/$J$29 -> #NAME?
B38: CTCAC | J38: 3rd | N38: 55 | AS38: =SUM(R38:AR38) -> 0 | AY38: =AS38/$J$29 -> #NAME?
B39: City [Add Funding Type] | AS39: =SUM(R39:AR39) -> 0 | AY39: =AS39/$J$29 -> #NAME?
B40: City [Add Funding Type] | AS40: =SUM(R40:AR40) -> 0 | AY40: =AS40/$J$29 -> #NAME?
B41: County [Add Funding Type] | AS41: =SUM(R41:AR41) -> 0 | AY41: =AS41/$J$29 -> #NAME?
B42: County [Add Funding Type] | AS42: =SUM(R42:AR42) -> 0 | AY42: =AS42/$J$29 -> #NAME?
B43: HAP Use Agreement | AS43: =SUM(R43:AR43) -> 0 | AY43: =AS43/$J$29 -> #NAME?
B44: Local Dev Agreement | AS44: =SUM(R44:AR44) -> 0 | AY44: =AS44/$J$29 -> #NAME?
B45: Density Bonus or CUP | AS45: =SUM(R45:AR45) -> 0 | AY45: =AS45/$J$29 -> #NAME?
B46: Ground Lease | N46: 99 | AS46: =SUM(R46:AR46) -> 0 | AY46: =AS46/$J$29 -> #NAME?
B47: Other | AS47: =SUM(R47:AR47) -> 0 | AY47: =AS47/$J$29 -> #NAME?
B48: *Note: Enter information based on the anticipated order of lien/recordation priority. Revise the AMI levels as needed to reflect the anticipated restrictions.
B49: If more space is needed for this chart, Applicant may submit a separate supplemental chart in the same format.
B50: Social Service Proposed Budget and Information
B51: Provider Name | J51: Contract Term (Years) | R51: Proposed Cost/Budget of Services Amenities ($) | Z51: Number of hours for services staff members per week | AH51: Funding Source, if not part of operating expense
B52: Services Company 1 | J52: 0 | R52: 0 | Z52: 0
B53: Services Company 2 | J53: 0 | R53: 0 | Z53: 0
B57: Total | R57: =SUM(R52:Y56) -> 0 | Z57: =SUM(Z52:AG56) -> 0
B59: Provider Name | J59: Description of Service (If necessary, use separate sheet)
B60: =IF(B52="","",B52) -> Services Company 1
B61: =IF(B53="","",B53) -> Services Company 2
B62: =IF(B54="","",B54)
B63: =IF(B55="","",B55)
B64: =IF(B56="","",B56)
B66: Site Acquisition Information
B68: Carrying Costs Breakdown (total carrying costs should match S/U budget) | AC68: Is the acquisition transaction between related parties? | AV68: No | BM68: Yes or No
B69: Cost Description | O69: Amount $ | AC69: If yes, when was the last arms-length transaction? | AV69: No | BM69: Yes
B70: Purchase Loan Interest: | O70: 0 | AC70: Seller: | BM70: No
B71: Taxes: | O71: 0 | AC71: Buyer: | BM71: N/A - provide explanation
B72: Insurance: | O72: 0 | AC72: If related parties (or N/A), please provide detailed explanation:
B73: Other: <Enter information> | O73: 0 | AC73: <insert information>
B75: Total: | O75: =SUM(O70:AA74) -> 0
B78: Developer (General Partner)
B79: Name:
B81: Developer Experience (Enter # for Each Phase - pipeline, under construction, completed) | AJ81: Does the Sponsor/Developer alone meet the minimum 7 points requirement pursuant to CDLAC Regulations Section 5105(f)? | AY81: Yes
I82: Pipeline | O82: Under Construction | V82: Completed within past 5 years in CA | AB82: In CalHFA Portfolio
B84: # of Affordable | I84: 0 | O84: 0 | V84: 0 | AB84: 0
B85: # of Market Rate | I85: 0 | O85: 0 | V85: 0 | AB85: 0 | AJ85: If no or N/A, provide explanation:
B86: Total # of Units | I86: 0 | O86: 0 | V86: 0 | AB86: 0
B89: Co-Developer/Co-General Partner
B90: Name:
B92: Co-Developer Experience (Enter # for Each Phase - pipeline, under construction, completed) | AJ92: Does the Co-Sponsor/Developer alone meet the minimum 7 points requirement pursuant to CDLAC Regulations Section 5105(f)? | AY92: Yes
I93: Pipeline | O93: Under Construction | V93: Completed within past 5 years in CA | AB93: In CalHFA Portfolio
B95: # of Affordable | I95: 0 | O95: 0 | V95: 0 | AB95: 0
B96: # of Market Rate | I96: 0 | O96: 0 | V96: 0 | AB96: 0 | AJ96: If no or N/A, provide explanation:
B97: Total # of Units | I97: 0 | O97: 0 | V97: 0 | AB97: 0
B99: Development Pipeline For Other General Partner
B100: Name:
B102: Other General Partner Experience (Enter # in Each Phase - pipeline, under construction, completed)
I103: Pipeline | O103: Under Construction | V103: Completed within past 5 years in CA | AB103: In CalHFA Portfolio
B105: # of Affordable | I105: 0 | O105: 0 | V105: 0 | AB105: 0
B106: # of Market Rate | I106: 0 | O106: 0 | V106: 0 | AB106: 0
B107: Total # of Units | I107: 0 | O107: 0 | V107: 0 | AB107: 0
B109: Management Company Information
B110: Name:
B112: Does the management company meet the minimum 3 points requirement pursuant to CDLAC Regulations Section 5105(f)? | U112: Yes
B116: Does the management company meet the minimum 3 points requirement pursuant to CDLAC Regulations Section 5105(f)? | U116: Yes
B119: Development Pipeline For Management Company
X120: Does the project include green design features? If yes, include a brief description below and list any green certifications that are anticipated:
B121: Management Company Experience
I122: Projects in CA | O122: Projects in CalHFA Portfolio | X122: <insert information>
B123: # of Affordable Projects | I123: 0 | O123: 0
B124: # of Market Rate Projects | I124: 0
B126: Development Pipeline For General Contractor
B128: GC Experience (Enter # in Each Stage)
I129: Under Construction | P129: Completed within past 5 years in CA
B131: # of Affordable Projects | I131: 0 | P131: 0
...

Sheet Basis & Credits
A1: V. BASIS AND CREDITS : 4% FEDERAL AND STATE CREDIT
A3: =+A1 -> V. BASIS AND CREDITS : 4% FEDERAL AND STATE CREDIT
A5: A. | C5: Determination of Eligible and Qualified Basis
C6: Projects w/ building(s) located in DDA/QCT areas & Non-DDA/Non-QCT areas, bifurcate accordingly.
T7: =IF(T25=100%,'Sources and Basis Breakdown'!G2,'Sources and Basis Breakdown'!F2) -> 30% PVC for New Const/ Rehabilitation NON-DDA/ NON-QCT Building(s) | Y7: =IF(T25=100%,"",'Sources and Basis Breakdown'!G2) | AD7: =IF(T25=100%, 'Sources and Basis Breakdown'!J2,'Sources and Basis Breakdown'!I2) -> 30% PVC for Acquisition NON-DDA/ NON-QCT Building(s) | AI7: =IF(T25=100%,"",'Sources and Basis Breakdown'!J2)
B11: Total Eligible Basis: | T11: =IF('Sources and Basis Breakdown'!F107=0,'Sources and Basis Breakdown'!E107,'Sources and Basis Breakdown'!F107) -> 31233727 | Y11: =IF(Y7="",0,IF('Sources and Basis Breakdown'!G107+'Sources and Basis Breakdown'!F107='Sources and Basis Breakdown'!E107,'Sources and Basis Breakdown'!G107,0)) -> 0 | AD11: =IF('Sources and Basis Breakdown'!I107=0,'Sources and Basis Breakdown'!H107,'Sources and Basis Breakdown'!I107) -> 57308057 | AI11: =IF(Y7="",0,IF('Sources and Basis Breakdown'!I107+'Sources and Basis Breakdown'!J107='Sources and Basis Breakdown'!H107,'Sources and Basis Breakdown'!J107,0)) -> 0
B12: Ineligible Amounts
C13: Subtract All Grant Proceeds Used to Finance Costs in Eligible Basis:
C14: Subtract Non-Qualified Non-Recourse Financing:
C15: Subtract Non-Qualifying Portion of Higher Quality Units:
C16: Subtract Photovoltaic Credit (as applicable):
C17: Subtract Historic Credit (residential portion only):
C18: Subtract (specify other ineligible amounts):
C19: Subtract (specify other ineligible amounts):
B20: Total Ineligible Amounts: | T20: =SUM(T13:X19) -> 0 | Y20: =SUM(Y13:AC19) -> 0 | AD20: =SUM(AD13:AH19) -> 0 | AI20: =SUM(AI13:AM19) -> 0
B21: *Total Eligible Basis Amount Voluntarily Excluded:
B22: Total Basis Reduction: | T22: =(ABS(T20)+ABS(T21))*-1 -> 0 | Y22: =(Y20+Y21)*-1 -> 0 | AD22: =(AD20)*-1 -> 0 | AI22: =(AI20)*-1 -> 0
B23: Total Requested Unadjusted Eligible Basis: | T23: =T11+T22 -> 31233727 | Y23: =Y11+Y22 -> 0 | AD23: =AD11+AD22 -> 57308057 | AI23: =AI11+AI22 -> 0
B24: Total Adjusted Threshold Basis Limit: | T24: =Application!AJ1060 -> 1.6485918e+08
B25: **QCT or DDA Adjustment: | T25: =IF(OR(Application!T196="yes",Application!T195="yes"),1.3,1) -> 1 | Y25: 1 | AD25: 1 | AI25: 1
B26: Total Adjusted Eligible Basis: | T26: =T23*T25 -> 31233727 | Y26: =Y23*Y25 -> 0 | AD26: =AD23*AD25 -> 57308057 | AI26: =AI23*AI25 -> 0
B27: Applicable Fraction: | T27: =Application!$AG$454 -> 1 | Y27: =Application!$AG$454 -> 1 | AD27: =Application!$AG$454 -> 1 | AI27: =Application!$AG$454 -> 1
B28: Qualified Basis: | T28: =IF(ISERROR((T26*T27)),0,(T26*T27)) -> 31233727 | Y28: =IF(ISERROR((Y26*Y27)),0,(Y26*Y27)) -> 0 | AD28: =IF(ISERROR((AD26*AD27)),0,(AD26*AD27)) -> 57308057 | AI28: =IF(ISERROR((AI26*AI27)),0,(AI26*AI27)) -> 0
B29: Total Qualified Basis: | T29: =T28+Y28+AD28+AI28 -> 88541784
B30: *Voluntary exclusions of eligible basis should be made from rehabilitation eligible basis.
B31: **130% boost if the building(s) is/are located in a DDA or QCT, or Reg. Section 10317(d) as applicable.
C32: (Boost is auto calculated from your selection in: II. APPLICATION - SECTION 2: GENERAL AND SUMMARY INFORMATION - B)
A34: B. | C34: Determination of Federal Credit
Y35: New Const/ Rehab | AD35: Acquisition
B38: Qualified Basis: | Y38: =IF(T24>=(T23+Y23+AD23+AI23),T28+Y28,0) -> 31233727 | AD38: =IF(T24>=(T23+Y23+AD23+AI23),AD28+AI28,0) -> 57308057
B39: Applicable Percentage: | Y39: 0.04 | AD39: 0.04
B40: Subtotal Annual Federal Credit: | Y40: =ROUND(Y38*Y39,0) -> 1249349 | AD40: =ROUND(AD38*AD39,0) -> 2292322
B41: Total Combined Annual Federal Credit: | Y41: =Y40+AD40 -> 3541671
A44: Federal Credit
A46: C. | C46: Determination of Minimum Federal Credit Necessary For Feasibility
D47: Total Project Cost | AB47: ='Sources and Uses Budget'!B105-MAX(IF('Sources and Uses Budget'!B15="",0,'Sources and Uses Budget'!B15),IF(Application!AG403="",0,Application!AG403)) -> 99176513
D48: Permanent Financing | AB48: =Application!AO647-MAX(IF('Sources and Uses Budget'!B15="",0,'Sources and Uses Budget'!B15),IF(Application!AG403="",0,Application!AG403)) -> 70488978
D49: Funding Gap | AB49: =AB47-AB48 -> 28687535
D50: Federal Tax Credit Factor | AB50: 0.81
E51: Federal tax credit factor must be at least $1.00 for self-syndication projects or at least $0.75 for all other projects.
D54: Total Credits Necessary for Feasibility | AB54: =ROUND(IF(ISERROR((AB49/AB50)),0,(AB49/AB50)),0) -> 35416710
D55: Annual Federal Credit Necessary for Feasibility | AB55: =(AB54/10) -> 3541671
D56: Maximum Annual Federal Credits | AB56: =ROUND((IF((Y41<AB55),Y41,AB55)),0) -> 3541671
D57: Equity Raised From Federal Credit | AB57: =ROUND((10*AB56*AB50),0) -> 28687535
D59: Remaining Funding Gap | AB59: =AB49-AB57 -> 0
A61: =IF(Application!AP205="yes","Farmworker State Credit", "State Credit" ) -> State Credit
A63: D. | C63: Determination of State Credit | Y63: NC/Rehab | AD63: Acquisition
D64: State Credit Basis | Y64: =IF(Application!$Z$205="(select)",0,((T23*T27)+Y28)) -> 0 | AD64: =IF(AND(OR(Application!D211="At-Risk",Application!D211="At-Risk and Special Needs"),Application!M367="yes"),AD28+AI28,0) -> 57308057
E65: New construction or rehabilitation basis only; no acquisition basis except for At-Risk projects eligible for State Credit
E66: AB 101 ($500M) State Credit available for new construction only, no rehabilitation or replacement housing units
D67: Factor Amount | Y67: =IF(OR(Application!Z205="State Farmworker Credit",Application!Z205="$500M (Farmworker Housing)"),0.75,IF(Application!Z205="15% set-aside",0.13,IF(Application!Z205="15% set-aside with qualifying low value rehab",0.95,IF(Application!Z205="$500M",0.3,0)))) -> 0 | AD67: =IF(Application!Z205="15% set-aside with qualifying low value rehab", 0.95,IF(OR(Application!D211="At-Risk",'Points System'!B26="Yes"),0.13,0)) -> 0.13
D68: Maximum Subtotal State Credit | Y68: =IF(AND(T25=1.3,OR(Y67=0.13,Y67=0.95),NOT(Application!T212>=50%)),0,ROUND(Y64*Y67,0)) -> 0 | AD68: =IF(AND(T25=1.3,AD67>0,NOT(Application!T212>=50%)),0,ROUND(AD64*AD67,0)) -> 7450047
D69: Total Maximum State Credit | Y69: =IF(OR(Application!Z205="State Farmworker Credit",Application!Z205="$500M (Farmworker Housing)"),Y68+AD68,MIN(Y68+AD68,200000*(Application!G759+Application!O783))) -> 7450047
A71: E. | C71: Determination of Minimum State Credit Necessary for Feasibility
D72: State Tax Credit Factor
E73: State tax credit factor must be at least $0.80 for "certified" state credits; at least $0.79 for self-syndication projects; or at least $0.70 for all other projects.
D77: State Credit Necessary for Feasibility | AB77: =ROUND(IF(ISERROR((AB59/AB72)),0,(AB59/AB72)),0) -> 0
D78: Maximum State Credit | AB78: =ROUNDUP(MIN(Y69,AB77),0) -> 0
D79: Equity Raised from State Credit | AB79: =AB78*AB72 -> 0
D81: Remaining Funding Gap | AB81: =AB49-(AB57+AB79) -> 0
J82: =IF(AB81>0,"FUNDING GAP MUST NOT EXCEED ZERO","")

Sheet Points System
A1: CDLAC POINTS SYSTEM
A4: a. | B4: The following criteria will be used to evaluate and rank all Qualified Residential Rental Project applications.
A7: b. | B7: Acquisition/Rehabilitation Project Priorities | AE7: Maximum 20 Points
B9: 1. A project meeting all of the following criteria shall receive 10 points:
B11: N/A | E11: The project does not result in a distribution of net project equity, as that term is defined in Section 10302(gg) of the CTCAC Regulations, to a general partner or a related party to the general partner. (There may be a buyout of a limited partner or equity distributed to a third party seller);
B15: N/A | E15: There is no partial or full repayment of existing soft financing, except for loans less than or equal to the greater of $500,000 or 1.5% of the project’s total development costs or for temporary repayments that will be restored in the permanent financing; and
B19: N/A | E19: The application’s developer fee limit pursuant to CTCAC Regulation Section 10327(c)(2) is further limited to a cash-out developer fee no greater than 80% of the CTCAC cash-out developer fee limit.
AO20: =IF(AND(B11="Yes",B15="Yes",B19="Yes"),10,0) -> 0 | AP20: points
B22: 2. Select One Option
C24: (A) A project that meets the following shall receive 20 points:
B26: Yes | E26: At Risk Project | AO26: =IF($B26="yes",20,0) -> 20 | AP26: points
C28: (B) A project that meets at least one of the following shall receive 9 points:
B30: N/A | E30: (i) A replacement or rehabilitation project approved by HUD pursuant to a Section 18 or 22 Demolition/Disposition authorization. | AO30: =IF($B30="yes",9,0) -> 0
AO31: =IF($B33="yes",9,0) -> 0
AO32: =IF($B37="yes",9,0) -> 0
B33: N/A | E33: (ii) A project being rehabilitated under the HUD Rental Assistance Demonstration (RAD) Program, or a rehabilitation project that has received a new Section 515 loan from the United States Department of Agriculture; | AO33: =IF($B39="yes",9,0) -> 0
AO34: =MAX(AO30,AO31,AO32,AO33) -> 0 | AP34: points
B37: N/A | E37: (iii) A project that received an award from HCD’s Portfolio Reinvestment Program; or
B39: N/A | E39: (iv) A project with a pre-1999 HCD loan.
C41: (C) A project that meets at least one of the following shall receive 8 points:
B43: N/A | E43: (i) A project with at least $120,000 in hard construction costs per tax credit unit and is replacing at least two major building systems; or | AO43: =IF($B43="yes",8,0) -> 0
AO44: =IF($B46="yes",8,0) -> 0
AO45: =IF($B49="yes",8,0) -> 0
B46: N/A | E46: (ii) A project applying as an SRO housing type, as defined in Section 10325(g) of the CTCAC regulations, and the rehabilitation will add a bathroom and complete kitchen to each unit. | AO46: =IF($B52="yes",8,0) -> 0
AO47: =MAX(AO43,AO44,AO45,AO46) -> 0 | AP47: points
B49: N/A | E49: (iii) A component one project being rehabilitated under the HUD Rental Assistance Demonstration (RAD) Program
B52: N/A | E52: (iv) A project that received an award from HCD’s Portfolio Reinvestment Program
C54: (D) A project that meets at least one of the following shall receive 7 points:
AO55: =IF($B56="yes",7,0) -> 0
B56: N/A | E56: (i) A project that has previously received an allocation of Low-Income Housing Tax Credits where it has been greater than 20 years from the placed in service date; or | AO56: =IF($B59="yes",7,0) -> 0
AO57: =MAX(AO55:AO56) -> 0 | AP57: points
B59: N/A | E59: (ii) A project that has never received an allocation of Low Income Housing Tax Credits.
AO60: =IF(AO26>0,AO26,SUM(AO20,MAX(AO34,AO47,AO57))) -> 20 | AP60: points
AJ61: Total Points for Acquisition/Rehabilitation Project Priorities: | AK61: =AO60 -> 20
A64: c. General Partner and Management Company Characteristics | B64: New Construction Density and Local Incentives | AE64: Maximum 10 Points
B65: SELECT ONE OPTION (Limited to New Construction Projects and qualifying Adaptive Reuse Projects)
B67: N/A | D67: (1) | E67: The local jurisdiction has approved the project: pursuant to Section 65913.4 of the Government Code; or at a density greater than that allowed by the site's zoning through the use of a density bonus allowed by Government Code Section 65915; or pursuant to a local ordinance, or with concessions and/or waivers granted pursuant to Government Code Section 65915; | AO67: =IF($B67="yes",10,0) -> 0
AO68: =IF(AND($B73="yes",OR(E74="Yes",E75="Yes",E76="Yes")),10,0) -> 0
AO69: =IF($B78="yes",10,0) -> 0
AO70: =IF($B81="yes",10,0) -> 0
AO71: =IF(SUM(AO67:AO70)>10,10,(SUM(AO67:AO70))) -> 0 | AP71: total
B73: N/A | D73: (2) | E73: The project is being developed at a per net acre density that meets or exceeds one of the following:
E74: N/A | H74: 100 bedrooms per net acre in a metropolitan county; or
E75: N/A | H75: 60 bedrooms per net acre in a suburban jurisdiction; or
E76: N/A | H76: 40 bedrooms per net acre in all other areas.
B78: N/A | D78: (3) | E78: The project is located in a city or unincorporated portion of a county for which HCD has designated the city or county, respectively, as pro-housing pursuant Government Code Section 65589.9(c).
B81: N/A | D81: (4) | E81: The project obtained land‐use approvals prior to January 1, 2022.
AJ83: Total Points for New Construction Density and Local Incentives: | AK83: =IF(AK61>0,0,AO71) -> 0
A86: d. General Partner and Management Company Characteristics | B86: Exceeding Minimum Income Restrictions | AE86: Maximum 20 Points
B87: SELECT ONE OPTION
B89: N/A | D89: (1) | E89: Two points for each full one percent that the targeted average affordability of tax credit units is less than 60% of area median income (AMI) subject to the Gross Rent definition
E92: =Application!AC759 -> 0.55517241 | J92: Targeted Average Affordability
E93: =0.6-ROUNDUP(E92,2) -> 0.04 | J93: Percent less than 60% AMI
E94: =IF(E93*200>20,20,E93*200) -> 8 | J94: Points | AP94: =IF(B89="yes",E94,0) -> 0 | AQ94: points
B97: Yes | D97: (2) | E97: Twenty points if the average affordability of tax credit units is less than or equal to 60% of area median income, provided that at least 10% of tax credit units are restricted at or below 30% of area median income (AMI) and an additional 10% of tax credits units are restricted at or below 50% of area median income, subject to the Gross Rent definition
E102: =Application!AC759 -> 0.55517241 | J102: Targeted Average Affordability
E103: =SUMIF(Application!AC726:AG758,0.2,Application!G726:J758)/Application!G759+SUMIF(Application!AC726:AG758,0.25,Application!G726:J758)/Application!G759+SUMIF(Application!AC726:AG758,0.3,Application!G726:J758)/Application!G759 -> 0.11206897 | J103: Percent of tax credit units restricted at 30% AMI
E104: =SUMIF(Application!AC726:AG758,0.35,Application!G726:J758)/Application!G759+SUMIF(Application!AC726:AG758,0.4,Application!G726:J758)/Application!G759+SUMIF(Application!AC726:AG758,0.45,Application!G726:J758)/Application!G759+SUMIF(Application!AC726:AG758,0.5,Application!G726:J758)/Application!G759 -> 0.11206897 | J104: Percent of tax credit units restricted at 50% AMI
E105: =IF(AND(E102<=0.6,OR(AND(E103>=0.1,E104>=0.1),AND(E103>0.1,(E103+E104)>=0.2))),20,0) -> 20 | J105: Points | AP105: =IF(B97="yes",E105,0) -> 20 | AQ105: points
AJ108: Total Points for Exceeding Minimum Income Restrictions: | AK108: =MAX(AP94,AP105) -> 20
A111: e. General Partner and Management Company Characteristics | B111: Exceeding Minimum Rent Restrictions | AE111: Maximum 10 Points | AO111: =Application!B726 -> 1 Bedroom | AQ111: =Application!O726 -> 880
B112: SELECT ONE OPTION | AO112: =Application!B727 -> 1 Bedroom | AQ112: =Application!O727 -> 1536
AO113: =Application!B728 -> 1 Bedroom | AQ113: =Application!O728 -> 1864
B114: N/A | D114: (1) | E114: One point for each full one percent that the average affordability of the tax credit units is more than ten percent below the average adjusted rental rates of comparable market-rate units as demonstrated by each applicable Rent Comparability Matrix. This percentage shall be calculated separately for units of each bedroom count, with the results for each unit type weighted relative to the percentage of tax credit units of that type in the project, and the resulting percentage shall be used to determine the final point score. In cases where unit sizes of the same unit type vary, the smallest of these units shall be the basis for comparison. When family comparables are used in addition to senior comparables (outside the 1-mile radius) points will be calculated using the family comparables. | AO114: =Application!#REF! -> #REF! | AQ114: =Application!#REF! -> #REF! | AU114: UNIT TYPE | AV114: # | AW114: WEIGHT
AO115: =Application!B729 -> 2 Bedrooms | AQ115: =Application!O729 -> 1043 | AU115: =E123 -> Studio/SRO | AV115: {=SUM(IF(Application!B726:F758="SRO/Studio",Application!G726:J758))} -> 0 | AW115: =AV115/AV121 -> 0
AO116: =Application!B730 -> 2 Bedrooms | AQ116: =Application!O730 -> 1830 | AU116: =J123 -> 1-bedroom | AV116: {=SUM(IF(Application!B726:F758="1 Bedroom",Application!G726:J758))} -> 119 | AW116: =AV116/AV121 -> 0.51293103
AO117: =Application!B731 -> 2 Bedrooms | AQ117: =Application!O731 -> 2224 | AU117: =O123 -> 2-bedroom | AV117: {=SUM(IF(Application!B726:F758="2 Bedrooms",Application!G726:J758))} -> 68 | AW117: =AV117/AV121 -> 0.29310345
AO118: =Application!B732 -> 1 Bedroom | AQ118: =Application!O732 -> 880 | AU118: =T123 -> 3-bedroom | AV118: {=SUM(IF(Application!B726:F758="3 Bedrooms",Application!G726:J758))} -> 45 | AW118: =AV118/AV121 -> 0.19396552
AO119: =Application!B733 -> 1 Bedroom | AQ119: =Application!O733 -> 1536 | AU119: =Y123 -> 4-bedroom | AV119: {=SUM(IF(Application!B726:F758="4 Bedrooms",Application!G726:J758))} -> 0 | AW119: =AV119/AV121 -> 0
AO120: =Application!B734 -> 1 Bedroom | AQ120: =Application!O734 -> 1864 | AU120: =AD123 -> 5-bedroom | AV120: {=SUM(IF(Application!B726:F758="5 Bedrooms",Application!G726:J758))} -> 0 | AW120: =AV120/AV121 -> 0
AO121: =Application!#REF! -> #REF! | AQ121: =Application!#REF! -> #REF! | AV121: =SUM(AV115:AV120) -> 232 | AW121: =SUM(AW115:AW120) -> 1
AO122: =Application!B735 -> 2 Bedrooms | AQ122: =Application!O735 -> 1043
E123: Studio/SRO | J123: 1-bedroom | O123: 2-bedroom | T123: 3-bedroom | Y123: 4-bedroom | AD123: 5-bedroom | AO123: =Application!B736 -> 2 Bedrooms | AQ123: =Application!O736 -> 1830
AO124: =Application!B737 -> 2 Bedrooms | AQ124: =Application!O737 -> 2224
E125: Adjusted Rent from Market Study Rent Comparability Matrix: | AO125: =Application!B738 -> 3 Bedrooms | AQ125: =Application!O738 -> 1186
J126: 2238 | O126: 2733 | T126: 3408 | Y126: 3769 | AO126: =Application!B739 -> 3 Bedrooms | AQ126: =Application!O739 -> 2095
AO127: =Application!B740 -> 3 Bedrooms | AQ127: =Application!O740 -> 2550
E128: Weighted Average Rent from Application Unit Table | AO128: =Application!B741 -> 3 Bedrooms | AQ128: =Application!O741 -> 1186
E129: =Application!DX678 -> 0 | J129: =Application!EC678 -> 1731.6975 | O129: =Application!EH678 -> 2038.7059 | T129: =Application!EM678 -> 2307.4667 | Y129: =Application!ER678 -> 0 | AD129: =Application!EW678 -> 0 | AO129: =Application!B742 -> 3 Bedrooms | AQ129: =Application!O742 -> 2095
AO130: =Application!B743 -> 3 Bedrooms | AQ130: =Application!O743 -> 2550
E131: Percent Below Market Rent | AO131: =Application!B744 -> 0 | AQ131: =Application!O744 -> 0
E132: =(E126-E129)/E126 -> #DIV/0! | J132: =(J126-J129)/J126 -> 0.2262299 | O132: =(O126-O129)/O126 -> 0.25404102 | T132: =(T126-T129)/T126 -> 0.32292645 | Y132: =(Y126-Y129)/Y126 -> 1 | AD132: =(AD126-AD129)/AD126 -> #DIV/0! | AO132: =Application!B745 -> 0 | AQ132: =Application!O745 -> 0
AO133: =Application!B746 -> 0 | AQ133: =Application!O746 -> 0
E134: Percent Below Market (portion more than 10% below) Weighted by Percent of Tax Credit Units | AO134: =Application!B747 -> 0 | AQ134: =Application!O747 -> 0
E135: =IF(((E132-0.1)*AW115)>0,((E132-0.1)*AW115),0) -> #DIV/0! | J135: =IF(((J132-0.1)*AW116)>0,((J132-0.1)*AW116),0) -> 0.064747234 | O135: =IF(((O132-0.1)*AW117)>0,((O132-0.1)*AW117),0) -> 0.045149955 | T135: =IF(((T132-0.1)*AW118)>0,((T132-0.1)*AW118),0) -> 0.043240044 | Y135: =IF(((Y132-0.1)*AW119)>0,((Y132-0.1)*AW119),0) -> 0 | AD135: =IF(((AD132-0.1)*AW120)>0,((AD132-0.1)*AW120),0) -> #DIV/0! | AO135: =Application!B758 -> 0 | AQ135: =Application!O758 -> 0
E137: =ROUNDDOWN(SUMIF(E135:AG135,">0"),2) -> 0.15 | J137: Sum of Weighted Percents (rounded to full percentage)
E138: =IF((E137*100)>10,10,E137*100) -> 10 | J138: Points
AJ142: Total Points for Exceeding Minimum Rent Restrictions: | AK142: =E138 -> 10
A145: f. General Partner and Management Company Characteristics | AE145: Maximum 10 Points
B147: (1) General Partner Experience | AF147: 7 Points
B148: General Partner Name:
B149: Ulysses Lepe and Donna Shiepe Living Trust
AO150: (select one)
B151: Select from ONE of the following three options: | AO151: 3-4 projects in service more than 3 years, including 1 in service more than 5 years and 2 California LIHTC projects | AP151: 5
B152: 5 or more projects in service more than 3 years, including 1 in service more than 5 years and 2 California LIHTC projects | AO152: 5 or more projects in service more than 3 years, including 1 in service more than 5 years and 2 California LIHTC projects | AP152: 7
AO153: The sponsor is a BIPOC Entity meeting all requirements of Section 5105(f)(1)(C) | AP153: 7
B154: Special Needs housing type project opting for BELOW experience category: | AB154: N/A
AO155: (select one if applicable)
B156: For Special Needs housing type projects: | AO156: 3 Special Needs projects in service more than 3 years, including 1 California LIHTC project | AP156: 5
B157: (select one if applicable) | AO157: 4 or more Special Needs projects in service more than 3 years, including 1 California LIHTC project | AP157: 7
...

Sheet Tie Breaker
A1: CDLAC TIE BREAKER
F3: Public Benefit Numerator | H3: =E18 -> 58481644
F4: Cost-Adjusted Bond and State Credit Allocation Denominator | G4: ÷ | H4: =I18 -> 28598920
F5: Tiebreaker | H5: =IFERROR(H3/H4,0) -> 2.04489
B8: Numerator | G8: Denominator
B9: A. Unit Production Benefit | E9: =G33 -> 13575000 | G9: Bond Request | I9: =MAX(SUMIF(Application!M562:M573,"Loan, Tax-Exempt",Application!AM562:AM573),27.5%*SUM('Sources and Uses Budget'!C8,'Sources and Uses Budget'!S105,'Sources and Uses Budget'!T105)) -> 28416244
B10: B. Rent Savings Benefit | E10: =G47 -> 35698644 | G10: State Credits | I10: =IF(OR(Application!Z205="State Farmworker Credit",Application!Z205="$500M (Farmworker Housing)"),0,'Basis & Credits'!AB78) -> 0
B11: C. Population Benefit | E11: =SUM(E13,E12) -> 520000 | G11: Total Allocations | I11: =I9+I10 -> 28416244
B12: (i) Extremely Low Income Benefit | E12: =G56 -> 520000
B13: (ii) Special Populations Benefit | E13: 0 | G13: Adjustments
B14: D. Location Benefit | E14: =MAX(E15,E16)+E17 -> 8688000 | G14: Prevailing Wages / Labor | I14: =IF(AND(G134="Yes",G136<>""),IF(OR(G141="Yes",G145="Yes"),18%,15%),0) -> 0
B15: (i) Resource Area Benefit | E15: =G94 -> 0 | G15: Construction Type | I15: =IF(Application!AJ1039>0,10%,IF(Application!AJ1043>0,5%,0)) -> 0
B16: (ii) Community Revitalization Benefit | E16: =G104 -> 0 | G16: SWBD * .25 | I16: =G155 -> -0.0064285714
B17: (iii) Transit/Walkability Benefit | E17: =G129 -> 8688000 | G17: Seismic/Environmental | I17: =IF(AND(G161="Yes",G159),IF(G165>15%,15%,G165),0) -> 0
B18: Public Benefit | E18: =SUM(E9:E11,E14) -> 58481644 | G18: Cost-Adjusted Allocation | I18: =I11-((I11*I14)+(I11*I15)+(I11*I16)+(I11*I17)) -> 28598920 | M18: =SUM(Cdlac[Quantity]) -> 232 | O18: County: | P18: =MATCH(Application!T189,Application!CB160:CB217,0) -> 37 | T18: =SUM(Cdlac[Population]) -> 0
L19: Bedrooms | M19: Quantity | N19: iAMI | O19: AMI | P19: Restricted Rent | Q19: Preservation Rent | R19: Fair Market Rent | S19: Delta | T19: Population | U19: Federal
B20: =B9 -> A. Unit Production Benefit | L20: =IFERROR(MIN(4,MATCH(Application!B726,UnitSizes,0)-1),"") -> 1 | M20: =Application!G726 -> 8 | N20: =Application!AC726 -> 0.3 | O20: =IF('Tie Breaker'!$M20>0,IF('Tie Breaker'!$U20,30%,IF(AND(OR(NOT($G$38),$G$38=""),$G$43),40%,'Tie Breaker'!$N20)),"") -> 0.3 | P20: {=IF('Tie Breaker'!$M20>0,INDEX(TcacRents,$P$18,'Tie Breaker'!$L20+1)*'Tie Breaker'!$O20,"")} -> 984 | R20: {=IF('Tie Breaker'!$M20>0,INDEX(HudFmrs,$P$18,'Tie Breaker'!$L20+1),"")} -> 2459 | S20: =IF('Tie Breaker'!$M20>0,MAX(0,'Tie Breaker'!$R20-IF(AND($G$37,$G$38,$G$38<>"",NOT('Tie Breaker'!$U20),'Tie Breaker'!$Q20<>""),'Tie Breaker'!$Q20,'Tie Breaker'!$P20)),"") -> 1475 | T20: =IF('Tie Breaker'!$M20>0,AND(Application!AK726<>"N/A",Application!AK726<>"")*'Tie Breaker'!$M20,"") -> 0 | U20: =AND('Subsidy Contract Calculation'!F4>0,OR('Subsidy Contract Calculation'!C4="Federal",'Subsidy Contract Calculation'!C4="Local - Approved by ED"),'Tie Breaker'!$M20>0) -> FALSE
L21: =IFERROR(MIN(4,MATCH(Application!B727,UnitSizes,0)-1),"") -> 1 | M21: =Application!G727 -> 8 | N21: =Application!AC727 -> 0.5 | O21: =IF('Tie Breaker'!$M21>0,IF('Tie Breaker'!$U21,30%,IF(AND(OR(NOT($G$38),$G$38=""),$G$43),40%,'Tie Breaker'!$N21)),"") -> 0.5 | P21: {=IF('Tie Breaker'!$M21>0,INDEX(TcacRents,$P$18,'Tie Breaker'!$L21+1)*'Tie Breaker'!$O21,"")} -> 1640 | R21: {=IF('Tie Breaker'!$M21>0,INDEX(HudFmrs,$P$18,'Tie Breaker'!$L21+1),"")} -> 2459 | S21: =IF('Tie Breaker'!$M21>0,MAX(0,'Tie Breaker'!$R21-IF(AND($G$37,$G$38,$G$38<>"",NOT('Tie Breaker'!$U21),'Tie Breaker'!$Q21<>""),'Tie Breaker'!$Q21,'Tie Breaker'!$P21)),"") -> 819 | T21: =IF('Tie Breaker'!$M21>0,AND(Application!AK727<>"N/A",Application!AK727<>"")*'Tie Breaker'!$M21,"") -> 0 | U21: =AND('Subsidy Contract Calculation'!F5>0,OR('Subsidy Contract Calculation'!C5="Federal",'Subsidy Contract Calculation'!C5="Local - Approved by ED"),'Tie Breaker'!$M21>0) -> FALSE
C22: Bedroom Count | D22: Adjustment Factor | E22: Actual LI Unit Count | F22: Adjusted Unit Count | G22: Adjusted Units | L22: =IFERROR(MIN(4,MATCH(Application!B728,UnitSizes,0)-1),"") -> 1 | M22: =Application!G728 -> 64 | N22: =Application!AC728 -> 0.6 | O22: =IF('Tie Breaker'!$M22>0,IF('Tie Breaker'!$U22,30%,IF(AND(OR(NOT($G$38),$G$38=""),$G$43),40%,'Tie Breaker'!$N22)),"") -> 0.6 | P22: {=IF('Tie Breaker'!$M22>0,INDEX(TcacRents,$P$18,'Tie Breaker'!$L22+1)*'Tie Breaker'!$O22,"")} -> 1968 | R22: {=IF('Tie Breaker'!$M22>0,INDEX(HudFmrs,$P$18,'Tie Breaker'!$L22+1),"")} -> 2459 | S22: =IF('Tie Breaker'!$M22>0,MAX(0,'Tie Breaker'!$R22-IF(AND($G$37,$G$38,$G$38<>"",NOT('Tie Breaker'!$U22),'Tie Breaker'!$Q22<>""),'Tie Breaker'!$Q22,'Tie Breaker'!$P22)),"") -> 491 | T22: =IF('Tie Breaker'!$M22>0,AND(Application!AK728<>"N/A",Application!AK728<>"")*'Tie Breaker'!$M22,"") -> 0 | U22: =AND('Subsidy Contract Calculation'!F6>0,OR('Subsidy Contract Calculation'!C6="Federal",'Subsidy Contract Calculation'!C6="Local - Approved by ED"),'Tie Breaker'!$M22>0) -> FALSE
L23: =IFERROR(MIN(4,MATCH(Application!#REF!,UnitSizes,0)-1),"") | M23: 0 | N23: 0 | O23: =IF('Tie Breaker'!$M23>0,IF('Tie Breaker'!$U23,30%,IF(AND(OR(NOT($G$38),$G$38=""),$G$43),40%,'Tie Breaker'!$N23)),"") | P23: {=IF('Tie Breaker'!$M23>0,INDEX(TcacRents,$P$18,'Tie Breaker'!$L23+1)*'Tie Breaker'!$O23,"")} | R23: {=IF('Tie Breaker'!$M23>0,INDEX(HudFmrs,$P$18,'Tie Breaker'!$L23+1),"")} | S23: =IF('Tie Breaker'!$M23>0,MAX(0,'Tie Breaker'!$R23-IF(AND($G$37,$G$38,$G$38<>"",NOT('Tie Breaker'!$U23),'Tie Breaker'!$Q23<>""),'Tie Breaker'!$Q23,'Tie Breaker'!$P23)),"") | T23: =IF('Tie Breaker'!$M23>0,AND(Application!#REF!<>"N/A",Application!#REF!<>"")*'Tie Breaker'!$M23,"") | U23: =AND('Subsidy Contract Calculation'!F7>0,OR('Subsidy Contract Calculation'!C7="Federal",'Subsidy Contract Calculation'!C7="Local - Approved by ED"),'Tie Breaker'!$M23>0) -> FALSE
C24: 0 | D24: 0.9 | E24: =SUMIFS(Cdlac[Quantity],Cdlac[Bedrooms],C24) -> 0 | F24: =E24 -> 0 | G24: =D24*F24 -> 0 | L24: =IFERROR(MIN(4,MATCH(Application!B729,UnitSizes,0)-1),"") -> 2 | M24: =Application!G729 -> 6 | N24: =Application!AC729 -> 0.3 | O24: =IF('Tie Breaker'!$M24>0,IF('Tie Breaker'!$U24,30%,IF(AND(OR(NOT($G$38),$G$38=""),$G$43),40%,'Tie Breaker'!$N24)),"") -> 0.3 | P24: {=IF('Tie Breaker'!$M24>0,INDEX(TcacRents,$P$18,'Tie Breaker'!$L24+1)*'Tie Breaker'!$O24,"")} -> 1180.8 | R24: {=IF('Tie Breaker'!$M24>0,INDEX(HudFmrs,$P$18,'Tie Breaker'!$L24+1),"")} -> 3001 | S24: =IF('Tie Breaker'!$M24>0,MAX(0,'Tie Breaker'!$R24-IF(AND($G$37,$G$38,$G$38<>"",NOT('Tie Breaker'!$U24),'Tie Breaker'!$Q24<>""),'Tie Breaker'!$Q24,'Tie Breaker'!$P24)),"") -> 1820.2 | T24: =IF('Tie Breaker'!$M24>0,AND(Application!AK729<>"N/A",Application!AK729<>"")*'Tie Breaker'!$M24,"") -> 0 | U24: =AND('Subsidy Contract Calculation'!F8>0,OR('Subsidy Contract Calculation'!C8="Federal",'Subsidy Contract Calculation'!C8="Local - Approved by ED"),'Tie Breaker'!$M24>0) -> FALSE
C25: 1 | D25: 1 | E25: =SUMIFS(Cdlac[Quantity],Cdlac[Bedrooms],C25) -> 119 | F25: =E25 -> 119 | G25: =D25*F25 -> 119 | L25: =IFERROR(MIN(4,MATCH(Application!B730,UnitSizes,0)-1),"") -> 2 | M25: =Application!G730 -> 6 | N25: =Application!AC730 -> 0.5 | O25: =IF('Tie Breaker'!$M25>0,IF('Tie Breaker'!$U25,30%,IF(AND(OR(NOT($G$38),$G$38=""),$G$43),40%,'Tie Breaker'!$N25)),"") -> 0.5 | P25: {=IF('Tie Breaker'!$M25>0,INDEX(TcacRents,$P$18,'Tie Breaker'!$L25+1)*'Tie Breaker'!$O25,"")} -> 1968 | R25: {=IF('Tie Breaker'!$M25>0,INDEX(HudFmrs,$P$18,'Tie Breaker'!$L25+1),"")} -> 3001 | S25: =IF('Tie Breaker'!$M25>0,MAX(0,'Tie Breaker'!$R25-IF(AND($G$37,$G$38,$G$38<>"",NOT('Tie Breaker'!$U25),'Tie Breaker'!$Q25<>""),'Tie Breaker'!$Q25,'Tie Breaker'!$P25)),"") -> 1033 | T25: =IF('Tie Breaker'!$M25>0,AND(Application!AK730<>"N/A",Application!AK730<>"")*'Tie Breaker'!$M25,"") -> 0 | U25: =AND('Subsidy Contract Calculation'!F9>0,OR('Subsidy Contract Calculation'!C9="Federal",'Subsidy Contract Calculation'!C9="Local - Approved by ED"),'Tie Breaker'!$M25>0) -> FALSE
C26: 2 | D26: 1.25 | E26: =SUMIFS(Cdlac[Quantity],Cdlac[Bedrooms],C26) -> 68 | F26: =SUM(E26:E28)-SUM(F27:F28) -> 68 | G26: =D26*F26 -> 85 | L26: =IFERROR(MIN(4,MATCH(Application!B731,UnitSizes,0)-1),"") -> 2 | M26: =Application!G731 -> 39 | N26: =Application!AC731 -> 0.6 | O26: =IF('Tie Breaker'!$M26>0,IF('Tie Breaker'!$U26,30%,IF(AND(OR(NOT($G$38),$G$38=""),$G$43),40%,'Tie Breaker'!$N26)),"") -> 0.6 | P26: {=IF('Tie Breaker'!$M26>0,INDEX(TcacRents,$P$18,'Tie Breaker'!$L26+1)*'Tie Breaker'!$O26,"")} -> 2361.6 | R26: {=IF('Tie Breaker'!$M26>0,INDEX(HudFmrs,$P$18,'Tie Breaker'!$L26+1),"")} -> 3001 | S26: =IF('Tie Breaker'!$M26>0,MAX(0,'Tie Breaker'!$R26-IF(AND($G$37,$G$38,$G$38<>"",NOT('Tie Breaker'!$U26),'Tie Breaker'!$Q26<>""),'Tie Breaker'!$Q26,'Tie Breaker'!$P26)),"") -> 639.4 | T26: =IF('Tie Breaker'!$M26>0,AND(Application!AK731<>"N/A",Application!AK731<>"")*'Tie Breaker'!$M26,"") -> 0 | U26: =AND('Subsidy Contract Calculation'!F10>0,OR('Subsidy Contract Calculation'!C10="Federal",'Subsidy Contract Calculation'!C10="Local - Approved by ED"),'Tie Breaker'!$M26>0) -> FALSE
C27: 3 | D27: =1.5+0.25*0 -> 1.5 | E27: =SUMIFS(Cdlac[Quantity],Cdlac[Bedrooms],C27) -> 45 | F27: =MIN(E27,ROUNDDOWN(E29*30%,0)) -> 45 | G27: =D27*F27 -> 67.5 | L27: =IFERROR(MIN(4,MATCH(Application!B732,UnitSizes,0)-1),"") -> 1 | M27: =Application!G732 -> 4 | N27: =Application!AC732 -> 0.3 | O27: =IF('Tie Breaker'!$M27>0,IF('Tie Breaker'!$U27,30%,IF(AND(OR(NOT($G$38),$G$38=""),$G$43),40%,'Tie Breaker'!$N27)),"") -> 0.3 | P27: {=IF('Tie Breaker'!$M27>0,INDEX(TcacRents,$P$18,'Tie Breaker'!$L27+1)*'Tie Breaker'!$O27,"")} -> 984 | R27: {=IF('Tie Breaker'!$M27>0,INDEX(HudFmrs,$P$18,'Tie Breaker'!$L27+1),"")} -> 2459 | S27: =IF('Tie Breaker'!$M27>0,MAX(0,'Tie Breaker'!$R27-IF(AND($G$37,$G$38,$G$38<>"",NOT('Tie Breaker'!$U27),'Tie Breaker'!$Q27<>""),'Tie Breaker'!$Q27,'Tie Breaker'!$P27)),"") -> 1475 | T27: =IF('Tie Breaker'!$M27>0,AND(Application!AK732<>"N/A",Application!AK732<>"")*'Tie Breaker'!$M27,"") -> 0 | U27: =AND('Subsidy Contract Calculation'!F11>0,OR('Subsidy Contract Calculation'!C11="Federal",'Subsidy Contract Calculation'!C11="Local - Approved by ED"),'Tie Breaker'!$M27>0) -> FALSE
C28: 4 | D28: =1.75+0.25*0 -> 1.75 | E28: =SUMIFS(Cdlac[Quantity],Cdlac[Bedrooms],C28) -> 0 | F28: =MIN(E28,ROUNDDOWN(E29*10%,0)) -> 0 | G28: =D28*F28 -> 0 | L28: =IFERROR(MIN(4,MATCH(Application!B733,UnitSizes,0)-1),"") -> 1 | M28: =Application!G733 -> 4 | N28: =Application!AC733 -> 0.5 | O28: =IF('Tie Breaker'!$M28>0,IF('Tie Breaker'!$U28,30%,IF(AND(OR(NOT($G$38),$G$38=""),$G$43),40%,'Tie Breaker'!$N28)),"") -> 0.5 | P28: {=IF('Tie Breaker'!$M28>0,INDEX(TcacRents,$P$18,'Tie Breaker'!$L28+1)*'Tie Breaker'!$O28,"")} -> 1640 | R28: {=IF('Tie Breaker'!$M28>0,INDEX(HudFmrs,$P$18,'Tie Breaker'!$L28+1),"")} -> 2459 | S28: =IF('Tie Breaker'!$M28>0,MAX(0,'Tie Breaker'!$R28-IF(AND($G$37,$G$38,$G$38<>"",NOT('Tie Breaker'!$U28),'Tie Breaker'!$Q28<>""),'Tie Breaker'!$Q28,'Tie Breaker'!$P28)),"") -> 819 | T28: =IF('Tie Breaker'!$M28>0,AND(Application!AK733<>"N/A",Application!AK733<>"")*'Tie Breaker'!$M28,"") -> 0 | U28: =AND('Subsidy Contract Calculation'!F12>0,OR('Subsidy Contract Calculation'!C12="Federal",'Subsidy Contract Calculation'!C12="Local - Approved by ED"),'Tie Breaker'!$M28>0) -> FALSE
C29: Total | E29: =SUM(E24:E28) -> 232 | F29: =SUM(F24:F28) -> 232 | G29: =SUMPRODUCT(D24:D28,F24:F28) -> 271.5 | L29: =IFERROR(MIN(4,MATCH(Application!B734,UnitSizes,0)-1),"") -> 1 | M29: =Application!G734 -> 31 | N29: =Application!AC734 -> 0.6 | O29: =IF('Tie Breaker'!$M29>0,IF('Tie Breaker'!$U29,30%,IF(AND(OR(NOT($G$38),$G$38=""),$G$43),40%,'Tie Breaker'!$N29)),"") -> 0.6 | P29: {=IF('Tie Breaker'!$M29>0,INDEX(TcacRents,$P$18,'Tie Breaker'!$L29+1)*'Tie Breaker'!$O29,"")} -> 1968 | R29: {=IF('Tie Breaker'!$M29>0,INDEX(HudFmrs,$P$18,'Tie Breaker'!$L29+1),"")} -> 2459 | S29: =IF('Tie Breaker'!$M29>0,MAX(0,'Tie Breaker'!$R29-IF(AND($G$37,$G$38,$G$38<>"",NOT('Tie Breaker'!$U29),'Tie Breaker'!$Q29<>""),'Tie Breaker'!$Q29,'Tie Breaker'!$P29)),"") -> 491 | T29: =IF('Tie Breaker'!$M29>0,AND(Application!AK734<>"N/A",Application!AK734<>"")*'Tie Breaker'!$M29,"") -> 0 | U29: =AND('Subsidy Contract Calculation'!F13>0,OR('Subsidy Contract Calculation'!C13="Federal",'Subsidy Contract Calculation'!C13="Local - Approved by ED"),'Tie Breaker'!$M29>0) -> FALSE
L30: =IFERROR(MIN(4,MATCH(Application!#REF!,UnitSizes,0)-1),"") | M30: 0 | N30: 0 | O30: =IF('Tie Breaker'!$M30>0,IF('Tie Breaker'!$U30,30%,IF(AND(OR(NOT($G$38),$G$38=""),$G$43),40%,'Tie Breaker'!$N30)),"") | P30: {=IF('Tie Breaker'!$M30>0,INDEX(TcacRents,$P$18,'Tie Breaker'!$L30+1)*'Tie Breaker'!$O30,"")} | R30: {=IF('Tie Breaker'!$M30>0,INDEX(HudFmrs,$P$18,'Tie Breaker'!$L30+1),"")} | S30: =IF('Tie Breaker'!$M30>0,MAX(0,'Tie Breaker'!$R30-IF(AND($G$37,$G$38,$G$38<>"",NOT('Tie Breaker'!$U30),'Tie Breaker'!$Q30<>""),'Tie Breaker'!$Q30,'Tie Breaker'!$P30)),"") | T30: =IF('Tie Breaker'!$M30>0,AND(Application!#REF!<>"N/A",Application!#REF!<>"")*'Tie Breaker'!$M30,"") | U30: =AND('Subsidy Contract Calculation'!F14>0,OR('Subsidy Contract Calculation'!C14="Federal",'Subsidy Contract Calculation'!C14="Local - Approved by ED"),'Tie Breaker'!$M30>0) -> FALSE
E31: Adjusted Units | G31: =G29 -> 271.5 | L31: =IFERROR(MIN(4,MATCH(Application!B735,UnitSizes,0)-1),"") -> 2 | M31: =Application!G735 -> 2 | N31: =Application!AC735 -> 0.3 | O31: =IF('Tie Breaker'!$M31>0,IF('Tie Breaker'!$U31,30%,IF(AND(OR(NOT($G$38),$G$38=""),$G$43),40%,'Tie Breaker'!$N31)),"") -> 0.3 | P31: {=IF('Tie Breaker'!$M31>0,INDEX(TcacRents,$P$18,'Tie Breaker'!$L31+1)*'Tie Breaker'!$O31,"")} -> 1180.8 | R31: {=IF('Tie Breaker'!$M31>0,INDEX(HudFmrs,$P$18,'Tie Breaker'!$L31+1),"")} -> 3001 | S31: =IF('Tie Breaker'!$M31>0,MAX(0,'Tie Breaker'!$R31-IF(AND($G$37,$G$38,$G$38<>"",NOT('Tie Breaker'!$U31),'Tie Breaker'!$Q31<>""),'Tie Breaker'!$Q31,'Tie Breaker'!$P31)),"") -> 1820.2 | T31: =IF('Tie Breaker'!$M31>0,AND(Application!AK735<>"N/A",Application!AK735<>"")*'Tie Breaker'!$M31,"") -> 0 | U31: =AND('Subsidy Contract Calculation'!F15>0,OR('Subsidy Contract Calculation'!C15="Federal",'Subsidy Contract Calculation'!C15="Local - Approved by ED"),'Tie Breaker'!$M31>0) -> FALSE
E32: Benefit Multiplier | F32: × | G32: 50000 | L32: =IFERROR(MIN(4,MATCH(Application!B736,UnitSizes,0)-1),"") -> 2 | M32: =Application!G736 -> 2 | N32: =Application!AC736 -> 0.5 | O32: =IF('Tie Breaker'!$M32>0,IF('Tie Breaker'!$U32,30%,IF(AND(OR(NOT($G$38),$G$38=""),$G$43),40%,'Tie Breaker'!$N32)),"") -> 0.5 | P32: {=IF('Tie Breaker'!$M32>0,INDEX(TcacRents,$P$18,'Tie Breaker'!$L32+1)*'Tie Breaker'!$O32,"")} -> 1968 | R32: {=IF('Tie Breaker'!$M32>0,INDEX(HudFmrs,$P$18,'Tie Breaker'!$L32+1),"")} -> 3001 | S32: =IF('Tie Breaker'!$M32>0,MAX(0,'Tie Breaker'!$R32-IF(AND($G$37,$G$38,$G$38<>"",NOT('Tie Breaker'!$U32),'Tie Breaker'!$Q32<>""),'Tie Breaker'!$Q32,'Tie Breaker'!$P32)),"") -> 1033 | T32: =IF('Tie Breaker'!$M32>0,AND(Application!AK736<>"N/A",Application!AK736<>"")*'Tie Breaker'!$M32,"") -> 0 | U32: =AND('Subsidy Contract Calculation'!F16>0,OR('Subsidy Contract Calculation'!C16="Federal",'Subsidy Contract Calculation'!C16="Local - Approved by ED"),'Tie Breaker'!$M32>0) -> FALSE
E33: Unit Production Benefit | G33: =G32*G31 -> 13575000 | L33: =IFERROR(MIN(4,MATCH(Application!B737,UnitSizes,0)-1),"") -> 2 | M33: =Application!G737 -> 13 | N33: =Application!AC737 -> 0.6 | O33: =IF('Tie Breaker'!$M33>0,IF('Tie Breaker'!$U33,30%,IF(AND(OR(NOT($G$38),$G$38=""),$G$43),40%,'Tie Breaker'!$N33)),"") -> 0.6 | P33: {=IF('Tie Breaker'!$M33>0,INDEX(TcacRents,$P$18,'Tie Breaker'!$L33+1)*'Tie Breaker'!$O33,"")} -> 2361.6 | R33: {=IF('Tie Breaker'!$M33>0,INDEX(HudFmrs,$P$18,'Tie Breaker'!$L33+1),"")} -> 3001 | S33: =IF('Tie Breaker'!$M33>0,MAX(0,'Tie Breaker'!$R33-IF(AND($G$37,$G$38,$G$38<>"",NOT('Tie Breaker'!$U33),'Tie Breaker'!$Q33<>""),'Tie Breaker'!$Q33,'Tie Breaker'!$P33)),"") -> 639.4 | T33: =IF('Tie Breaker'!$M33>0,AND(Application!AK737<>"N/A",Application!AK737<>"")*'Tie Breaker'!$M33,"") -> 0 | U33: =AND('Subsidy Contract Calculation'!F17>0,OR('Subsidy Contract Calculation'!C17="Federal",'Subsidy Contract Calculation'!C17="Local - Approved by ED"),'Tie Breaker'!$M33>0) -> FALSE
L34: =IFERROR(MIN(4,MATCH(Application!B738,UnitSizes,0)-1),"") -> 3 | M34: =Application!G738 -> 2 | N34: =Application!AC738 -> 0.3 | O34: =IF('Tie Breaker'!$M34>0,IF('Tie Breaker'!$U34,30%,IF(AND(OR(NOT($G$38),$G$38=""),$G$43),40%,'Tie Breaker'!$N34)),"") -> 0.3 | P34: {=IF('Tie Breaker'!$M34>0,INDEX(TcacRents,$P$18,'Tie Breaker'!$L34+1)*'Tie Breaker'!$O34,"")} -> 1363.8 | R34: {=IF('Tie Breaker'!$M34>0,INDEX(HudFmrs,$P$18,'Tie Breaker'!$L34+1),"")} -> 3998 | S34: =IF('Tie Breaker'!$M34>0,MAX(0,'Tie Breaker'!$R34-IF(AND($G$37,$G$38,$G$38<>"",NOT('Tie Breaker'!$U34),'Tie Breaker'!$Q34<>""),'Tie Breaker'!$Q34,'Tie Breaker'!$P34)),"") -> 2634.2 | T34: =IF('Tie Breaker'!$M34>0,AND(Application!AK738<>"N/A",Application!AK738<>"")*'Tie Breaker'!$M34,"") -> 0 | U34: =AND('Subsidy Contract Calculation'!F18>0,OR('Subsidy Contract Calculation'!C18="Federal",'Subsidy Contract Calculation'!C18="Local - Approved by ED"),'Tie Breaker'!$M34>0) -> FALSE
B35: =B10 -> B. Rent Savings Benefit | L35: =IFERROR(MIN(4,MATCH(Application!B739,UnitSizes,0)-1),"") -> 3 | M35: =Application!G739 -> 2 | N35: =Application!AC739 -> 0.5 | O35: =IF('Tie Breaker'!$M35>0,IF('Tie Breaker'!$U35,30%,IF(AND(OR(NOT($G$38),$G$38=""),$G$43),40%,'Tie Breaker'!$N35)),"") -> 0.5 | P35: {=IF('Tie Breaker'!$M35>0,INDEX(TcacRents,$P$18,'Tie Breaker'!$L35+1)*'Tie Breaker'!$O35,"")} -> 2273 | R35: {=IF('Tie Breaker'!$M35>0,INDEX(HudFmrs,$P$18,'Tie Breaker'!$L35+1),"")} -> 3998 | S35: =IF('Tie Breaker'!$M35>0,MAX(0,'Tie Breaker'!$R35-IF(AND($G$37,$G$38,$G$38<>"",NOT('Tie Breaker'!$U35),'Tie Breaker'!$Q35<>""),'Tie Breaker'!$Q35,'Tie Breaker'!$P35)),"") -> 1725 | T35: =IF('Tie Breaker'!$M35>0,AND(Application!AK739<>"N/A",Application!AK739<>"")*'Tie Breaker'!$M35,"") -> 0 | U35: =AND('Subsidy Contract Calculation'!F19>0,OR('Subsidy Contract Calculation'!C19="Federal",'Subsidy Contract Calculation'!C19="Local - Approved by ED"),'Tie Breaker'!$M35>0) -> FALSE
L36: =IFERROR(MIN(4,MATCH(Application!B740,UnitSizes,0)-1),"") -> 3 | M36: =Application!G740 -> 10 | N36: =Application!AC740 -> 0.6 | O36: =IF('Tie Breaker'!$M36>0,IF('Tie Breaker'!$U36,30%,IF(AND(OR(NOT($G$38),$G$38=""),$G$43),40%,'Tie Breaker'!$N36)),"") -> 0.6 | P36: {=IF('Tie Breaker'!$M36>0,INDEX(TcacRents,$P$18,'Tie Breaker'!$L36+1)*'Tie Breaker'!$O36,"")} -> 2727.6 | R36: {=IF('Tie Breaker'!$M36>0,INDEX(HudFmrs,$P$18,'Tie Breaker'!$L36+1),"")} -> 3998 | S36: =IF('Tie Breaker'!$M36>0,MAX(0,'Tie Breaker'!$R36-IF(AND($G$37,$G$38,$G$38<>"",NOT('Tie Breaker'!$U36),'Tie Breaker'!$Q36<>""),'Tie Breaker'!$Q36,'Tie Breaker'!$P36)),"") -> 1270.4 | T36: =IF('Tie Breaker'!$M36>0,AND(Application!AK740<>"N/A",Application!AK740<>"")*'Tie Breaker'!$M36,"") -> 0 | U36: =AND('Subsidy Contract Calculation'!F20>0,OR('Subsidy Contract Calculation'!C20="Federal",'Subsidy Contract Calculation'!C20="Local - Approved by ED"),'Tie Breaker'!$M36>0) -> FALSE
E37: Acquisition/Rehabilitation Project: | G37: ='Points System'!AK61>0 -> TRUE | L37: =IFERROR(MIN(4,MATCH(Application!B741,UnitSizes,0)-1),"") -> 3 | M37: =Application!G741 -> 4 | N37: =Application!AC741 -> 0.3 | O37: =IF('Tie Breaker'!$M37>0,IF('Tie Breaker'!$U37,30%,IF(AND(OR(NOT($G$38),$G$38=""),$G$43),40%,'Tie Breaker'!$N37)),"") -> 0.3 | P37: {=IF('Tie Breaker'!$M37>0,INDEX(TcacRents,$P$18,'Tie Breaker'!$L37+1)*'Tie Breaker'!$O37,"")} -> 1363.8 | R37: {=IF('Tie Breaker'!$M37>0,INDEX(HudFmrs,$P$18,'Tie Breaker'!$L37+1),"")} -> 3998 | S37: =IF('Tie Breaker'!$M37>0,MAX(0,'Tie Breaker'!$R37-IF(AND($G$37,$G$38,$G$38<>"",NOT('Tie Breaker'!$U37),'Tie Breaker'!$Q37<>""),'Tie Breaker'!$Q37,'Tie Breaker'!$P37)),"") -> 2634.2 | T37: =IF('Tie Breaker'!$M37>0,AND(Application!AK741<>"N/A",Application!AK741<>"")*'Tie Breaker'!$M37,"") -> 0 | U37: =AND('Subsidy Contract Calculation'!F21>0,OR('Subsidy Contract Calculation'!C21="Federal",'Subsidy Contract Calculation'!C21="Local - Approved by ED"),'Tie Breaker'!$M37>0) -> FALSE
E38: whose actual rents are less than the CTCAC rent limits: | L38: =IFERROR(MIN(4,MATCH(Application!B742,UnitSizes,0)-1),"") -> 3 | M38: =Application!G742 -> 4 | N38: =Application!AC742 -> 0.5 | O38: =IF('Tie Breaker'!$M38>0,IF('Tie Breaker'!$U38,30%,IF(AND(OR(NOT($G$38),$G$38=""),$G$43),40%,'Tie Breaker'!$N38)),"") -> 0.5 | P38: {=IF('Tie Breaker'!$M38>0,INDEX(TcacRents,$P$18,'Tie Breaker'!$L38+1)*'Tie Breaker'!$O38,"")} -> 2273 | R38: {=IF('Tie Breaker'!$M38>0,INDEX(HudFmrs,$P$18,'Tie Breaker'!$L38+1),"")} -> 3998 | S38: =IF('Tie Breaker'!$M38>0,MAX(0,'Tie Breaker'!$R38-IF(AND($G$37,$G$38,$G$38<>"",NOT('Tie Breaker'!$U38),'Tie Breaker'!$Q38<>""),'Tie Breaker'!$Q38,'Tie Breaker'!$P38)),"") -> 1725 | T38: =IF('Tie Breaker'!$M38>0,AND(Application!AK742<>"N/A",Application!AK742<>"")*'Tie Breaker'!$M38,"") -> 0 | U38: =AND('Subsidy Contract Calculation'!F22>0,OR('Subsidy Contract Calculation'!C22="Federal",'Subsidy Contract Calculation'!C22="Local - Approved by ED"),'Tie Breaker'!$M38>0) -> FALSE
C39: =IF(AND(G37,G38,G38<>""),"Enter the average rent charged for each unit type over the last three years, as documented with rent rolls or property audits, in cells Q20:Q44","") | L39: =IFERROR(MIN(4,MATCH(Application!B743,UnitSizes,0)-1),"") -> 3 | M39: =Application!G743 -> 23 | N39: =Application!AC743 -> 0.6 | O39: =IF('Tie Breaker'!$M39>0,IF('Tie Breaker'!$U39,30%,IF(AND(OR(NOT($G$38),$G$38=""),$G$43),40%,'Tie Breaker'!$N39)),"") -> 0.6 | P39: {=IF('Tie Breaker'!$M39>0,INDEX(TcacRents,$P$18,'Tie Breaker'!$L39+1)*'Tie Breaker'!$O39,"")} -> 2727.6 | R39: {=IF('Tie Breaker'!$M39>0,INDEX(HudFmrs,$P$18,'Tie Breaker'!$L39+1),"")} -> 3998 | S39: =IF('Tie Breaker'!$M39>0,MAX(0,'Tie Breaker'!$R39-IF(AND($G$37,$G$38,$G$38<>"",NOT('Tie Breaker'!$U39),'Tie Breaker'!$Q39<>""),'Tie Breaker'!$Q39,'Tie Breaker'!$P39)),"") -> 1270.4 | T39: =IF('Tie Breaker'!$M39>0,AND(Application!AK743<>"N/A",Application!AK743<>"")*'Tie Breaker'!$M39,"") -> 0 | U39: =AND('Subsidy Contract Calculation'!F23>0,OR('Subsidy Contract Calculation'!C23="Federal",'Subsidy Contract Calculation'!C23="Local - Approved by ED"),'Tie Breaker'!$M39>0) -> FALSE
L40: =IFERROR(MIN(4,MATCH(Application!B744,UnitSizes,0)-1),"") | M40: =Application!G744 -> 0 | N40: =Application!AC744 -> 0 | O40: =IF('Tie Breaker'!$M40>0,IF('Tie Breaker'!$U40,30%,IF(AND(OR(NOT($G$38),$G$38=""),$G$43),40%,'Tie Breaker'!$N40)),"") | P40: {=IF('Tie Breaker'!$M40>0,INDEX(TcacRents,$P$18,'Tie Breaker'!$L40+1)*'Tie Breaker'!$O40,"")} | R40: {=IF('Tie Breaker'!$M40>0,INDEX(HudFmrs,$P$18,'Tie Breaker'!$L40+1),"")} | S40: =IF('Tie Breaker'!$M40>0,MAX(0,'Tie Breaker'!$R40-IF(AND($G$37,$G$38,$G$38<>"",NOT('Tie Breaker'!$U40),'Tie Breaker'!$Q40<>""),'Tie Breaker'!$Q40,'Tie Breaker'!$P40)),"") | T40: =IF('Tie Breaker'!$M40>0,AND(Application!AK744<>"N/A",Application!AK744<>"")*'Tie Breaker'!$M40,"") | U40: =AND('Subsidy Contract Calculation'!F24>0,OR('Subsidy Contract Calculation'!C24="Federal",'Subsidy Contract Calculation'!C24="Local - Approved by ED"),'Tie Breaker'!$M40>0) -> FALSE
L41: =IFERROR(MIN(4,MATCH(Application!B745,UnitSizes,0)-1),"") | M41: =Application!G745 -> 0 | N41: =Application!AC745 -> 0 | O41: =IF('Tie Breaker'!$M41>0,IF('Tie Breaker'!$U41,30%,IF(AND(OR(NOT($G$38),$G$38=""),$G$43),40%,'Tie Breaker'!$N41)),"") | P41: {=IF('Tie Breaker'!$M41>0,INDEX(TcacRents,$P$18,'Tie Breaker'!$L41+1)*'Tie Breaker'!$O41,"")} | R41: {=IF('Tie Breaker'!$M41>0,INDEX(HudFmrs,$P$18,'Tie Breaker'!$L41+1),"")} | S41: =IF('Tie Breaker'!$M41>0,MAX(0,'Tie Breaker'!$R41-IF(AND($G$37,$G$38,$G$38<>"",NOT('Tie Breaker'!$U41),'Tie Breaker'!$Q41<>""),'Tie Breaker'!$Q41,'Tie Breaker'!$P41)),"") | T41: =IF('Tie Breaker'!$M41>0,AND(Application!AK745<>"N/A",Application!AK745<>"")*'Tie Breaker'!$M41,"") | U41: =AND('Subsidy Contract Calculation'!F25>0,OR('Subsidy Contract Calculation'!C25="Federal",'Subsidy Contract Calculation'!C25="Local - Approved by ED"),'Tie Breaker'!$M41>0) -> FALSE
E42: Average AMI of Units without Federal Rental Assistance: | G42: {=SUMPRODUCT(Cdlac[Quantity],Cdlac[iAMI],IF(Cdlac[Federal],0,1))/SUMIFS(Cdlac[Quantity],Cdlac[Federal],FALSE)} -> 0.55517241 | L42: =IFERROR(MIN(4,MATCH(Application!B746,UnitSizes,0)-1),"") | M42: =Application!G746 -> 0 | N42: =Application!AC746 -> 0 | O42: =IF('Tie Breaker'!$M42>0,IF('Tie Breaker'!$U42,30%,IF(AND(OR(NOT($G$38),$G$38=""),$G$43),40%,'Tie Breaker'!$N42)),"") | P42: {=IF('Tie Breaker'!$M42>0,INDEX(TcacRents,$P$18,'Tie Breaker'!$L42+1)*'Tie Breaker'!$O42,"")} | R42: {=IF('Tie Breaker'!$M42>0,INDEX(HudFmrs,$P$18,'Tie Breaker'!$L42+1),"")} | S42: =IF('Tie Breaker'!$M42>0,MAX(0,'Tie Breaker'!$R42-IF(AND($G$37,$G$38,$G$38<>"",NOT('Tie Breaker'!$U42),'Tie Breaker'!$Q42<>""),'Tie Breaker'!$Q42,'Tie Breaker'!$P42)),"") | T42: =IF('Tie Breaker'!$M42>0,AND(Application!AK746<>"N/A",Application!AK746<>"")*'Tie Breaker'!$M42,"") | U42: =AND('Subsidy Contract Calculation'!F26>0,OR('Subsidy Contract Calculation'!C26="Federal",'Subsidy Contract Calculation'!C26="Local - Approved by ED"),'Tie Breaker'!$M42>0) -> FALSE
E43: Average is less than 40%: | G43: =G42<40% -> FALSE | L43: =IFERROR(MIN(4,MATCH(Application!B747,UnitSizes,0)-1),"") | M43: =Application!G747 -> 0 | N43: =Application!AC747 -> 0 | O43: =IF('Tie Breaker'!$M43>0,IF('Tie Breaker'!$U43,30%,IF(AND(OR(NOT($G$38),$G$38=""),$G$43),40%,'Tie Breaker'!$N43)),"") | P43: {=IF('Tie Breaker'!$M43>0,INDEX(TcacRents,$P$18,'Tie Breaker'!$L43+1)*'Tie Breaker'!$O43,"")} | R43: {=IF('Tie Breaker'!$M43>0,INDEX(HudFmrs,$P$18,'Tie Breaker'!$L43+1),"")} | S43: =IF('Tie Breaker'!$M43>0,MAX(0,'Tie Breaker'!$R43-IF(AND($G$37,$G$38,$G$38<>"",NOT('Tie Breaker'!$U43),'Tie Breaker'!$Q43<>""),'Tie Breaker'!$Q43,'Tie Breaker'!$P43)),"") | T43: =IF('Tie Breaker'!$M43>0,AND(Application!AK747<>"N/A",Application!AK747<>"")*'Tie Breaker'!$M43,"") | U43: =AND('Subsidy Contract Calculation'!F27>0,OR('Subsidy Contract Calculation'!C27="Federal",'Subsidy Contract Calculation'!C27="Local - Approved by ED"),'Tie Breaker'!$M43>0) -> FALSE
L44: =IFERROR(MIN(4,MATCH(Application!B748,UnitSizes,0)-1),"") | M44: =Application!G748 -> 0 | N44: =Application!AC748 -> 0 | O44: =IF('Tie Breaker'!$M44>0,IF('Tie Breaker'!$U44,30%,IF(AND(OR(NOT($G$38),$G$38=""),$G$43),40%,'Tie Breaker'!$N44)),"") | P44: {=IF('Tie Breaker'!$M44>0,INDEX(TcacRents,$P$18,'Tie Breaker'!$L44+1)*'Tie Breaker'!$O44,"")} | R44: {=IF('Tie Breaker'!$M44>0,INDEX(HudFmrs,$P$18,'Tie Breaker'!$L44+1),"")} | S44: =IF('Tie Breaker'!$M44>0,MAX(0,'Tie Breaker'!$R44-IF(AND($G$37,$G$38,$G$38<>"",NOT('Tie Breaker'!$U44),'Tie Breaker'!$Q44<>""),'Tie Breaker'!$Q44,'Tie Breaker'!$P44)),"") | T44: =IF('Tie Breaker'!$M44>0,AND(Application!AK748<>"N/A",Application!AK748<>"")*'Tie Breaker'!$M44,"") | U44: =AND('Subsidy Contract Calculation'!F28>0,OR('Subsidy Contract Calculation'!C28="Federal",'Subsidy Contract Calculation'!C28="Local - Approved by ED"),'Tie Breaker'!$M44>0) -> FALSE
E45: Monthly Rent Savings | G45: =IFERROR(SUMPRODUCT(Cdlac[Quantity],Cdlac[Delta]),0) -> 198325.8 | L45: =IFERROR(MIN(4,MATCH(Application!B749,UnitSizes,0)-1),"") | M45: =Application!G749 -> 0 | N45: =Application!AC749 -> 0 | O45: =IF('Tie Breaker'!$M45>0,IF('Tie Breaker'!$U45,30%,IF(AND(OR(NOT($G$38),$G$38=""),$G$43),40%,'Tie Breaker'!$N45)),"") | P45: {=IF('Tie Breaker'!$M45>0,INDEX(TcacRents,$P$18,'Tie Breaker'!$L45+1)*'Tie Breaker'!$O45,"")} | R45: {=IF('Tie Breaker'!$M45>0,INDEX(HudFmrs,$P$18,'Tie Breaker'!$L45+1),"")} | S45: =IF('Tie Breaker'!$M45>0,MAX(0,'Tie Breaker'!$R45-IF(AND($G$37,$G$38,$G$38<>"",NOT('Tie Breaker'!$U45),'Tie Breaker'!$Q45<>""),'Tie Breaker'!$Q45,'Tie Breaker'!$P45)),"") | T45: =IF('Tie Breaker'!$M45>0,AND(Application!AK749<>"N/A",Application!AK749<>"")*'Tie Breaker'!$M45,"") | U45: =AND('Subsidy Contract Calculation'!F29>0,OR('Subsidy Contract Calculation'!C29="Federal",'Subsidy Contract Calculation'!C29="Local - Approved by ED"),'Tie Breaker'!$M45>0) -> FALSE
E46: Benefit Multiplier (12 months × 15 years) | F46: × | G46: =12*15 -> 180 | L46: =IFERROR(MIN(4,MATCH(Application!B750,UnitSizes,0)-1),"") | M46: =Application!G750 -> 0 | N46: =Application!AC750 -> 0 | O46: =IF('Tie Breaker'!$M46>0,IF('Tie Breaker'!$U46,30%,IF(AND(OR(NOT($G$38),$G$38=""),$G$43),40%,'Tie Breaker'!$N46)),"") | P46: {=IF('Tie Breaker'!$M46>0,INDEX(TcacRents,$P$18,'Tie Breaker'!$L46+1)*'Tie Breaker'!$O46,"")} | R46: {=IF('Tie Breaker'!$M46>0,INDEX(HudFmrs,$P$18,'Tie Breaker'!$L46+1),"")} | S46: =IF('Tie Breaker'!$M46>0,MAX(0,'Tie Breaker'!$R46-IF(AND($G$37,$G$38,$G$38<>"",NOT('Tie Breaker'!$U46),'Tie Breaker'!$Q46<>""),'Tie Breaker'!$Q46,'Tie Breaker'!$P46)),"") | T46: =IF('Tie Breaker'!$M46>0,AND(Application!AK750<>"N/A",Application!AK750<>"")*'Tie Breaker'!$M46,"") | U46: =AND('Subsidy Contract Calculation'!F30>0,OR('Subsidy Contract Calculation'!C30="Federal",'Subsidy Contract Calculation'!C30="Local - Approved by ED"),'Tie Breaker'!$M46>0) -> FALSE
E47: Rent Savings Benefit | G47: =G45*G46 -> 35698644 | L47: =IFERROR(MIN(4,MATCH(Application!B751,UnitSizes,0)-1),"") | M47: =Application!G751 -> 0 | N47: =Application!AC751 -> 0 | O47: =IF('Tie Breaker'!$M47>0,IF('Tie Breaker'!$U47,30%,IF(AND(OR(NOT($G$38),$G$38=""),$G$43),40%,'Tie Breaker'!$N47)),"") | P47: {=IF('Tie Breaker'!$M47>0,INDEX(TcacRents,$P$18,'Tie Breaker'!$L47+1)*'Tie Breaker'!$O47,"")} | R47: {=IF('Tie Breaker'!$M47>0,INDEX(HudFmrs,$P$18,'Tie Breaker'!$L47+1),"")} | S47: =IF('Tie Breaker'!$M47>0,MAX(0,'Tie Breaker'!$R47-IF(AND($G$37,$G$38,$G$38<>"",NOT('Tie Breaker'!$U47),'Tie Breaker'!$Q47<>""),'Tie Breaker'!$Q47,'Tie Breaker'!$P47)),"") | T47: =IF('Tie Breaker'!$M47>0,AND(Application!AK751<>"N/A",Application!AK751<>"")*'Tie Breaker'!$M47,"") | U47: =AND('Subsidy Contract Calculation'!F31>0,OR('Subsidy Contract Calculation'!C31="Federal",'Subsidy Contract Calculation'!C31="Local - Approved by ED"),'Tie Breaker'!$M47>0) -> FALSE
L48: =IFERROR(MIN(4,MATCH(Application!B752,UnitSizes,0)-1),"") | M48: =Application!G752 -> 0 | N48: =Application!AC752 -> 0 | O48: =IF('Tie Breaker'!$M48>0,IF('Tie Breaker'!$U48,30%,IF(AND(OR(NOT($G$38),$G$38=""),$G$43),40%,'Tie Breaker'!$N48)),"") | P48: {=IF('Tie Breaker'!$M48>0,INDEX(TcacRents,$P$18,'Tie Breaker'!$L48+1)*'Tie Breaker'!$O48,"")} | R48: {=IF('Tie Breaker'!$M48>0,INDEX(HudFmrs,$P$18,'Tie Breaker'!$L48+1),"")} | S48: =IF('Tie Breaker'!$M48>0,MAX(0,'Tie Breaker'!$R48-IF(AND($G$37,$G$38,$G$38<>"",NOT('Tie Breaker'!$U48),'Tie Breaker'!$Q48<>""),'Tie Breaker'!$Q48,'Tie Breaker'!$P48)),"") | T48: =IF('Tie Breaker'!$M48>0,AND(Application!AK752<>"N/A",Application!AK752<>"")*'Tie Breaker'!$M48,"") | U48: =AND('Subsidy Contract Calculation'!F32>0,OR('Subsidy Contract Calculation'!C32="Federal",'Subsidy Contract Calculation'!C32="Local - Approved by ED"),'Tie Breaker'!$M48>0) -> FALSE
B49: =B11&": "&B12 -> C. Population Benefit: (i) Extremely Low Income Benefit | L49: =IFERROR(MIN(4,MATCH(Application!B753,UnitSizes,0)-1),"") | M49: =Application!G753 -> 0 | N49: =Application!AC753 -> 0 | O49: =IF('Tie Breaker'!$M49>0,IF('Tie Breaker'!$U49,30%,IF(AND(OR(NOT($G$38),$G$38=""),$G$43),40%,'Tie Breaker'!$N49)),"") | P49: {=IF('Tie Breaker'!$M49>0,INDEX(TcacRents,$P$18,'Tie Breaker'!$L49+1)*'Tie Breaker'!$O49,"")} | R49: {=IF('Tie Breaker'!$M49>0,INDEX(HudFmrs,$P$18,'Tie Breaker'!$L49+1),"")} | S49: =IF('Tie Breaker'!$M49>0,MAX(0,'Tie Breaker'!$R49-IF(AND($G$37,$G$38,$G$38<>"",NOT('Tie Breaker'!$U49),'Tie Breaker'!$Q49<>""),'Tie Breaker'!$Q49,'Tie Breaker'!$P49)),"") | T49: =IF('Tie Breaker'!$M49>0,AND(Application!AK753<>"N/A",Application!AK753<>"")*'Tie Breaker'!$M49,"") | U49: =AND('Subsidy Contract Calculation'!F33>0,OR('Subsidy Contract Calculation'!C33="Federal",'Subsidy Contract Calculation'!C33="Local - Approved by ED"),'Tie Breaker'!$M49>0) -> FALSE
L50: =IFERROR(MIN(4,MATCH(Application!B754,UnitSizes,0)-1),"") | M50: =Application!G754 -> 0 | N50: =Application!AC754 -> 0 | O50: =IF('Tie Breaker'!$M50>0,IF('Tie Breaker'!$U50,30%,IF(AND(OR(NOT($G$38),$G$38=""),$G$43),40%,'Tie Breaker'!$N50)),"") | P50: {=IF('Tie Breaker'!$M50>0,INDEX(TcacRents,$P$18,'Tie Breaker'!$L50+1)*'Tie Breaker'!$O50,"")} | R50: {=IF('Tie Breaker'!$M50>0,INDEX(HudFmrs,$P$18,'Tie Breaker'!$L50+1),"")} | S50: =IF('Tie Breaker'!$M50>0,MAX(0,'Tie Breaker'!$R50-IF(AND($G$37,$G$38,$G$38<>"",NOT('Tie Breaker'!$U50),'Tie Breaker'!$Q50<>""),'Tie Breaker'!$Q50,'Tie Breaker'!$P50)),"") | T50: =IF('Tie Breaker'!$M50>0,AND(Application!AK754<>"N/A",Application!AK754<>"")*'Tie Breaker'!$M50,"") | U50: =AND('Subsidy Contract Calculation'!F34>0,OR('Subsidy Contract Calculation'!C34="Federal",'Subsidy Contract Calculation'!C34="Local - Approved by ED"),'Tie Breaker'!$M50>0) -> FALSE
E51: Units serving Extremely Low Income Households: | G51: =SUMIFS(Cdlac[Quantity],Cdlac[iAMI],"<=30%") -> 26 | L51: =IFERROR(MIN(4,MATCH(Application!B755,UnitSizes,0)-1),"") | M51: =Application!G755 -> 0 | N51: =Application!AC755 -> 0 | O51: =IF('Tie Breaker'!$M51>0,IF('Tie Breaker'!$U51,30%,IF(AND(OR(NOT($G$38),$G$38=""),$G$43),40%,'Tie Breaker'!$N51)),"") | P51: {=IF('Tie Breaker'!$M51>0,INDEX(TcacRents,$P$18,'Tie Breaker'!$L51+1)*'Tie Breaker'!$O51,"")} | R51: {=IF('Tie Breaker'!$M51>0,INDEX(HudFmrs,$P$18,'Tie Breaker'!$L51+1),"")} | S51: =IF('Tie Breaker'!$M51>0,MAX(0,'Tie Breaker'!$R51-IF(AND($G$37,$G$38,$G$38<>"",NOT('Tie Breaker'!$U51),'Tie Breaker'!$Q51<>""),'Tie Breaker'!$Q51,'Tie Breaker'!$P51)),"") | T51: =IF('Tie Breaker'!$M51>0,AND(Application!AK755<>"N/A",Application!AK755<>"")*'Tie Breaker'!$M51,"") | U51: =AND('Subsidy Contract Calculation'!F35>0,OR('Subsidy Contract Calculation'!C35="Federal",'Subsidy Contract Calculation'!C35="Local - Approved by ED"),'Tie Breaker'!$M51>0) -> FALSE
E52: Maximum (50% of Low-Income Units): | G52: =ROUNDDOWN(E29*50%,0) -> 116 | L52: =IFERROR(MIN(4,MATCH(Application!B756,UnitSizes,0)-1),"") | M52: =Application!G756 -> 0 | N52: =Application!AC756 -> 0 | O52: =IF('Tie Breaker'!$M52>0,IF('Tie Breaker'!$U52,30%,IF(AND(OR(NOT($G$38),$G$38=""),$G$43),40%,'Tie Breaker'!$N52)),"") | P52: {=IF('Tie Breaker'!$M52>0,INDEX(TcacRents,$P$18,'Tie Breaker'!$L52+1)*'Tie Breaker'!$O52,"")} | R52: {=IF('Tie Breaker'!$M52>0,INDEX(HudFmrs,$P$18,'Tie Breaker'!$L52+1),"")} | S52: =IF('Tie Breaker'!$M52>0,MAX(0,'Tie Breaker'!$R52-IF(AND($G$37,$G$38,$G$38<>"",NOT('Tie Breaker'!$U52),'Tie Breaker'!$Q52<>""),'Tie Breaker'!$Q52,'Tie Breaker'!$P52)),"") | T52: =IF('Tie Breaker'!$M52>0,AND(Application!AK756<>"N/A",Application!AK756<>"")*'Tie Breaker'!$M52,"") | U52: =AND('Subsidy Contract Calculation'!F36>0,OR('Subsidy Contract Calculation'!C36="Federal",'Subsidy Contract Calculation'!C36="Local - Approved by ED"),'Tie Breaker'!$M52>0) -> FALSE
L53: =IFERROR(MIN(4,MATCH(Application!B757,UnitSizes,0)-1),"") | M53: =Application!G757 -> 0 | N53: =Application!AC757 -> 0 | O53: =IF('Tie Breaker'!$M53>0,IF('Tie Breaker'!$U53,30%,IF(AND(OR(NOT($G$38),$G$38=""),$G$43),40%,'Tie Breaker'!$N53)),"") | P53: {=IF('Tie Breaker'!$M53>0,INDEX(TcacRents,$P$18,'Tie Breaker'!$L53+1)*'Tie Breaker'!$O53,"")} | R53: {=IF('Tie Breaker'!$M53>0,INDEX(HudFmrs,$P$18,'Tie Breaker'!$L53+1),"")} | S53: =IF('Tie Breaker'!$M53>0,MAX(0,'Tie Breaker'!$R53-IF(AND($G$37,$G$38,$G$38<>"",NOT('Tie Breaker'!$U53),'Tie Breaker'!$Q53<>""),'Tie Breaker'!$Q53,'Tie Breaker'!$P53)),"") | T53: =IF('Tie Breaker'!$M53>0,AND(Application!AK757<>"N/A",Application!AK757<>"")*'Tie Breaker'!$M53,"") | U53: =AND('Subsidy Contract Calculation'!F37>0,OR('Subsidy Contract Calculation'!C37="Federal",'Subsidy Contract Calculation'!C37="Local - Approved by ED"),'Tie Breaker'!$M53>0) -> FALSE
E54: Special Population Quantity | G54: =MIN(G51:G52) -> 26 | L54: =IFERROR(MIN(4,MATCH(Application!B758,UnitSizes,0)-1),"") | M54: =Application!G758 -> 0 | N54: =Application!AC758 -> 0 | O54: =IF('Tie Breaker'!$M54>0,IF('Tie Breaker'!$U54,30%,IF(AND(OR(NOT($G$38),$G$38=""),$G$43),40%,'Tie Breaker'!$N54)),"") | P54: {=IF('Tie Breaker'!$M54>0,INDEX(TcacRents,$P$18,'Tie Breaker'!$L54+1)*'Tie Breaker'!$O54,"")} | R54: {=IF('Tie Breaker'!$M54>0,INDEX(HudFmrs,$P$18,'Tie Breaker'!$L54+1),"")} | S54: =IF('Tie Breaker'!$M54>0,MAX(0,'Tie Breaker'!$R54-IF(AND($G$37,$G$38,$G$38<>"",NOT('Tie Breaker'!$U54),'Tie Breaker'!$Q54<>""),'Tie Breaker'!$Q54,'Tie Breaker'!$P54)),"") | T54: =IF('Tie Breaker'!$M54>0,AND(Application!AK758<>"N/A",Application!AK758<>"")*'Tie Breaker'!$M54,"") | U54: =AND('Subsidy Contract Calculation'!F38>0,OR('Subsidy Contract Calculation'!C38="Federal",'Subsidy Contract Calculation'!C38="Local - Approved by ED"),'Tie Breaker'!$M54>0) -> FALSE
E55: Benefit Multiplier | F55: × | G55: 20000
E56: Extremely Low Income Benefit | G56: =G54*G55 -> 520000
B58: =B11&": "&B13 -> C. Population Benefit: (ii) Special Populations Benefit
E60: Units serving Special Needs, Homeless, or Veterans: | G60: =T18 -> 0
E61: Maximum (50% of Low-Income Units): | G61: =ROUNDDOWN(E29*50%,0) -> 116
E63: Special Population Quantity | G63: =MIN(G60:G61) -> 0
E64: Benefit Multiplier | F64: × | G64: 10000
E65: Special Needs Population Benefit | G65: =G63*G64 -> 0
E67: Project applied for the Homeless Set-Aside: | G67: =Application!V227="Yes" -> FALSE
E68: Units designated for Homeless households: | G68: =SUMIF(Application!AK726:AK758,"Homeless",Application!G726:G758) -> 0
E70: City Point in Time Homeless Count:
E71: City Population (Census Estimate):
E72: City Homelessness Rate Per 100k: | G72: =IF(G71=0,0,(G70/G71)*100000) -> 0
E73: County Point in Time Homeless Count:
E74: County Population (Census Estimate):
E75: County Homelessness Rate Per 100k: | G75: =IF(G74=0,0,(G73/G74)*100000) -> 0
E77: Special Population Quantity | G77: =IF(OR(G75>G72,G71<100000),G75*G68,G72*G68) -> 0
E78: Benefit Multiplier | F78: × | G78: 100
E79: Special Needs Population Benefit | G79: =G77*G78 -> 0
B81: =B14&": "&B15 -> D. Location Benefit: (i) Resource Area Benefit
C83: Project meets the CDLAC new construction definition | L83: Highest Resource | N83: 30000
C84: Project is Large Family housing type | G84: =IF(Application!D211="Large Family","Yes","No") -> No | L84: High Resource | N84: 20000
C85: Project is Permanent Supportive Housing | L85: Moderate Resource | N85: 10000
C86: Opportunity Area Designation | G86: =Application!T193 -> High Resource
C87: Project is located in a neighborhood experiencing neighborhood change* | L87: ='Points System'!H651 -> (i) | M87: Public Park
L88: ='Points System'!H663 -> (i) | M88: Library
L89: ='Points System'!H698 -> (iv) | M89: Grocery Store
E90: Eligible: | G90: =OR(AND(COUNTIFS(G84:G85,"Yes")>=1,G83="Yes"),G87="Yes") -> FALSE | L90: =IF(OR('Points System'!H725="(ii)",'Points System'!H725="(i)"),"(i)","N/A") -> (i) | M90: Public School
L91: ='Points System'!H739 -> N/A | M91: Senior Center
E92: Benefit Multiplier | G92: {=IFERROR(IF($G$87="Yes",30000,INDEX(N83:N85,MATCH(LEFT(G86,17),L83:L85,0))),0)} -> 20000 | L92: ='Points System'!H751 -> N/A | M92: Pop. Spec. Facility
E93: =E110 -> Bedroom-Adjusted Low-Income Units | F93: × | G93: =G29 -> 271.5 | L93: ='Points System'!H767 -> (ii) | M93: Medical Clinic
E94: Resource Area Benefit | G94: =G93*G92*G90 -> 0 | L94: ='Points System'!H779 -> (i) | M94: Pharmacy
B96: =B14&": "&B16 -> D. Location Benefit: (ii) Community Revitalization Benefit
F98: Project is a component of the Area's Community Revitalization Plan
E100: Eligible: | G100: =G98="Yes" -> FALSE
E102: =E110 -> Bedroom-Adjusted Low-Income Units | G102: =G29 -> 271.5
E103: Benefit Multiplier | F103: × | G103: 20000
E104: Community Revitalization Benefit | G104: =G100*G103*G102 -> 0
B106: =B14&": "&B17 -> D. Location Benefit: (iii) Transit/Walkability Benefit
E108: Transit Site Amenity Points | G108: =VLOOKUP('Points System'!$H$619,'Points System'!$AO$599:$AP$604,2,FALSE) -> 4
E109: Benefit Multiplier | F109: × | G109: 4000
E110: Bedroom-Adjusted Low-Income Units | F110: × | G110: =G29 -> 271.5
E111: Transit Benefit | G111: =G108*G109*G110 -> 4344000
E113: Walkable Amenity Count | G113: =COUNTIFS(L87:L94,"(i)") -> 4
E114: Benefit Multiplier | F114: × | G114: 4000
E115: Walkability Benefit | G115: =G110*G113*G114 -> 4344000
C117: Project has:
C118: an award of HCD TOD funding
C119: an award of HCD AHSC funding
...

Sheet Subsidy Contract Calculation
A1: Rental Subsidy Contract by Unit
A3: Bedroom Type | B3: Number of Units¹ | C3: Voucher Type² | D3: Proposed Monthly Rent per Unit Less Utility Allowance³ | F3: Subsidy Contract Monthly Rent per Unit Less Utility Allowance* | G3: Total Subsidy Contract Monthly Rent (b x e) | I3: Subsidy Contract Monthly Rent in Excess of Tax Credit Proposed Monthly Rent | J3: Subsidy Contract Total Rent in Excess of Tax Credit Proposed Monthly Rent
A4: =Application!B726 -> 1 Bedroom | B4: =Application!G726 -> 8 | D4: =Application!O726 -> 880 | G4: =F4*B4 -> 0 | I4: =IF(F4=0,"",MAX((F4-D4),0)) | J4: =IF(F4=0,"",(I4*B4))
A5: =Application!B727 -> 1 Bedroom | B5: =Application!G727 -> 8 | D5: =Application!O727 -> 1536 | G5: =F5*B5 -> 0 | I5: =IF(F5=0,"",MAX((F5-D5),0)) | J5: =IF(F5=0,"",(I5*B5))
A6: =Application!B728 -> 1 Bedroom | B6: =Application!G728 -> 64 | D6: =Application!O728 -> 1864 | G6: =F6*B6 -> 0 | I6: =IF(F6=0,"",MAX((F6-D6),0)) | J6: =IF(F6=0,"",(I6*B6))
A7: =Application!#REF! -> #REF! | B7: =Application!#REF! -> #REF! | D7: =Application!#REF! -> #REF! | G7: =F7*B7 -> #REF! | I7: =IF(F7=0,"",MAX((F7-D7),0)) | J7: =IF(F7=0,"",(I7*B7))
A8: =Application!B729 -> 2 Bedrooms | B8: =Application!G729 -> 6 | D8: =Application!O729 -> 1043 | G8: =F8*B8 -> 0 | I8: =IF(F8=0,"",MAX((F8-D8),0)) | J8: =IF(F8=0,"",(I8*B8))
A9: =Application!B730 -> 2 Bedrooms | B9: =Application!G730 -> 6 | D9: =Application!O730 -> 1830 | G9: =F9*B9 -> 0 | I9: =IF(F9=0,"",MAX((F9-D9),0)) | J9: =IF(F9=0,"",(I9*B9))
A10: =Application!B731 -> 2 Bedrooms | B10: =Application!G731 -> 39 | D10: =Application!O731 -> 2224 | G10: =F10*B10 -> 0 | I10: =IF(F10=0,"",MAX((F10-D10),0)) | J10: =IF(F10=0,"",(I10*B10))
A11: =Application!B732 -> 1 Bedroom | B11: =Application!G732 -> 4 | D11: =Application!O732 -> 880 | G11: =F11*B11 -> 0 | I11: =IF(F11=0,"",MAX((F11-D11),0)) | J11: =IF(F11=0,"",(I11*B11))
A12: =Application!B733 -> 1 Bedroom | B12: =Application!G733 -> 4 | D12: =Application!O733 -> 1536 | G12: =F12*B12 -> 0 | I12: =IF(F12=0,"",MAX((F12-D12),0)) | J12: =IF(F12=0,"",(I12*B12))
A13: =Application!B734 -> 1 Bedroom | B13: =Application!G734 -> 31 | D13: =Application!O734 -> 1864 | G13: =F13*B13 -> 0 | I13: =IF(F13=0,"",MAX((F13-D13),0)) | J13: =IF(F13=0,"",(I13*B13))
A14: =Application!#REF! -> #REF! | B14: =Application!#REF! -> #REF! | D14: =Application!#REF! -> #REF! | G14: =F14*B14 -> #REF! | I14: =IF(F14=0,"",MAX((F14-D14),0)) | J14: =IF(F14=0,"",(I14*B14))
A15: =Application!B735 -> 2 Bedrooms | B15: =Application!G735 -> 2 | D15: =Application!O735 -> 1043 | G15: =F15*B15 -> 0 | I15: =IF(F15=0,"",MAX((F15-D15),0)) | J15: =IF(F15=0,"",(I15*B15))
A16: =Application!B736 -> 2 Bedrooms | B16: =Application!G736 -> 2 | D16: =Application!O736 -> 1830 | G16: =F16*B16 -> 0 | I16: =IF(F16=0,"",MAX((F16-D16),0)) | J16: =IF(F16=0,"",(I16*B16))
A17: =Application!B737 -> 2 Bedrooms | B17: =Application!G737 -> 13 | D17: =Application!O737 -> 2224 | G17: =F17*B17 -> 0 | I17: =IF(F17=0,"",MAX((F17-D17),0)) | J17: =IF(F17=0,"",(I17*B17))
A18: =Application!B738 -> 3 Bedrooms | B18: =Application!G738 -> 2 | D18: =Application!O738 -> 1186 | G18: =F18*B18 -> 0 | I18: =IF(F18=0,"",MAX((F18-D18),0)) | J18: =IF(F18=0,"",(I18*B18))
A19: =Application!B739 -> 3 Bedrooms | B19: =Application!G739 -> 2 | D19: =Application!O739 -> 2095 | G19: =F19*B19 -> 0 | I19: =IF(F19=0,"",MAX((F19-D19),0)) | J19: =IF(F19=0,"",(I19*B19))
A20: =Application!B740 -> 3 Bedrooms | B20: =Application!G740 -> 10 | D20: =Application!O740 -> 2550 | G20: =F20*B20 -> 0 | I20: =IF(F20=0,"",MAX((F20-D20),0)) | J20: =IF(F20=0,"",(I20*B20))
A21: =Application!B741 -> 3 Bedrooms | B21: =Application!G741 -> 4 | D21: =Application!O741 -> 1186 | G21: =F21*B21 -> 0 | I21: =IF(F21=0,"",MAX((F21-D21),0)) | J21: =IF(F21=0,"",(I21*B21))
A22: =Application!B742 -> 3 Bedrooms | B22: =Application!G742 -> 4 | D22: =Application!O742 -> 2095 | G22: =F22*B22 -> 0 | I22: =IF(F22=0,"",MAX((F22-D22),0)) | J22: =IF(F22=0,"",(I22*B22))
A23: =Application!B743 -> 3 Bedrooms | B23: =Application!G743 -> 23 | D23: =Application!O743 -> 2550 | G23: =F23*B23 -> 0 | I23: =IF(F23=0,"",MAX((F23-D23),0)) | J23: =IF(F23=0,"",(I23*B23))
A24: =Application!B744 -> 0 | B24: =Application!G744 -> 0 | D24: =Application!O744 -> 0 | G24: =F24*B24 -> 0 | I24: =IF(F24=0,"",MAX((F24-D24),0)) | J24: =IF(F24=0,"",(I24*B24))
A25: =Application!B745 -> 0 | B25: =Application!G745 -> 0 | D25: =Application!O745 -> 0 | G25: =F25*B25 -> 0 | I25: =IF(F25=0,"",MAX((F25-D25),0)) | J25: =IF(F25=0,"",(I25*B25))
A26: =Application!B746 -> 0 | B26: =Application!G746 -> 0 | D26: =Application!O746 -> 0 | G26: =F26*B26 -> 0 | I26: =IF(F26=0,"",MAX((F26-D26),0)) | J26: =IF(F26=0,"",(I26*B26))
... A38: =Application!B758 -> 0 | B38: =Application!G758 -> 0 | D38: =Application!O758 -> 0 | G38: =F38*B38 -> 0 | I38: =IF(F38=0,"",MAX((F38-D38),0)) | J38: =IF(F38=0,"",(I38*B38))
A40: ANNUAL TOTAL RENT | D40: =Application!O759 -> 448540 | G40: =SUM(G4:G38)*12 -> #REF! | J40: =SUM(J4:J38)*12 -> 0
A42: ¹ The number of units are linked to the Lowest Income Units table in the Application tab.
A43: ² Federal project-based rental assistance, a similar local rental assistance program approved by the Executive Director under §5231(g)(1)(B)(i), or other rental assistance
A45: ³ This spreadsheet assumes a subsidy contract with a utility allowance. If the project's subsidy contract is gross, please adjust the column headings and cells accordingly.

Sheet 15 Year Pro Forma
A1: 15 YEAR PROJECT CASH FLOW PROJECTIONS - Refer to CTCAC Regulation Sections 10322(h)(22), 10325(f)(5), 10326(g)(4), 10327(f) and (g).
A3: REVENUE | C3: MULTIPLIER | E3: YEAR 1 | G3: YEAR 2 | I3: YEAR 3 | K3: YEAR 4 | M3: YEAR 5 | O3: YEAR 6 | Q3: YEAR 7 | S3: YEAR 8 | U3: YEAR 9 | W3: YEAR 10 | Y3: YEAR 11 | AA3: YEAR 12 | AC3: YEAR 13 | AE3: YEAR 14 | AG3: YEAR 15
A4: Gross Rent | C4: 1.025 | E4: =Application!Y807 -> 5457816 | G4: =E4*$C$4 -> 5594261.4 | I4: =G4*$C$4 -> 5734117.9 | K4: =I4*$C$4 -> 5877470.9 | M4: =K4*$C$4 -> 6024407.7 | O4: =M4*$C$4 -> 6175017.8 | Q4: =O4*$C$4 -> 6329393.3 | S4: =Q4*$C$4 -> 6487628.1 | U4: =S4*$C$4 -> 6649818.8 | W4: =U4*$C$4 -> 6816064.3 | Y4: =W4*$C$4 -> 6986465.9 | AA4: =Y4*$C$4 -> 7161127.6 | AC4: =AA4*$C$4 -> 7340155.7 | AE4: =AC4*$C$4 -> 7523659.6 | AG4: =AE4*$C$4 -> 7711751.1
B5: Less Vacancy | C5: =IF(Application!$D$211="Special Needs",(((0.1*Application!$T$212)+(0.05*(1-Application!$T$212)))),0.05) -> 0.05 | E5: =-E4*$C$5 -> -272890.8 | G5: =-G4*$C$5 -> -279713.07 | I5: =-I4*$C$5 -> -286705.9 | K5: =-K4*$C$5 -> -293873.54 | M5: =-M4*$C$5 -> -301220.38 | O5: =-O4*$C$5 -> -308750.89 | Q5: =-Q4*$C$5 -> -316469.66 | S5: =-S4*$C$5 -> -324381.41 | U5: =-U4*$C$5 -> -332490.94 | W5: =-W4*$C$5 -> -340803.21 | Y5: =-Y4*$C$5 -> -349323.3 | AA5: =-AA4*$C$5 -> -358056.38 | AC5: =-AC4*$C$5 -> -367007.79 | AE5: =-AE4*$C$5 -> -376182.98 | AG5: =-AG4*$C$5 -> -385587.56
A6: Rental Subsidy | C6: 1.025 | E6: =Application!Z815 -> 0 | G6: =E6*$C$6 -> 0 | I6: =G6*$C$6 -> 0 | K6: =I6*$C$6 -> 0 | M6: =K6*$C$6 -> 0 | O6: =M6*$C$6 -> 0 | Q6: =O6*$C$6 -> 0 | S6: =Q6*$C$6 -> 0 | U6: =S6*$C$6 -> 0 | W6: =U6*$C$6 -> 0 | Y6: =W6*$C$6 -> 0 | AA6: =Y6*$C$6 -> 0 | AC6: =AA6*$C$6 -> 0 | AE6: =AC6*$C$6 -> 0 | AG6: =AE6*$C$6 -> 0
B7: Less Vacancy | C7: =IF(Application!$D$211="Special Needs",(((0.1*Application!$T$212)+(0.05*(1-Application!$T$212)))),0.05) -> 0.05 | E7: =-E6*$C$7 -> 0 | G7: =-G6*$C$7 -> 0 | I7: =-I6*$C$7 -> 0 | K7: =-K6*$C$7 -> 0 | M7: =-M6*$C$7 -> 0 | O7: =-O6*$C$7 -> 0 | Q7: =-Q6*$C$7 -> 0 | S7: =-S6*$C$7 -> 0 | U7: =-U6*$C$7 -> 0 | W7: =-W6*$C$7 -> 0 | Y7: =-Y6*$C$7 -> 0 | AA7: =-AA6*$C$7 -> 0 | AC7: =-AC6*$C$7 -> 0 | AE7: =-AE6*$C$7 -> 0 | AG7: =-AG6*$C$7 -> 0
A8: Miscellaneous Income | C8: 1.025 | E8: =Application!Z823 -> 315621 | G8: =E8*$C$8 -> 323511.52 | I8: =G8*$C$8 -> 331599.31 | K8: =I8*$C$8 -> 339889.3 | M8: =K8*$C$8 -> 348386.53 | O8: =M8*$C$8 -> 357096.19 | Q8: =O8*$C$8 -> 366023.6 | S8: =Q8*$C$8 -> 375174.19 | U8: =S8*$C$8 -> 384553.54 | W8: =U8*$C$8 -> 394167.38 | Y8: =W8*$C$8 -> 404021.56 | AA8: =Y8*$C$8 -> 414122.1 | AC8: =AA8*$C$8 -> 424475.16 | AE8: =AC8*$C$8 -> 435087.03 | AG8: =AE8*$C$8 -> 445964.21
B9: Less Vacancy | C9: =IF(Application!$D$211="Special Needs",(((0.1*Application!$T$212)+(0.05*(1-Application!$T$212)))),0.05) -> 0.05 | E9: =-E8*$C$9 -> -15781.05 | G9: =-G8*$C$9 -> -16175.576 | I9: =-I8*$C$9 -> -16579.966 | K9: =-K8*$C$9 -> -16994.465 | M9: =-M8*$C$9 -> -17419.326 | O9: =-O8*$C$9 -> -17854.81 | Q9: =-Q8*$C$9 -> -18301.18 | S9: =-S8*$C$9 -> -18758.709 | U9: =-U8*$C$9 -> -19227.677 | W9: =-W8*$C$9 -> -19708.369 | Y9: =-Y8*$C$9 -> -20201.078 | AA9: =-AA8*$C$9 -> -20706.105 | AC9: =-AC8*$C$9 -> -21223.758 | AE9: =-AE8*$C$9 -> -21754.352 | AG9: =-AG8*$C$9 -> -22298.211
A10: Operating Subsidy (specify if applicable)
A11: Total Revenue | E11: =SUM(E4:E10) -> 5484765.2 | G11: =SUM(G4:G10) -> 5621884.3 | I11: =SUM(I4:I10) -> 5762431.4 | K11: =SUM(K4:K10) -> 5906492.2 | M11: =SUM(M4:M10) -> 6054154.5 | O11: =SUM(O4:O10) -> 6205508.3 | Q11: =SUM(Q4:Q10) -> 6360646 | S11: =SUM(S4:S10) -> 6519662.2 | U11: =SUM(U4:U10) -> 6682653.8 | W11: =SUM(W4:W10) -> 6849720.1 | Y11: =SUM(Y4:Y10) -> 7020963.1 | AA11: =SUM(AA4:AA10) -> 7196487.2 | AC11: =SUM(AC4:AC10) -> 7376399.4 | AE11: =SUM(AE4:AE10) -> 7560809.3 | AG11: =SUM(AG4:AG10) -> 7749829.6
A13: EXPENSES
A14: Operating Expenses: | C14: 1.035
A15: Administrative | E15: =Application!W853 -> 81125 | G15: =E15*$C$14 -> 83964.375 | I15: =G15*$C$14 -> 86903.128 | K15: =I15*$C$14 -> 89944.738 | M15: =K15*$C$14 -> 93092.803 | O15: =M15*$C$14 -> 96351.052 | Q15: =O15*$C$14 -> 99723.338 | S15: =Q15*$C$14 -> 103213.66 | U15: =S15*$C$14 -> 106826.13 | W15: =U15*$C$14 -> 110565.05 | Y15: =W15*$C$14 -> 114434.82 | AA15: =Y15*$C$14 -> 118440.04 | AC15: =AA15*$C$14 -> 122585.44 | AE15: =AC15*$C$14 -> 126875.94 | AG15: =AE15*$C$14 -> 131316.59
A16: Management | E16: =Application!W855 -> 115876 | G16: =E16*$C$14 -> 119931.66 | I16: =G16*$C$14 -> 124129.27 | K16: =I16*$C$14 -> 128473.79 | M16: =K16*$C$14 -> 132970.38 | O16: =M16*$C$14 -> 137624.34 | Q16: =O16*$C$14 -> 142441.19 | S16: =Q16*$C$14 -> 147426.63 | U16: =S16*$C$14 -> 152586.56 | W16: =U16*$C$14 -> 157927.09 | Y16: =W16*$C$14 -> 163454.54 | AA16: =Y16*$C$14 -> 169175.45 | AC16: =AA16*$C$14 -> 175096.59 | AE16: =AC16*$C$14 -> 181224.97 | AG16: =AE16*$C$14 -> 187567.85
A17: Utilities | E17: =Application!W861 -> 291891 | G17: =E17*$C$14 -> 302107.18 | I17: =G17*$C$14 -> 312680.94 | K17: =I17*$C$14 -> 323624.77 | M17: =K17*$C$14 -> 334951.64 | O17: =M17*$C$14 -> 346674.94 | Q17: =O17*$C$14 -> 358808.57 | S17: =Q17*$C$14 -> 371366.87 | U17: =S17*$C$14 -> 384364.71 | W17: =U17*$C$14 -> 397817.47 | Y17: =W17*$C$14 -> 411741.08 | AA17: =Y17*$C$14 -> 426152.02 | AC17: =AA17*$C$14 -> 441067.34 | AE17: =AC17*$C$14 -> 456504.7 | AG17: =AE17*$C$14 -> 472482.36
A18: Payroll & Payroll Taxes | E18: =Application!W868 -> 281745 | G18: =E18*$C$14 -> 291606.07 | I18: =G18*$C$14 -> 301812.29 | K18: =I18*$C$14 -> 312375.72 | M18: =K18*$C$14 -> 323308.87 | O18: =M18*$C$14 -> 334624.68 | Q18: =O18*$C$14 -> 346336.54 | S18: =Q18*$C$14 -> 358458.32 | U18: =S18*$C$14 -> 371004.36 | W18: =U18*$C$14 -> 383989.51 | Y18: =W18*$C$14 -> 397429.15 | AA18: =Y18*$C$14 -> 411339.17 | AC18: =AA18*$C$14 -> 425736.04 | AE18: =AC18*$C$14 -> 440636.8 | AG18: =AE18*$C$14 -> 456059.09
A19: Insurance | E19: =Application!W870 -> 141000 | G19: =E19*$C$14 -> 145935 | I19: =G19*$C$14 -> 151042.72 | K19: =I19*$C$14 -> 156329.22 | M19: =K19*$C$14 -> 161800.74 | O19: =M19*$C$14 -> 167463.77 | Q19: =O19*$C$14 -> 173325 | S19: =Q19*$C$14 -> 179391.38 | U19: =S19*$C$14 -> 185670.07 | W19: =U19*$C$14 -> 192168.53 | Y19: =W19*$C$14 -> 198894.43 | AA19: =Y19*$C$14 -> 205855.73 | AC19: =AA19*$C$14 -> 213060.68 | AE19: =AC19*$C$14 -> 220517.8 | AG19: =AE19*$C$14 -> 228235.93
A20: Maintenance | E20: =Application!W879 -> 274882 | G20: =E20*$C$14 -> 284502.87 | I20: =G20*$C$14 -> 294460.47 | K20: =I20*$C$14 -> 304766.59 | M20: =K20*$C$14 -> 315433.42 | O20: =M20*$C$14 -> 326473.59 | Q20: =O20*$C$14 -> 337900.16 | S20: =Q20*$C$14 -> 349726.67 | U20: =S20*$C$14 -> 361967.1 | W20: =U20*$C$14 -> 374635.95 | Y20: =W20*$C$14 -> 387748.21 | AA20: =Y20*$C$14 -> 401319.4 | AC20: =AA20*$C$14 -> 415365.57 | AE20: =AC20*$C$14 -> 429903.37 | AG20: =AE20*$C$14 -> 444949.99
A21: Other Operating Expenses (specify): | E21: =Application!W886 -> 0 | G21: =E21*$C$14 -> 0 | I21: =G21*$C$14 -> 0 | K21: =I21*$C$14 -> 0 | M21: =K21*$C$14 -> 0 | O21: =M21*$C$14 -> 0 | Q21: =O21*$C$14 -> 0 | S21: =Q21*$C$14 -> 0 | U21: =S21*$C$14 -> 0 | W21: =U21*$C$14 -> 0 | Y21: =W21*$C$14 -> 0 | AA21: =Y21*$C$14 -> 0 | AC21: =AA21*$C$14 -> 0 | AE21: =AC21*$C$14 -> 0 | AG21: =AE21*$C$14 -> 0
A22: Total Operating Expenses | E22: =SUM(E15:E21) -> 1186519 | G22: =SUM(G15:G21) -> 1228047.2 | I22: =SUM(I15:I21) -> 1271028.8 | K22: =SUM(K15:K21) -> 1315514.8 | M22: =SUM(M15:M21) -> 1361557.8 | O22: =SUM(O15:O21) -> 1409212.4 | Q22: =SUM(Q15:Q21) -> 1458534.8 | S22: =SUM(S15:S21) -> 1509583.5 | U22: =SUM(U15:U21) -> 1562418.9 | W22: =SUM(W15:W21) -> 1617103.6 | Y22: =SUM(Y15:Y21) -> 1673702.2 | AA22: =SUM(AA15:AA21) -> 1732281.8 | AC22: =SUM(AC15:AC21) -> 1792911.7 | AE22: =SUM(AE15:AE21) -> 1855663.6 | AG22: =SUM(AG15:AG21) -> 1920611.8
A24: Ground Lease Payment (if applicable) | G24: =E24*$C$24 -> 0 | I24: =G24*$C$24 -> 0 | K24: =I24*$C$24 -> 0 | M24: =K24*$C$24 -> 0 | O24: =M24*$C$24 -> 0 | Q24: =O24*$C$24 -> 0 | S24: =Q24*$C$24 -> 0 | U24: =S24*$C$24 -> 0 | W24: =U24*$C$24 -> 0 | Y24: =W24*$C$24 -> 0 | AA24: =Y24*$C$24 -> 0 | AC24: =AA24*$C$24 -> 0 | AE24: =AC24*$C$24 -> 0 | AG24: =AE24*$C$24 -> 0
A26: Transit Pass/Tenant Internet Expense* | C26: 1.035 | E26: =Application!AC894 -> 0 | G26: =E26*$C$26 -> 0 | I26: =G26*$C$26 -> 0 | K26: =I26*$C$26 -> 0 | M26: =K26*$C$26 -> 0 | O26: =M26*$C$26 -> 0 | Q26: =O26*$C$26 -> 0 | S26: =Q26*$C$26 -> 0 | U26: =S26*$C$26 -> 0 | W26: =U26*$C$26 -> 0 | Y26: =W26*$C$26 -> 0 | AA26: =Y26*$C$26 -> 0 | AC26: =AA26*$C$26 -> 0 | AE26: =AC26*$C$26 -> 0 | AG26: =AE26*$C$26 -> 0
A27: Service Amenities | C27: 1.035 | E27: =Application!AC895 -> 0 | G27: =E27*$C$27 -> 0 | I27: =G27*$C$27 -> 0 | K27: =I27*$C$27 -> 0 | M27: =K27*$C$27 -> 0 | O27: =M27*$C$27 -> 0 | Q27: =O27*$C$27 -> 0 | S27: =Q27*$C$27 -> 0 | U27: =S27*$C$27 -> 0 | W27: =U27*$C$27 -> 0 | Y27: =84000*1.035^10 -> 118490.3 | AA27: =Y27*$C$27 -> 122637.46 | AC27: =AA27*$C$27 -> 126929.77 | AE27: =AC27*$C$27 -> 131372.31 | AG27: =AE27*$C$27 -> 135970.34
A28: Replacement Reserve | E28: =Application!AC896 -> 57600 | G28: =$E$28 -> 57600 | I28: =$E$28 -> 57600 | K28: =$E$28 -> 57600 | M28: =$E$28 -> 57600 | O28: =$E$28 -> 57600 | Q28: =$E$28 -> 57600 | S28: =$E$28 -> 57600 | U28: =$E$28 -> 57600 | W28: =$E$28 -> 57600 | Y28: =$E$28 -> 57600 | AA28: =$E$28 -> 57600 | AC28: =$E$28 -> 57600 | AE28: =$E$28 -> 57600 | AG28: =$E$28 -> 57600
A29: Monitoring Fees | E29: =Application!AC897 -> 0 | G29: =$E$29 -> 0 | I29: =$E$29 -> 0 | K29: =$E$29 -> 0 | M29: =$E$29 -> 0 | O29: =$E$29 -> 0 | Q29: =$E$29 -> 0 | S29: =$E$29 -> 0 | U29: =$E$29 -> 0 | W29: =$E$29 -> 0 | Y29: =$E$29 -> 0 | AA29: =$E$29 -> 0 | AC29: =$E$29 -> 0 | AE29: =$E$29 -> 0 | AG29: =$E$29 -> 0
A30: Real Estate Taxes | C30: 1.02 | E30: =Application!AC898 -> 2445 | G30: =E30*$C$30 -> 2493.9 | I30: =G30*$C$30 -> 2543.778 | K30: =I30*$C$30 -> 2594.6536 | M30: =K30*$C$30 -> 2646.5466 | O30: =M30*$C$30 -> 2699.4776 | Q30: =O30*$C$30 -> 2753.4671 | S30: =Q30*$C$30 -> 2808.5365 | U30: =S30*$C$30 -> 2864.7072 | W30: =U30*$C$30 -> 2922.0013 | Y30: =W30*$C$30 -> 2980.4414 | AA30: =Y30*$C$30 -> 3040.0502 | AC30: =AA30*$C$30 -> 3100.8512 | AE30: =AC30*$C$30 -> 3162.8682 | AG30: =AE30*$C$30 -> 3226.1256
A31: Specialty Local Taxes | C31: 1.02 | E31: =Application!AC900 -> 0 | G31: =E31*$C$31 -> 0 | I31: =G31*$C$31 -> 0 | K31: =I31*$C$31 -> 0 | M31: =K31*$C$31 -> 0 | O31: =M31*$C$31 -> 0 | Q31: =O31*$C$31 -> 0 | S31: =Q31*$C$31 -> 0 | U31: =S31*$C$31 -> 0 | W31: =U31*$C$31 -> 0 | Y31: =W31*$C$31 -> 0 | AA31: =Y31*$C$31 -> 0 | AC31: =AA31*$C$31 -> 0 | AE31: =AC31*$C$31 -> 0 | AG31: =AE31*$C$31 -> 0
A32: =Application!C901 -> Other (Specify): | C32: 1.035 | E32: =Application!AC901 -> 0 | G32: =E32*$C$32 -> 0 | I32: =G32*$C$32 -> 0 | K32: =I32*$C$32 -> 0 | M32: =K32*$C$32 -> 0 | O32: =M32*$C$32 -> 0 | Q32: =O32*$C$32 -> 0 | S32: =Q32*$C$32 -> 0 | U32: =S32*$C$32 -> 0 | W32: =U32*$C$32 -> 0 | Y32: =W32*$C$32 -> 0 | AA32: =Y32*$C$32 -> 0 | AC32: =AA32*$C$32 -> 0 | AE32: =AC32*$C$32 -> 0 | AG32: =AE32*$C$32 -> 0
A33: =Application!C902 -> Other (Specify): | C33: 1.035 | E33: =Application!AC902 -> 0 | G33: =E33*$C$33 -> 0 | I33: =G33*$C$33 -> 0 | K33: =I33*$C$33 -> 0 | M33: =K33*$C$33 -> 0 | O33: =M33*$C$33 -> 0 | Q33: =O33*$C$33 -> 0 | S33: =Q33*$C$33 -> 0 | U33: =S33*$C$33 -> 0 | W33: =U33*$C$33 -> 0 | Y33: =W33*$C$33 -> 0 | AA33: =Y33*$C$33 -> 0 | AC33: =AA33*$C$33 -> 0 | AE33: =AC33*$C$33 -> 0 | AG33: =AE33*$C$33 -> 0
A35: Total Expenses | E35: =SUM(E22:E33) -> 1246564 | G35: =SUM(G22:G33) -> 1288141.1 | I35: =SUM(I22:I33) -> 1331172.6 | K35: =SUM(K22:K33) -> 1375709.5 | M35: =SUM(M22:M33) -> 1421804.4 | O35: =SUM(O22:O33) -> 1469511.8 | Q35: =SUM(Q22:Q33) -> 1518888.3 | S35: =SUM(S22:S33) -> 1569992.1 | U35: =SUM(U22:U33) -> 1622883.6 | W35: =SUM(W22:W33) -> 1677625.6 | Y35: =SUM(Y22:Y33) -> 1852773 | AA35: =SUM(AA22:AA33) -> 1915559.3 | AC35: =SUM(AC22:AC33) -> 1980542.3 | AE35: =SUM(AE22:AE33) -> 2047798.8 | AG35: =SUM(AG22:AG33) -> 2117408.3
A37: Cash Flow Prior to Debt Service | E37: =E11-E35 -> 4238201.2 | G37: =G11-G35 -> 4333743.2 | I37: =I11-I35 -> 4431258.8 | K37: =K11-K35 -> 4530782.7 | M37: =M11-M35 -> 4632350.1 | O37: =O11-O35 -> 4735996.5 | Q37: =Q11-Q35 -> 4841757.8 | S37: =S11-S35 -> 4949670.1 | U37: =U11-U35 -> 5059770.1 | W37: =W11-W35 -> 5172094.5 | Y37: =Y11-Y35 -> 5168190.1 | AA37: =AA11-AA35 -> 5280927.9 | AC37: =AC11-AC35 -> 5395857.1 | AE37: =AE11-AE35 -> 5513010.6 | AG37: =AG11-AG35 -> 5632421.3
A39: MUST PAY DEBT SERVICE
A40: =Application!C635 -> Citibank N.A. | E40: =Application!AF635+Application!AF636 -> 3680249.9 | G40: =$E$40 -> 3680249.9 | I40: =$E$40 -> 3680249.9 | K40: =$E$40 -> 3680249.9 | M40: =$E$40 -> 3680249.9 | O40: =$E$40 -> 3680249.9 | Q40: =$E$40 -> 3680249.9 | S40: =$E$40 -> 3680249.9 | U40: =$E$40 -> 3680249.9 | W40: =$E$40 -> 3680249.9 | Y40: =$E$40 -> 3680249.9 | AA40: =$E$40 -> 3680249.9 | AC40: =$E$40 -> 3680249.9 | AE40: =$E$40 -> 3680249.9 | AG40: =$E$40 -> 3680249.9
G41: =$E$41 -> 0 | I41: =$E$41 -> 0 | K41: =$E$41 -> 0 | M41: =$E$41 -> 0 | O41: =$E$41 -> 0 | Q41: =$E$41 -> 0 | S41: =$E$41 -> 0 | U41: =$E$41 -> 0 | W41: =$E$41 -> 0 | Y41: =$E$41 -> 0 | AA41: =$E$41 -> 0 | AC41: =$E$41 -> 0 | AE41: =$E$41 -> 0 | AG41: =$E$41 -> 0
G42: =$E$42 -> 0 | I42: =$E$42 -> 0 | K42: =$E$42 -> 0 | M42: =$E$42 -> 0 | O42: =$E$42 -> 0 | Q42: =$E$42 -> 0 | S42: =$E$42 -> 0 | U42: =$E$42 -> 0 | W42: =$E$42 -> 0 | Y42: =$E$42 -> 0 | AA42: =$E$42 -> 0 | AC42: =$E$42 -> 0 | AE42: =$E$42 -> 0 | AG42: =$E$42 -> 0
A43: Total Debt Service | E43: =SUM(E40:E42) -> 3680249.9 | G43: =SUM(G40:G42) -> 3680249.9 | I43: =SUM(I40:I42) -> 3680249.9 | K43: =SUM(K40:K42) -> 3680249.9 | M43: =SUM(M40:M42) -> 3680249.9 | O43: =SUM(O40:O42) -> 3680249.9 | Q43: =SUM(Q40:Q42) -> 3680249.9 | S43: =SUM(S40:S42) -> 3680249.9 | U43: =SUM(U40:U42) -> 3680249.9 | W43: =SUM(W40:W42) -> 3680249.9 | Y43: =SUM(Y40:Y42) -> 3680249.9 | AA43: =SUM(AA40:AA42) -> 3680249.9 | AC43: =SUM(AC40:AC42) -> 3680249.9 | AE43: =SUM(AE40:AE42) -> 3680249.9 | AG43: =SUM(AG40:AG42) -> 3680249.9
A45: Cash Flow After Debt Service | E45: =E37-E43 -> 557951.22 | G45: =G37-G43 -> 653493.29 | I45: =I37-I43 -> 751008.86 | K45: =K37-K43 -> 850532.77 | M45: =M37-M43 -> 952100.16 | O45: =O37-O43 -> 1055746.6 | Q45: =Q37-Q43 -> 1161507.8 | S45: =S37-S43 -> 1269420.2 | U45: =U37-U43 -> 1379520.2 | W45: =W37-W43 -> 1491844.6 | Y45: =Y37-Y43 -> 1487940.2 | AA45: =AA37-AA43 -> 1600677.9 | AC45: =AC37-AC43 -> 1715607.1 | AE45: =AE37-AE43 -> 1832760.7 | AG45: =AG37-AG43 -> 1952171.4
A47: Percent of Gross Revenue | E47: =E45/(E4+E6+E8) -> 0.096641086 | G47: =G45/(G4+G6+G8) -> 0.11042892 | I47: =I45/(I4+I6+I8) -> 0.12381205 | K47: =K45/(K4+K6+K8) -> 0.13679966 | M47: =M45/(M4+M6+M8) -> 0.14940074 | O47: =O45/(O4+O6+O8) -> 0.16162403 | Q47: =Q45/(Q4+Q6+Q8) -> 0.17347805 | S47: =S45/(S4+S6+S8) -> 0.18497112 | U47: =U45/(U4+U6+U8) -> 0.19611134 | W47: =W45/(W4+W6+W8) -> 0.20690661 | Y47: =Y45/(Y4+Y6+Y8) -> 0.20133181 | AA47: =AA45/(AA4+AA6+AA8) -> 0.21130365 | AC47: =AC45/(AC4+AC6+AC8) -> 0.22095154 | AE47: =AE45/(AE4+AE6+AE8) -> 0.23028257 | AG47: =AG45/(AG4+AG6+AG8) -> 0.23930369
A48: 25% Debt Service Test | E48: =E45/E43 -> 0.15160688 | G48: =G45/G43 -> 0.17756764 | I48: =I45/I43 -> 0.20406464 | K48: =K45/K43 -> 0.23110734 | M48: =M45/M43 -> 0.2587053 | O48: =O45/O43 -> 0.28686817 | Q48: =Q45/Q43 -> 0.3156057 | S48: =S45/S43 -> 0.34492772 | U48: =U45/U43 -> 0.37484416 | W48: =W45/W43 -> 0.40536501 | Y48: =Y45/Y43 -> 0.40430412 | AA48: =AA45/AA43 -> 0.43493729 | AC48: =AC45/AC43 -> 0.46616593 | AE48: =AE45/AE43 -> 0.49799896 | AG48: =AG45/AG43 -> 0.53044533
A49: Debt Coverage Ratio | E49: =E37/E43 -> 1.1516069 | G49: =G37/G43 -> 1.1775676 | I49: =I37/I43 -> 1.2040646 | K49: =K37/K43 -> 1.2311073 | M49: =M37/M43 -> 1.2587053 | O49: =O37/O43 -> 1.2868682 | Q49: =Q37/Q43 -> 1.3156057 | S49: =S37/S43 -> 1.3449277 | U49: =U37/U43 -> 1.3748442 | W49: =W37/W43 -> 1.405365 | Y49: =Y37/Y43 -> 1.4043041 | AA49: =AA37/AA43 -> 1.4349373 | AC49: =AC37/AC43 -> 1.4661659 | AE49: =AE37/AE43 -> 1.497999 | AG49: =AG37/AG43 -> 1.5304453
A51: OTHER FEES**
A52: (select)
A53: GP Partnership Management Fee | G53: =E53*$C$53 -> 0 | I53: =G53*$C$53 -> 0 | K53: =I53*$C$53 -> 0 | M53: =K53*$C$53 -> 0 | O53: =M53*$C$53 -> 0 | Q53: =O53*$C$53 -> 0 | S53: =Q53*$C$53 -> 0 | U53: =S53*$C$53 -> 0 | W53: =U53*$C$53 -> 0 | Y53: =W53*$C$53 -> 0 | AA53: =Y53*$C$53 -> 0 | AC53: =AA53*$C$53 -> 0 | AE53: =AC53*$C$53 -> 0 | AG53: =AE53*$C$53 -> 0
A54: LP Asset Management Fee | G54: =E54*$C$53 -> 0 | I54: =G54*$C$53 -> 0 | K54: =I54*$C$53 -> 0 | M54: =K54*$C$53 -> 0 | O54: =M54*$C$53 -> 0 | Q54: =O54*$C$53 -> 0 | S54: =Q54*$C$53 -> 0 | U54: =S54*$C$53 -> 0 | W54: =U54*$C$53 -> 0 | Y54: =W54*$C$53 -> 0 | AA54: =Y54*$C$53 -> 0 | AC54: =AA54*$C$53 -> 0 | AE54: =AC54*$C$53 -> 0 | AG54: =AE54*$C$53 -> 0
A55: Incentive Management Fee | G55: =E55*$C$53 -> 0 | I55: =G55*$C$53 -> 0 | K55: =I55*$C$53 -> 0 | M55: =K55*$C$53 -> 0 | O55: =M55*$C$53 -> 0 | Q55: =O55*$C$53 -> 0 | S55: =Q55*$C$53 -> 0 | U55: =S55*$C$53 -> 0 | W55: =U55*$C$53 -> 0 | Y55: =W55*$C$53 -> 0 | AA55: =Y55*$C$53 -> 0 | AC55: =AA55*$C$53 -> 0 | AE55: =AC55*$C$53 -> 0 | AG55: =AE55*$C$53 -> 0
G56: =E56*$C$53 -> 0 | I56: =G56*$C$53 -> 0 | K56: =I56*$C$53 -> 0 | M56: =K56*$C$53 -> 0 | O56: =M56*$C$53 -> 0 | Q56: =O56*$C$53 -> 0 | S56: =Q56*$C$53 -> 0 | U56: =S56*$C$53 -> 0 | W56: =U56*$C$53 -> 0 | Y56: =W56*$C$53 -> 0 | AA56: =Y56*$C$53 -> 0 | AC56: =AA56*$C$53 -> 0 | AE56: =AC56*$C$53 -> 0 | AG56: =AE56*$C$53 -> 0
G57: =E57*$C$53 -> 0 | I57: =G57*$C$53 -> 0 | K57: =I57*$C$53 -> 0 | M57: =K57*$C$53 -> 0 | O57: =M57*$C$53 -> 0 | Q57: =O57*$C$53 -> 0 | S57: =Q57*$C$53 -> 0 | U57: =S57*$C$53 -> 0 | W57: =U57*$C$53 -> 0 | Y57: =W57*$C$53 -> 0 | AA57: =Y57*$C$53 -> 0 | AC57: =AA57*$C$53 -> 0 | AE57: =AC57*$C$53 -> 0 | AG57: =AE57*$C$53 -> 0
A58: Total Other Fees | E58: =SUM(E53:E57) -> 0 | G58: =SUM(G53:G57) -> 0 | I58: =SUM(I53:I57) -> 0 | K58: =SUM(K53:K57) -> 0 | M58: =SUM(M53:M57) -> 0 | O58: =SUM(O53:O57) -> 0 | Q58: =SUM(Q53:Q57) -> 0 | S58: =SUM(S53:S57) -> 0 | U58: =SUM(U53:U57) -> 0 | W58: =SUM(W53:W57) -> 0 | Y58: =SUM(Y53:Y57) -> 0 | AA58: =SUM(AA53:AA57) -> 0 | AC58: =SUM(AC53:AC57) -> 0 | AE58: =SUM(AE53:AE57) -> 0 | AG58: =SUM(AG53:AG57) -> 0
A60: Remaining Cash Flow | E60: =E45-E58 -> 557951.22 | G60: =G45-G58 -> 653493.29 | I60: =I45-I58 -> 751008.86 | K60: =K45-K58 -> 850532.77 | M60: =M45-M58 -> 952100.16 | O60: =O45-O58 -> 1055746.6 | Q60: =Q45-Q58 -> 1161507.8 | S60: =S45-S58 -> 1269420.2 | U60: =U45-U58 -> 1379520.2 | W60: =W45-W58 -> 1491844.6 | Y60: =Y45-Y58 -> 1487940.2 | AA60: =AA45-AA58 -> 1600677.9 | AC60: =AC45-AC58 -> 1715607.1 | AE60: =AE45-AE58 -> 1832760.7 | AG60: =AG45-AG58 -> 1952171.4
A62: Deferred Developer Fee** | C62: 0.5 | E62: =E60*$C$62 -> 278975.61 | G62: =G60*$C$62 -> 326746.64 | I62: =I60*$C$62 -> 375504.43 | K62: =K60*$C$62 -> 425266.38 | M62: =M60*$C$62 -> 476050.08 | O62: =O60*$C$62 -> 527873.28 | Q62: =Q60*$C$62 -> 580753.92 | S62: =S60*$C$62 -> 634710.11 | U62: =U60*$C$62 -> 689760.09 | W62: =W60*$C$62 -> 745922.28 | Y62: =Y60*$C$62 -> 743970.1 | AA62: =AA60*$C$62 -> 800338.97 | AC62: =AC60*$C$62 -> 857803.57 | AE62: =AE60*$C$62 -> 916380.33 | AG62: =AG60*$C$62 -> 976085.69
A63: (select)
A65: Residual or Soft Debt Payments** | C65: 0.25
E66: =$E60*$C$65 -> 139487.81 | G66: =G60*$C$65 -> 163373.32 | I66: =I60*$C$65 -> 187752.22 | K66: =K60*$C$65 -> 212633.19 | M66: =M60*$C$65 -> 238025.04 | O66: =O60*$C$65 -> 263936.64 | Q66: =Q60*$C$65 -> 290376.96 | S66: =S60*$C$65 -> 317355.05 | U66: =U60*$C$65 -> 344880.04 | W66: =W60*$C$65 -> 372961.14 | Y66: =Y60*$C$65 -> 371985.05 | AA66: =AA60*$C$65 -> 400169.48 | AC66: =AC60*$C$65 -> 428901.78 | AE66: =AE60*$C$65 -> 458190.16 | AG66: =AG60*$C$65 -> 488042.84
E67: =$E60*$C$65 -> 139487.81 | G67: =G60*$C$65 -> 163373.32 | I67: =I60*$C$65 -> 187752.22 | K67: =K60*$C$65 -> 212633.19 | M67: =M60*$C$65 -> 238025.04 | O67: =O60*$C$65 -> 263936.64 | Q67: =Q60*$C$65 -> 290376.96 | S67: =S60*$C$65 -> 317355.05 | U67: =U60*$C$65 -> 344880.04 | W67: =W60*$C$65 -> 372961.14 | Y67: =Y60*$C$65 -> 371985.05 | AA67: =AA60*$C$65 -> 400169.48 | AC67: =AC60*$C$65 -> 428901.78 | AE67: =AE60*$C$65 -> 458190.16 | AG67: =AG60*$C$65 -> 488042.84
G68: =E68*$C$66 -> 0 | I68: =G68*$C$66 -> 0 | K68: =I68*$C$66 -> 0 | M68: =K68*$C$66 -> 0 | O68: =M68*$C$66 -> 0 | Q68: =O68*$C$66 -> 0 | S68: =Q68*$C$66 -> 0 | U68: =S68*$C$66 -> 0 | W68: =U68*$C$66 -> 0 | Y68: =W68*$C$66 -> 0 | AA68: =Y68*$C$66 -> 0 | AC68: =AA68*$C$66 -> 0 | AE68: =AC68*$C$66 -> 0 | AG68: =AE68*$C$66 -> 0
G69: =E69*$C$66 -> 0 | I69: =G69*$C$66 -> 0 | K69: =I69*$C$66 -> 0 | M69: =K69*$C$66 -> 0 | O69: =M69*$C$66 -> 0 | Q69: =O69*$C$66 -> 0 | S69: =Q69*$C$66 -> 0 | U69: =S69*$C$66 -> 0 | W69: =U69*$C$66 -> 0 | Y69: =W69*$C$66 -> 0 | AA69: =Y69*$C$66 -> 0 | AC69: =AA69*$C$66 -> 0 | AE69: =AC69*$C$66 -> 0 | AG69: =AE69*$C$66 -> 0
A70: Total Other Fees | E70: =SUM(E66:E69) -> 278975.61 | G70: =SUM(G66:G69) -> 326746.64 | I70: =SUM(I66:I69) -> 375504.43 | K70: =SUM(K66:K69) -> 425266.38 | M70: =SUM(M66:M69) -> 476050.08 | O70: =SUM(O66:O69) -> 527873.28 | Q70: =SUM(Q66:Q69) -> 580753.92 | S70: =SUM(S66:S69) -> 634710.11 | U70: =SUM(U66:U69) -> 689760.09 | W70: =SUM(W66:W69) -> 745922.28 | Y70: =SUM(Y66:Y69) -> 743970.1 | AA70: =SUM(AA66:AA69) -> 800338.97 | AC70: =SUM(AC66:AC69) -> 857803.57 | AE70: =SUM(AE66:AE69) -> 916380.33 | AG70: =SUM(AG66:AG69) -> 976085.69
A72: Cash Flow | E72: =E60-E62-E70 -> 0 | G72: =G60-G62-G70 -> 0 | I72: =I60-I62-I70 -> 0 | K72: =K60-K62-K70 -> 0 | M72: =M60-M62-M70 -> 0 | O72: =O60-O62-O70 -> 0 | Q72: =Q60-Q62-Q70 -> 0 | S72: =S60-S62-S70 -> 0 | U72: =U60-U62-U70 -> 0 | W72: =W60-W62-W70 -> 0 | Y72: =Y60-Y62-Y70 -> 0 | AA72: =AA60-AA62-AA70 -> 0 | AC72: =AC60-AC62-AC70 -> 0 | AE72: =AE60-AE62-AE70 -> 0 | AG72: =AG60-AG62-AG70 -> 0
A75: *Applications should include the cost of tenant internet service if requested in the Points System site amenity section.
A77: **Other Fees and all payments made from cash flow after must pay debt should be completed according to the terms of the partnership agreement (or equivalent ownership entity terms). Please re-order line items consistent with any "order of priority" terms. These items are to be completed when submitting an updated application for the Carryover, Readiness, and Placed-in-Service deadlines.

Sheet Post-award Instructions
A1: “Post-award Project Cost Changes” tracks project cost changes over the development period. Applicants should use this spreadsheet to track and explain changes to project costs between application and completion. In order to use this spreadsheet, you can break the link to the original application Sources and Uses Budget before updating the application for carryover submission.
A3: 1. Go down the column “ORIGINAL APPLICATION TOTAL PROJECT COST – RESIDENTIAL” and highlight all yellow-colored cells.
A4: 2. Right click (or use a keyboard shortcut) to COPY.
A5: 3. Right click again and select PASTE SPECIAL. Choose PASTE VALUES. This will break the links to the Sources and Uses Budget for this column.
A6: 4. When you update the Sources and Uses Budget, column C will update and the “ORIGINAL APPLICATION TOTAL PROJECT COST – RESIDENTIAL”
A7: will retain the original application numbers.
A8: 5. When submitting the placed in service application, change the Cost Variance formula cells to a D-B formula (example: the formula in E5 becomes D5-B5).
A9: 6. Make any necessary notes detailing reasons for changes to the costs in the “NOTES” column.

Sheet Post-award Project Cost Changes
A1: Review Post-award Instructions sheet before completing.
A2: SOURCES AND USES BUDGET COMPARISON
B3: ORIGINAL APPLICATION TOTAL PROJECT COST - RESIDENTIAL | C3: PLACED IN SERVICE TOTAL PROJECT COST - RESIDENTIAL | D3: COST VARIANCE | E3: NOTES
A4: LAND COST/ACQUISITION
A5: Land Cost or Value | B5: ='Sources and Uses Budget'!$C4 -> 6195898 | C5: ='Sources and Uses Budget'!$C4 -> 6195898 | D5: =C5-B5 -> 0
A6: Demolition | B6: ='Sources and Uses Budget'!$C5 -> 0 | C6: ='Sources and Uses Budget'!$C5 -> 0 | D6: =C6-B6 -> 0
A7: Legal | B7: ='Sources and Uses Budget'!$C6 -> 0 | C7: ='Sources and Uses Budget'!$C6 -> 0 | D7: =C7-B7 -> 0
A8: Land Lease Rent Prepayment | B8: ='Sources and Uses Budget'!$C7 -> 0 | C8: ='Sources and Uses Budget'!$C7 -> 0 | D8: =C8-B8 -> 0
A9: Total Land Cost or Value | B9: =SUM(B5:B8) -> 6195898 | C9: =SUM(C5:C8) -> 6195898 | D9: =C9-B9 -> 0
A10: Existing Improvements Value | B10: ='Sources and Uses Budget'!$C9 -> 54804102 | C10: ='Sources and Uses Budget'!$C9 -> 54804102 | D10: =C10-B10 -> 0
A11: Off-Site Improvements | B11: ='Sources and Uses Budget'!$C10 -> 0 | C11: ='Sources and Uses Budget'!$C10 -> 0 | D11: =C11-B11 -> 0
A12: Total Acquisition Cost | B12: =SUM(B10:B11) -> 54804102 | C12: =SUM(C10:C11) -> 54804102 | D12: =C12-B12 -> 0
A13: Total Land Cost / Acquisition Cost | B13: =SUM(B9+B12) -> 61000000 | C13: =SUM(C9+C12) -> 61000000 | D13: =C13-B13 -> 0
A14: Predevelopment Interest/Holding Cost | B14: ='Sources and Uses Budget'!$C13 -> 0 | C14: ='Sources and Uses Budget'!$C13 -> 0 | D14: =C14-B14 -> 0
A15: Assumed, Accrued Interest on Existing Debt (Rehab/Acq) | B15: ='Sources and Uses Budget'!$C14 -> 0 | C15: ='Sources and Uses Budget'!$C14 -> 0 | D15: =C15-B15 -> 0
A16: Excess Purchase Price Over Appraisal | B16: ='Sources and Uses Budget'!$C15 -> 0 | C16: ='Sources and Uses Budget'!$C15 -> 0 | D16: =C16-B16 -> 0
A17: REHABILITATION
A18: Site Work | B18: ='Sources and Uses Budget'!$C17 -> 0 | C18: ='Sources and Uses Budget'!$C17 -> 0 | D18: =C18-B18 -> 0
A19: Structures | B19: ='Sources and Uses Budget'!$C18 -> 14100000 | C19: ='Sources and Uses Budget'!$C18 -> 14100000 | D19: =C19-B19 -> 0
A20: General Requirements | B20: ='Sources and Uses Budget'!$C19 -> 846000 | C20: ='Sources and Uses Budget'!$C19 -> 846000 | D20: =C20-B20 -> 0
A21: Contractor Overhead | B21: ='Sources and Uses Budget'!$C20 -> 282000 | C21: ='Sources and Uses Budget'!$C20 -> 282000 | D21: =C21-B21 -> 0
A22: Contractor Profit | B22: ='Sources and Uses Budget'!$C21 -> 846000 | C22: ='Sources and Uses Budget'!$C21 -> 846000 | D22: =C22-B22 -> 0
A23: Prevailing Wages | B23: ='Sources and Uses Budget'!$C22 -> 0 | C23: ='Sources and Uses Budget'!$C22 -> 0 | D23: =C23-B23 -> 0
A24: General Liability Insurance | B24: ='Sources and Uses Budget'!$C23 -> 162150 | C24: ='Sources and Uses Budget'!$C23 -> 162150 | D24: =C24-B24 -> 0
A25: Third-party Construction Management | B25: ='Sources and Uses Budget'!$C24 -> 0 | C25: ='Sources and Uses Budget'!$C24 -> 0 | D25: =C25-B25 -> 0
A26: ='Sources and Uses Budget'!A25 -> Other: Payment and Performance Bond | B26: ='Sources and Uses Budget'!$C25 -> 162150 | C26: ='Sources and Uses Budget'!$C25 -> 162150 | D26: =C26-B26 -> 0
A27: Total Rehabilitation Costs | B27: =SUM(B18:B26) -> 16398300 | C27: =SUM(C18:C26) -> 16398300 | D27: =SUM(D18:D26) -> 0
A28: Total Relocation Expenses | B28: ='Sources and Uses Budget'!$C$27 -> 470000 | C28: ='Sources and Uses Budget'!$C$27 -> 470000 | D28: =C28-B28 -> 0
A29: NEW CONSTRUCTION
A30: Site Work | B30: ='Sources and Uses Budget'!$C29 -> 0 | C30: ='Sources and Uses Budget'!$C29 -> 0 | D30: =C30-B30 -> 0
A31: Structures | B31: ='Sources and Uses Budget'!$C30 -> 0 | C31: ='Sources and Uses Budget'!$C30 -> 0 | D31: =C31-B31 -> 0
A32: General Requirements | B32: ='Sources and Uses Budget'!$C31 -> 0 | C32: ='Sources and Uses Budget'!$C31 -> 0 | D32: =C32-B32 -> 0
A33: Contractor Overhead | B33: ='Sources and Uses Budget'!$C32 -> 0 | C33: ='Sources and Uses Budget'!$C32 -> 0 | D33: =C33-B33 -> 0
A34: Contractor Profit | B34: ='Sources and Uses Budget'!$C33 -> 0 | C34: ='Sources and Uses Budget'!$C33 -> 0 | D34: =C34-B34 -> 0
A35: Prevailing Wages | B35: ='Sources and Uses Budget'!$C34 -> 0 | C35: ='Sources and Uses Budget'!$C34 -> 0 | D35: =C35-B35 -> 0
A36: General Liability Insurance | B36: ='Sources and Uses Budget'!$C35 -> 0 | C36: ='Sources and Uses Budget'!$C35 -> 0 | D36: =C36-B36 -> 0
A37: Third-party Construction Management | B37: ='Sources and Uses Budget'!$C36 -> 0 | C37: ='Sources and Uses Budget'!$C36 -> 0
A38: ='Sources and Uses Budget'!A37 -> Other: (Specify) | B38: ='Sources and Uses Budget'!$C37 -> 0 | C38: ='Sources and Uses Budget'!$C37 -> 0 | D38: =C38-B38 -> 0
A39: Total New Construction Costs | B39: =SUM(B30:B38) -> 0 | C39: =SUM(C30:C38) -> 0 | D39: =C39-B39 -> 0
A40: ARCHITECTURAL FEES
A41: Design | B41: ='Sources and Uses Budget'!$C40 -> 150000 | C41: ='Sources and Uses Budget'!$C40 -> 150000 | D41: =C41-B41 -> 0
A42: Supervision | B42: ='Sources and Uses Budget'!$C41 -> 0 | C42: ='Sources and Uses Budget'!$C41 -> 0 | D42: =C42-B42 -> 0
A43: Total Architectural Costs | B43: =SUM(B41:B42) -> 150000 | C43: =SUM(C41:C42) -> 150000 | D43: =C43-B43 -> 0
A44: Total Survey & Engineering | B44: ='Sources and Uses Budget'!$C43 -> 80000 | C44: ='Sources and Uses Budget'!$C43 -> 80000 | D44: =C44-B44 -> 0
A45: CONSTRUCTION INTEREST & FEES
A46: Construction Loan Interest | B46: ='Sources and Uses Budget'!$C45 -> 8010412 | C46: ='Sources and Uses Budget'!$C45 -> 8010412 | D46: =C46-B46 -> 0
A47: Origination Fee | B47: ='Sources and Uses Budget'!$C46 -> 635520 | C47: ='Sources and Uses Budget'!$C46 -> 635520 | D47: =C47-B47 -> 0
A48: Credit Enhancement/Application Fee | B48: ='Sources and Uses Budget'!$C47 -> 0 | C48: ='Sources and Uses Budget'!$C47 -> 0 | D48: =C48-B48 -> 0
A49: Bond Premium | B49: ='Sources and Uses Budget'!$C48 -> 0 | C49: ='Sources and Uses Budget'!$C48 -> 0 | D49: =C49-B49 -> 0
A50: Cost of Issuance | B50: ='Sources and Uses Budget'!$C49 -> 275776 | C50: ='Sources and Uses Budget'!$C49 -> 275776 | D50: =C50-B50 -> 0
A51: Title & Recording | B51: ='Sources and Uses Budget'!$C50 -> 150000 | C51: ='Sources and Uses Budget'!$C50 -> 150000 | D51: =C51-B51 -> 0
A52: Taxes | B52: ='Sources and Uses Budget'!$C51 -> 0 | C52: ='Sources and Uses Budget'!$C51 -> 0 | D52: =C52-B52 -> 0
A53: Insurance | B53: ='Sources and Uses Budget'!$C52 -> 141000 | C53: ='Sources and Uses Budget'!$C52 -> 141000 | D53: =C53-B53 -> 0
A54: ='Sources and Uses Budget'!A53 -> Other: Loan Closing Costs /Underwriting | B54: ='Sources and Uses Budget'!$C53 -> 450000 | C54: ='Sources and Uses Budget'!$C53 -> 450000 | D54: =C54-B54 -> 0
A55: Total Construction Interest & Fees | B55: =SUM(B46:B54) -> 9662708 | C55: =SUM(C46:C54) -> 9662708 | D55: =C55-B55 -> 0
A56: PERMANENT FINANCING
A57: Loan Origination Fee | B57: ='Sources and Uses Budget'!$C56 -> 0 | C57: ='Sources and Uses Budget'!$C56 -> 0 | D57: =C57-B57 -> 0
A58: Credit Enhancement/Application Fee | B58: ='Sources and Uses Budget'!$C57 -> 0 | C58: ='Sources and Uses Budget'!$C57 -> 0 | D58: =C58-B58 -> 0
A59: Title & Recording | B59: ='Sources and Uses Budget'!$C58 -> 0 | C59: ='Sources and Uses Budget'!$C58 -> 0 | D59: =C59-B59 -> 0
A60: Taxes | B60: ='Sources and Uses Budget'!$C59 -> 0 | C60: ='Sources and Uses Budget'!$C59 -> 0 | D60: =C60-B60 -> 0
A61: Insurance | B61: ='Sources and Uses Budget'!$C60 -> 0 | C61: ='Sources and Uses Budget'!$C60 -> 0 | D61: =C61-B61 -> 0
A62: ='Sources and Uses Budget'!A61 -> Other: (Specify) | B62: ='Sources and Uses Budget'!$C61 -> 0 | C62: ='Sources and Uses Budget'!$C61 -> 0 | D62: =C62-B62 -> 0
A63: Total Permanent Financing Costs | B63: =SUM(B57:B62) -> 0 | C63: =SUM(C57:C62) -> 0 | D63: =C63-B63 -> 0
A64: Subtotals Forward | B64: =SUM(B9+B12+B14+B15+B17+B26+B28+B39+B43+B44+B55+B63) -> 71524858 | C64: =SUM(C9+C12+C14+C15+C17+C26+C28+C39+C43+C44+C55+C63) -> 71524858 | D64: =C64-B64 -> 0
A65: LEGAL FEES AND THIRD-PARTY CONSULTING FEES
A66: Lender Legal Paid by Applicant | B66: ='Sources and Uses Budget'!$C65 -> 100000 | C66: ='Sources and Uses Budget'!$C65 -> 100000 | D66: =C66-B66 -> 0
A67: Financial Consulting, Application Preparation/Review | B67: ='Sources and Uses Budget'!$C66 -> 0 | C67: ='Sources and Uses Budget'!$C66 -> 0
A68: Entitlement Services, Building Permit Expediting | B68: ='Sources and Uses Budget'!$C67 -> 0 | C68: ='Sources and Uses Budget'!$C67 -> 0
A69: Tenant File Review Services | B69: ='Sources and Uses Budget'!$C68 -> 0 | C69: ='Sources and Uses Budget'!$C68 -> 0
A70: ='Sources and Uses Budget'!A69 -> Borrower Legal | B70: ='Sources and Uses Budget'!$C69 -> 150000 | C70: ='Sources and Uses Budget'!$C69 -> 150000 | D70: =C70-B70 -> 0
A71: Total Legal and Consulting Costs | B71: =SUM(B66:B70) -> 250000 | C71: =SUM(C66:C70) -> 250000 | D71: =C71-B71 -> 0
A72: RESERVES
A73: Rent Reserves | B73: ='Sources and Uses Budget'!$C72 -> 0 | C73: ='Sources and Uses Budget'!$C72 -> 0 | D73: =C73-B73 -> 0
A74: Capitalized Rent Reserves | B74: ='Sources and Uses Budget'!$C73 -> 0 | C74: ='Sources and Uses Budget'!$C73 -> 0 | D74: =C74-B74 -> 0
A75: Required Capitalized Replacement Reserve | B75: ='Sources and Uses Budget'!$C74 -> 0 | C75: ='Sources and Uses Budget'!$C74 -> 0 | D75: =C75-B75 -> 0
A76: 3-Month Operating Reserve | B76: ='Sources and Uses Budget'!$C75 -> 1306000 | C76: ='Sources and Uses Budget'!$C75 -> 1306000 | D76: =C76-B76 -> 0
A77: Other: (Specify) | B77: ='Sources and Uses Budget'!$C76 -> 840000 | C77: ='Sources and Uses Budget'!$C76 -> 840000 | D77: =C77-B77 -> 0
A78: Total Reserve Costs | B78: =SUM(B73:B77) -> 2146000 | C78: =SUM(C73:C77) -> 2146000 | D78: =C78-B78 -> 0
A79: CONTINGENCY COSTS
A80: Construction Hard Cost Contingency | B80: ='Sources and Uses Budget'!$C79 -> 1639830 | C80: ='Sources and Uses Budget'!$C79 -> 1639830 | D80: =C80-B80 -> 0
A81: Soft Cost Contingency | B81: ='Sources and Uses Budget'!$C80 -> 125000 | C81: ='Sources and Uses Budget'!$C80 -> 125000 | D81: =C81-B81 -> 0
A82: Total Contingency Costs | B82: =SUM(B80:B81) -> 1764830 | C82: =SUM(C80:C81) -> 1764830 | D82: =C82-B82 -> 0
A83: OTHER PROJECT COSTS
A84: TCAC App/Allocation/Monitoring Fees | B84: ='Sources and Uses Budget'!$C83 -> 141756 | C84: ='Sources and Uses Budget'!$C83 -> 141756 | D84: =C84-B84 -> 0
A85: Environmental Audit | B85: ='Sources and Uses Budget'!$C84 -> 55000 | C85: ='Sources and Uses Budget'!$C84 -> 55000 | D85: =C85-B85 -> 0
A86: Local Development Impact Fees | B86: ='Sources and Uses Budget'!$C85 -> 0 | C86: ='Sources and Uses Budget'!$C85 -> 0 | D86: =C86-B86 -> 0
A87: Permit Processing Fees | B87: ='Sources and Uses Budget'!$C86 -> 200000 | C87: ='Sources and Uses Budget'!$C86 -> 200000 | D87: =C87-B87 -> 0
A88: Capital Fees | B88: ='Sources and Uses Budget'!$C87 -> 0 | C88: ='Sources and Uses Budget'!$C87 -> 0 | D88: =C88-B88 -> 0
A89: Marketing | B89: ='Sources and Uses Budget'!$C88 -> 0 | C89: ='Sources and Uses Budget'!$C88 -> 0 | D89: =C89-B89 -> 0
A90: Furnishings | B90: ='Sources and Uses Budget'!$C89 -> 0 | C90: ='Sources and Uses Budget'!$C89 -> 0 | D90: =C90-B90 -> 0
A91: Market Study | B91: ='Sources and Uses Budget'!$C90 -> 30000 | C91: ='Sources and Uses Budget'!$C90 -> 30000 | D91: =C91-B91 -> 0
A92: Accounting/Reimbursables | B92: ='Sources and Uses Budget'!$C91 -> 25000 | C92: ='Sources and Uses Budget'!$C91 -> 25000 | D92: =C92-B92 -> 0
A93: Appraisal Costs | B93: ='Sources and Uses Budget'!$C92 -> 0 | C93: ='Sources and Uses Budget'!$C92 -> 0 | D93: =C93-B93 -> 0
A94: Other: (Specify) | B94: ='Sources and Uses Budget'!$C93 -> 0 | C94: ='Sources and Uses Budget'!$C93 -> 0 | D94: =C94-B94 -> 0
A95: Other: (Specify) | B95: ='Sources and Uses Budget'!$C94 -> 0 | C95: ='Sources and Uses Budget'!$C94 -> 0 | D95: =C95-B95 -> 0
A96: Other: (Specify) | B96: ='Sources and Uses Budget'!$C95 -> 0 | C96: ='Sources and Uses Budget'!$C95 -> 0 | D96: =C96-B96 -> 0
A97: Total Other Costs | B97: =SUM(B84:B96) -> 451756 | C97: =SUM(C84:C96) -> 451756 | D97: =C97-B97 -> 0
A98: SUBTOTAL PROJECT COST | B98: =SUM(B64+B71+B78+B82+B97) -> 76137444 | C98: =SUM(C64+C71+C78+C82+C97) -> 76137444 | D98: =C98-B98 -> 0
A99: DEVELOPER COSTS
A100: Developer Overhead/Profit | B100: ='Sources and Uses Budget'!$C99 -> 6802919 | C100: ='Sources and Uses Budget'!$C99 -> 6802919 | D100: =C100-B100 -> 0
...
